Workbook

Sheet RESUMO
C1: RESUMO DOS ITENS DE CADA ETAPA DA OBRA
B2: ITEM | C2: DESCRIÇÃO | D2: P. UNIT C/ BDI | E2: PESO(%)
B4: 1 | C4: =VLOOKUP(B4,'PLANILHA CONSOLIDADA'!$A:$P,4,0) -> SERVIÇOS PRELIMINARES | D4: =VLOOKUP(B4,'PLANILHA CONSOLIDADA'!$A:$P,16,0) -> 138669.88 | E4: =D4/$D$12 -> 0.043064303
B5: 2 | C5: =VLOOKUP(B5,'PLANILHA CONSOLIDADA'!$A:$P,4,0) -> TERRAPLENAGEM | D5: =VLOOKUP(B5,'PLANILHA CONSOLIDADA'!$A:$P,16,0) -> 367290.28 | E5: =D5/$D$12 -> 0.11406298
B6: 3 | C6: =VLOOKUP(B6,'PLANILHA CONSOLIDADA'!$A:$P,4,0) -> PAVIMENTO | D6: =VLOOKUP(B6,'PLANILHA CONSOLIDADA'!$A:$P,16,0) -> 1966917 | E6: =D6/$D$12 -> 0.61083137
B7: 4 | C7: =VLOOKUP(B7,'PLANILHA CONSOLIDADA'!$A:$P,4,0) -> MEIO FIO E SARJETA | D7: =VLOOKUP(B7,'PLANILHA CONSOLIDADA'!$A:$P,16,0) -> 245324.06 | E7: =D7/$D$12 -> 0.076186047
B8: 5 | C8: =VLOOKUP(B8,'PLANILHA CONSOLIDADA'!$A:$P,4,0) -> PASSEIO | D8: =VLOOKUP(B8,'PLANILHA CONSOLIDADA'!$A:$P,16,0) -> 270111.96 | E8: =D8/$D$12 -> 0.083883996
B9: 6 | C9: =VLOOKUP(B9,'PLANILHA CONSOLIDADA'!$A:$P,4,0) -> SINALIZAÇÃO | D9: =VLOOKUP(B9,'PLANILHA CONSOLIDADA'!$A:$P,16,0) -> 49351.2 | E9: =D9/$D$12 -> 0.015326148
B10: 7 | C10: =VLOOKUP(B10,'PLANILHA CONSOLIDADA'!$A:$P,4,0) -> ADMINISTRAÇÃO | D10: =VLOOKUP(B10,'PLANILHA CONSOLIDADA'!$A:$P,16,0) -> 182401.1 | E10: =D10/$D$12 -> 0.056645153
B11: 8 | C11: =VLOOKUP(B11,'PLANILHA CONSOLIDADA'!$A:$P,4,0) -> PAISAGISMO | D11: =VLOOKUP(B11,'PLANILHA CONSOLIDADA'!$A:$P,16,0) -> 0 | E11: =D11/$D$12 -> 0
C12: TOTAL | D12: =SUM(D4:D11) -> 3220065.5 | E12: =SUM(E4:E11) -> 1
B13: Consta o preço individual cada etapa da obra incluso o BDI, seja para serviço, seja para fornecimento de material, cujo está detalhado em composição de custos

Sheet BDI
B1: BONIFICAÇÃO E DESPESAS INDIRETAS - BDI PRINCIPAL E DIFERENCIADO
A2: OBRAS CIVIS NA CIDADE DE PETROLINA
A3: SINAPI (12/2024 - PE - NÃO DESONERADA) / SICRO OUTUBRO DE 2024 / ORSE DEZEMBRO DE 2024
A4: Tipo de obra, conforme Acórdão nº 2622/2013 - TCU: CONSTRUÇÃO DE RODOVIAS E FERROVIAS
A5: CONSTRUÇÃO DO BDI PRINCIPAL | F5: CONSTRUÇÃO DOBDI DIFERENCIADO
A6: SIGLA | B6: ITEM | C6: MÍNIMO | D6: % ADOTADO | E6: MÁXIMO | F6: SIGLA | G6: ITEM | H6: MÍNIMO | I6: % ADOTADO | J6: MÁXIMO
A7: AC | B7: Administração central | C7: 0.038 | D7: 0.039 | E7: 0.0467 | F7: AC | G7: Administração central | H7: 0.015 | I7: 0.03 | J7: 0.0449
A8: DF | B8: Despesas financeiras | C8: 0.0102 | D8: 0.011 | E8: 0.0121 | F8: DF | G8: Despesas financeiras | H8: 0.0085 | I8: 0.0095 | J8: 0.0111
A9: R | B9: Riscos | C9: 0.005 | D9: 0.007 | E9: 0.0097 | F9: R | G9: Riscos | H9: 0.0056 | I9: 0.0056 | J9: 0.0089
A10: S + G | B10: Seguro + Garantia | C10: 0.0032 | D10: 0.0064 | E10: 0.0074 | F10: S + G | G10: Seguro + Garantia | H10: 0.003 | I10: 0.0032 | J10: 0.0082
A11: L | B11: Lucro | C11: 0.0664 | D11: 0.0798 | E11: 0.0869 | F11: L | G11: Lucro | H11: 0.035 | I11: 0.0554 | J11: 0.0622
A12: T | B12: Tributos (soma) | D12: 0.0665 | F12: T | G12: Tributos (soma) | I12: 0.0365
B13: COFINS | D13: 0.03 | G13: COFINS | I13: 0.03
B14: PIS | D14: 0.0065 | G14: PIS | I14: 0.0065
B15: ISS | D15: 0.03 | G15: ISS | I15: 0
B16: BDI ADOTADO ------------------------------------------------------------ | D16: =D12+D11+D10+D9+D8+D7 -> 0.2097 | G16: BDI ADOTADO ------------------------------------------------------------ | I16: =I12+I11+I10+I9+I8+I7 -> 0.1402
A17: Fórmula de Cálculo do BDI com base no TCU: | F17: Fórmula de Cálculo do BDI com base no TCU:
A18: BDI= | B18: (1+(AC+R+S+G))*(1+DF)*(1+L) | E18: -1 | F18: BDI= | G18: (1+(AC+R+S+G))*(1+DF)*(1+L) | J18: -1
B19: (1-T) | G19: (1-T)
A20: Em caso de obra pública, faz-se necessário verificar os seguintes limites para o BDI: | F20: Em caso de obra pública, faz-se necessário verificar os seguintes limites para o BDI:
A21: MÍNIMO | B21: BDI | E21: MÁXIMO | F21: MÍNIMO | G21: BDI | J21: MÁXIMO
A22: 0.196 | B22: 0.2097 | E22: 0.2423 | F22: 0.111 | G22: 0.1402 | J22: 0.168

Sheet ABC-consolidada
D1: CURVA ABC CONSOLIDADA, COM AS RESPECTIVA PORCENTAGEM DE IMPORTÂNCIA
A2: Item | B2: Código | C2: Banco | D2: Serviço | E2: Valor Consolidado | F2: % do item | G2: % acumulada | H2: Curva | J2: Curva | K2: %
A3: 1 | D3: TRANSPORTES CAMINHÃO BASCULANTE | E3: ='ABC-detalhada'!O17 -> 763050 | F3: =E3/$E$26 -> 0.23696723 | G3: =F3 -> 0.23696723 | H3: =IF(G3<=$K$3,"A",IF(G3<=$K$4,"B","C")) -> A | J3: A | K3: 0.8
A4: 2 | D4: CONCRETO ASFÁLTICO USINADO À QUENTE (CAUQ) | E4: ='ABC-detalhada'!O4 -> 629562.06 | F4: =E4/$E$26 -> 0.19551219 | G4: =F4+G3 -> 0.43247942 | H4: =IF(G4<=$K$3,"A",IF(G4<=$K$4,"B","C")) -> A | J4: B | K4: 0.95
A5: 3 | D5: EXECUÇÃO DE PISO E PASSEIO INTERTRAVADO | E5: ='ABC-detalhada'!O40 -> 258715.63 | F5: =E5/$E$26 -> 0.080344835 | G5: =F5+G4 -> 0.51282426 | H5: =IF(G5<=$K$3,"A",IF(G5<=$K$4,"B","C")) -> A | J5: C | K5: 1
A6: 4 | D6: EXECUÇÃO DE BASE E SUB-BASE | E6: ='ABC-detalhada'!O7 -> 552769.29 | F6: =E6/$E$26 -> 0.17166399 | G6: =F6+G5 -> 0.68448825 | H6: =IF(G6<=$K$3,"A",IF(G6<=$K$4,"B","C")) -> A
A7: 5 | B7: CPU 03 | C7: Próprio | D7: ADMINISTRAÇÃO LOCAL | E7: ='ABC-detalhada'!O44 -> 182401.1 | F7: =E7/$E$26 -> 0.056645153 | G7: =F7+G6 -> 0.7411334 | H7: =IF(G7<=$K$3,"A",IF(G7<=$K$4,"B","C")) -> A
A8: 6 | B8: 94273 | C8: SINAPI | D8: ASSENTAMENTO DE GUIA (MEIO-FIO) EM TRECHO RETO, CONFECCIONADA EM CONCRETO PRÉ-FABRICADO, DIMENSÕES 100X15X13X30 CM (COMPRIMENTO X BASE INFERIOR X BASE SUPERIOR X ALTURA). AF_01/2024 | E8: ='ABC-detalhada'!O45 -> 137812.3 | F8: =E8/$E$26 -> 0.042797981 | G8: =F8+G7 -> 0.78393138 | H8: =IF(G8<=$K$3,"A",IF(G8<=$K$4,"B","C")) -> A
A9: 7 | B9: 4011486 | C9: SICRO3 | D9: RECICLAGEM COM INCORPORAÇÃO DO REVESTIMENTO ASFÁLTICO À BASE E ADIÇÃO DE 3% DE CIMENTO E DE BRITA COMERCIAL | E9: ='ABC-detalhada'!O46 -> 181839.18 | F9: =E9/$E$26 -> 0.056470647 | G9: =F9+G8 -> 0.84040203 | H9: =IF(G9<=$K$3,"A",IF(G9<=$K$4,"B","C")) -> B
A10: 8 | D10: DEMOLIÇÃO | E10: ='ABC-detalhada'!O30 -> 97873.146 | F10: =E10/$E$26 -> 0.030394769 | G10: =F10+G9 -> 0.8707968 | H10: =IF(G10<=$K$3,"A",IF(G10<=$K$4,"B","C")) -> B
A11: 9 | B11: 94289 | C11: SINAPI | D11: EXECUÇÃO DE SARJETA DE CONCRETO USINADO, MOLDADA IN LOCO EM TRECHO RETO, 45 CM BASE X 10 CM ALTURA. AF_01/2024 | E11: ='ABC-detalhada'!O47 -> 107511.76 | F11: =E11/$E$26 -> 0.033388066 | G11: =F11+G10 -> 0.90418486 | H11: =IF(G11<=$K$3,"A",IF(G11<=$K$4,"B","C")) -> B
A12: 10 | B12: 00004743 | C12: SINAPI | D12: CASCALHO DE CAVA | E12: ='ABC-detalhada'!O11 -> 50031.99 | F12: =E12/$E$26 -> 0.015537569 | G12: =F12+G11 -> 0.91972243 | H12: =IF(G12<=$K$3,"A",IF(G12<=$K$4,"B","C")) -> B
A13: 11 | B13: 101124 | C13: SINAPI | D13: ESCAVAÇÃO HORIZONTAL, INCLUINDO CARGA E DESCARGA EM SOLO DE 1A CATEGORIA COM TRATOR DE ESTEIRAS (100HP/LÂMINA: 2,19M3). AF_07/2020 | E13: ='ABC-detalhada'!O28 -> 42736.68 | F13: =E13/$E$26 -> 0.013271991 | G13: =F13+G12 -> 0.93299442 | H13: =IF(G13<=$K$3,"A",IF(G13<=$K$4,"B","C")) -> B
A14: 12 | B14: 102512 | C14: SINAPI | D14: PINTURA DE EIXO VIÁRIO SOBRE ASFALTO COM TINTA RETRORREFLETIVA A BASE DE RESINA ACRÍLICA COM MICROESFERAS DE VIDRO, APLICAÇÃO MECÂNICA COM DEMARCADORA AUTOPROPELIDA. AF_05/2021 | E14: ='ABC-detalhada'!O48 -> 49351.2 | F14: =E14/$E$26 -> 0.015326148 | G14: =F14+G13 -> 0.94832057 | H14: =IF(G14<=$K$3,"A",IF(G14<=$K$4,"B","C")) -> B
A15: 13 | D15: CARGA | E15: ='ABC-detalhada'!O12 -> 37946.2 | F15: =E15/$E$26 -> 0.011784295 | G15: =F15+G14 -> 0.96010487 | H15: =IF(G15<=$K$3,"A",IF(G15<=$K$4,"B","C")) -> C
A16: 14 | D16: TRANSPORTE COM CAMINHÃO TANQUE 30000L | E16: ='ABC-detalhada'!O25 -> 28808.79 | F16: =E16/$E$26 -> 0.0089466473 | G16: =F16+G15 -> 0.96905151 | H16: =IF(G16<=$K$3,"A",IF(G16<=$K$4,"B","C")) -> C
A17: 15 | D17: IMPRIMAÇÃO ASFÁLTICA | E17: ='ABC-detalhada'!O34 -> 33427.75 | F17: =E17/$E$26 -> 0.010381078 | G17: =F17+G16 -> 0.97943259 | H17: =IF(G17<=$K$3,"A",IF(G17<=$K$4,"B","C")) -> C
A18: 16 | D18: PINTURA DE LIGAÇÃO | E18: ='ABC-detalhada'!O37 -> 22945.1 | F18: =E18/$E$26 -> 0.0071256626 | G18: =F18+G17 -> 0.98655825 | H18: =IF(G18<=$K$3,"A",IF(G18<=$K$4,"B","C")) -> C
A19: 17 | B19: 5502978 | C19: SICRO3 | D19: COMPACTAÇÃO DE ATERROS A 100% DO PROCTOR NORMAL | E19: ='ABC-detalhada'!O29 -> 13666.64 | F19: =E19/$E$26 -> 0.0042442118 | G19: =F19+G18 -> 0.99080247 | H19: =IF(G19<=$K$3,"A",IF(G19<=$K$4,"B","C")) -> C
A20: 18 | B20: 100577 | C20: SINAPI | D20: REGULARIZAÇÃO E COMPACTAÇÃO DE SUBLEITO DE SOLO PREDOMINANTEMENTE ARENOSO. AF_11/2019 | E20: ='ABC-detalhada'!O49 -> 13802.25 | F20: =E20/$E$26 -> 0.0042863259 | G20: =F20+G19 -> 0.99508879 | H20: =IF(G20<=$K$3,"A",IF(G20<=$K$4,"B","C")) -> C
A21: 19 | B21: 12214 | C21: ORSE | D21: RAMPA PADRÃO PARA ACESSO DE DEFICIENTES EM PASSEIO PÚBLICO, EM CONCRETO SIMPLES FCK=25MPa, DESEMPOLADA, COM PINTURA INDICATIVA EM NOVACOR, 02 DEMÃOS | E21: ='ABC-detalhada'!O50 -> 0 | F21: =E21/$E$26 -> 0 | G21: =F21+G20 -> 0.99508879 | H21: =IF(G21<=$K$3,"A",IF(G21<=$K$4,"B","C")) -> C
A22: 20 | B22: CPU 02 | C22: Próprio | D22: LIMPEZA DE SUPERFICIE (VARRIÇÃO E REMOÇÃO DE ENTULHOS) | E22: ='ABC-detalhada'!O51 -> 8582.22 | F22: =E22/$E$26 -> 0.0026652315 | G22: =F22+G21 -> 0.99775402 | H22: =IF(G22<=$K$3,"A",IF(G22<=$K$4,"B","C")) -> C
A23: 21 | B23: CPU 01 | C23: Próprio | D23: PLACA DE OBRA EM CHAPA DE AÇO GALVANIZADA | E23: ='ABC-detalhada'!O52 -> 5429.58 | F23: =E23/$E$26 -> 0.0016861707 | G23: =F23+G22 -> 0.99944019 | H23: =IF(G23<=$K$3,"A",IF(G23<=$K$4,"B","C")) -> C
A24: 22 | B24: 1600441 | C24: SICRO3 | D24: REMOÇÃO DE PARALELEPÍPEDOS | E24: ='ABC-detalhada'!O53 -> 1802.61 | F24: =E24/$E$26 -> 0.00055980539 | G24: =F24+G23 -> 1 | H24: =IF(G24<=$K$3,"A",IF(G24<=$K$4,"B","C")) -> C
A25: 23 | D25: PAISAGISMO | E25: ='ABC-detalhada'!O54 -> 0 | F25: =E25/$E$26 -> 0 | G25: =F25+G24 -> 1 | H25: =IF(G25<=$K$3,"A",IF(G25<=$K$4,"B","C")) -> C
E26: =SUM(E3:E25) -> 3220065.5

Sheet ABC-detalhada
D1: ITENS DA COMPOSIÇÃO DETALHADA PARA ELABORAÇÃO DA CURVA ABC CONSOLIDADA
E2: Quantitativo Obras | J2: Quantitativo Total
A3: Item | B3: Código | C3: Banco | D3: Serviço | F3: I | G3: II | H3: III | I3: IV | M3: Valor do item + BDI | N3: Valor Final do Item | O3: Valor Consolidado | P3: I | Q3: II | R3: III | S3: IV | T3: TOT | U3: DIF | V3: % do item | W3: % acumulada | X3: Classe
A4: 1 | D4: CONCRETO ASFÁLTICO USINADO À QUENTE (CAUQ) | O4: =SUM(N5:N6) -> 629562.06 | V4: =O4/N58 -> 0.19551219 | W4: =V4 -> 0.19551219 | X4: =IF(W5<=$AA$5,"A",IF(W5<=$AA$6,"B","C")) -> A | Z4: Classe | AA4: %
B5: 4011463 | C5: SICRO3 | D5: CONCRETO ASFÁLTICO - FAIXA C - AREIA E BRITA COMERCIAIS | E5: t | F5: =VLOOKUP($D$5,'PLANILHA CONSOLIDADA'!$D$3:$I$61,3,0) -> 444.1944 | G5: =VLOOKUP($D$5,'PLANILHA CONSOLIDADA'!$D$3:$I$61,4,0) -> 1010.6174 | H5: =VLOOKUP($D$5,'PLANILHA CONSOLIDADA'!$D$3:$I$61,5,0) -> 431.30755 | I5: =VLOOKUP($D$5,'PLANILHA CONSOLIDADA'!$D$3:$I$61,6,0) -> 1015.6452 | J5: =SUM(F5:G5) -> 1454.8118 | K5: =VLOOKUP(D5,'PLANILHA CONSOLIDADA'!$D$6:$P$61,7,0) -> 1454.8118 | L5: =J5-K5 -> 0 | M5: =VLOOKUP(D5,'PLANILHA CONSOLIDADA'!$D$6:$P$61,8,0) -> 237.37919 | N5: ='PLANILHA CONSOLIDADA'!P33 -> 345342.03 | P5: =VLOOKUP(D5,'PLANILHA CONSOLIDADA'!D4:O64,9,0) -> 105442.5 | Q5: =VLOOKUP(D5,'PLANILHA CONSOLIDADA'!D4:O64,10,0) -> 239899.53 | R5: =VLOOKUP(D5,'PLANILHA CONSOLIDADA'!D4:O64,11,0) -> 102383.43 | S5: =VLOOKUP(D5,'PLANILHA CONSOLIDADA'!D4:O64,12,0) -> 241093.03 | T5: =SUM(P5:S5) -> 688818.49 | U5: =T5-N5 -> 343476.46 | Z5: A | AA5: 0.8 | AB5: ok
B6: ANP | C6: ANP | D6: CIMENTO ASFÁLTICO DE PETRÓLEO - CAP 50/70 | E6: t | F6: =VLOOKUP(D6,'PLANILHA CONSOLIDADA'!$D$3:$I$61,3,0) -> 28.646097 | G6: =VLOOKUP(D6,'PLANILHA CONSOLIDADA'!$D$3:$I$61,4,0) -> 33.230435 | H6: =VLOOKUP(D6,'PLANILHA CONSOLIDADA'!$D$3:$I$61,5,0) -> 27.815024 | I6: =VLOOKUP(D6,'PLANILHA CONSOLIDADA'!$D$3:$I$61,6,0) -> 65.498959 | J6: =SUM(F6:G6) -> 61.876532 | K6: =VLOOKUP(D6,'PLANILHA CONSOLIDADA'!$D$6:$P$61,7,0) -> 61.876532 | L6: =J6-K6 -> 0 | M6: ='PLANILHA CONSOLIDADA'!K42 -> 4593.3413 | N6: ='PLANILHA CONSOLIDADA'!P42 -> 284220.03 | P6: =VLOOKUP(D6,'PLANILHA CONSOLIDADA'!D4:O63,9,0) -> 131581.3 | Q6: =VLOOKUP(D6,'PLANILHA CONSOLIDADA'!D4:O63,10,0) -> 152638.73 | R6: =VLOOKUP(D6,'PLANILHA CONSOLIDADA'!D4:O63,11,0) -> 127763.89 | S6: =VLOOKUP(D6,'PLANILHA CONSOLIDADA'!D4:O63,12,0) -> 300859.07 | T6: =SUM(P6:S6) -> 712842.99 | U6: =T6-N6 -> 428622.96 | Z6: B | AA6: 0.95 | AB6: ok
A7: 2 | D7: EXECUÇÃO DE BASE E SUB-BASE | O7: =SUM(N8:N10) -> 552769.29 | V7: =O7/N58 -> 0.17166399 | W7: =V7+W4 -> 0.36717618 | X7: =IF(W5<=$AA$5,"A",IF(W5<=$AA$6,"B","C")) -> A
B8: 96397 | C8: SINAPI | D8: EXECUÇÃO E COMPACTAÇÃO DE BASE E OU SUB BASE PARA PAVIMENTAÇÃO DE BRITA GRADUADA SIMPLES TRATADA COM CIMENTO - EXCLUSIVE CARGA E TRANSPORTE. AF_11/2019 | E8: m³ | F8: =VLOOKUP(D8,'PLANILHA CONSOLIDADA'!D4:P61,3,0) -> 0 | G8: =VLOOKUP(D8,'PLANILHA CONSOLIDADA'!$D$3:$I$61,4,0) -> 762.06274 | H8: =VLOOKUP(D8,'PLANILHA CONSOLIDADA'!$D$3:$I$61,5,0) -> 0 | I8: =VLOOKUP(D8,'PLANILHA CONSOLIDADA'!$D$3:$I$61,6,0) -> 828.652 | J8: =SUM(F8:G8) -> 762.06274 | K8: =VLOOKUP(D8,'PLANILHA CONSOLIDADA'!$D$6:$P$61,7,0) -> 762.06274 | L8: =J8-K8 -> 0 | M8: =VLOOKUP(D8,'PLANILHA CONSOLIDADA'!$D$6:$P$61,8,0) -> 283.59451 | N8: ='PLANILHA CONSOLIDADA'!P25 -> 216116.8 | AB8: ok
B9: 100565 | C9: SINAPI | D9: EXECUÇÃO E COMPACTAÇÃO DE BASE E OU SUB-BASE PARA PAVIMENTAÇÃO DE SOLO (PREDOMINANTEMENTE ARENOSO) BRITA - 50/50 - EXCLUSIVE SOLO, ESCAVAÇÃO, CARGA E TRANSPORTE. AF_11/2019 | E9: m³ | F9: =VLOOKUP(D9,'PLANILHA CONSOLIDADA'!$D$3:$I$61,3,0) -> 390.4 | G9: =VLOOKUP(D9,'PLANILHA CONSOLIDADA'!$D$3:$I$61,4,0) -> 762.06274 | H9: =VLOOKUP(D9,'PLANILHA CONSOLIDADA'!$D$3:$I$61,5,0) -> 718.84592 | I9: =VLOOKUP(D9,'PLANILHA CONSOLIDADA'!$D$3:$I$61,6,0) -> 828.652 | J9: =SUM(F9:G9) -> 1152.4627 | K9: =VLOOKUP(D9,'PLANILHA CONSOLIDADA'!$D$6:$P$61,7,0) -> 1152.4627 | L9: =J9-K9 -> 0 | M9: =VLOOKUP(D9,'PLANILHA CONSOLIDADA'!$D$6:$P$61,8,0) -> 113.03518 | N9: ='PLANILHA CONSOLIDADA'!P23 -> 130268.82 | AB9: ok
B10: 96396 | C10: SINAPI | D10: EXECUÇÃO E COMPACTAÇÃO DE BASE E OU SUB BASE PARA PAVIMENTAÇÃO DE BRITA GRADUADA SIMPLES - EXCLUSIVE CARGA E TRANSPORTE. AF_11/2019 | E10: m³ | F10: =VLOOKUP(D10,'PLANILHA CONSOLIDADA'!$D$3:$I$61,3,0) -> 979.6 | G10: =VLOOKUP(D10,'PLANILHA CONSOLIDADA'!$D$3:$I$61,4,0) -> 0 | H10: =VLOOKUP(D10,'PLANILHA CONSOLIDADA'!$D$3:$I$61,5,0) -> 718.84592 | I10: =VLOOKUP(D10,'PLANILHA CONSOLIDADA'!$D$3:$I$61,6,0) -> 0 | J10: =SUM(F10:G10) -> 979.6 | K10: =VLOOKUP(D10,'PLANILHA CONSOLIDADA'!$D$6:$P$61,7,0) -> 979.6 | L10: =J10-K10 -> 0 | M10: =VLOOKUP(D10,'PLANILHA CONSOLIDADA'!$D$6:$P$61,8,0) -> 210.68158 | N10: ='PLANILHA CONSOLIDADA'!P26 -> 206383.67 | AB10: ok
A11: 3 | B11: 00004743 | C11: SINAPI | D11: CASCALHO DE CAVA | E11: m³ | F11: =VLOOKUP(D11,'PLANILHA CONSOLIDADA'!$D$3:$I$61,3,0) -> 244 | G11: =VLOOKUP(D11,'PLANILHA CONSOLIDADA'!$D$3:$I$61,4,0) -> 476.28921 | H11: =VLOOKUP(D11,'PLANILHA CONSOLIDADA'!$D$3:$I$61,5,0) -> 449.2787 | I11: =VLOOKUP(D11,'PLANILHA CONSOLIDADA'!$D$3:$I$61,6,0) -> 517.9075 | J11: =SUM(F11:I11) -> 1687.4754 | K11: =VLOOKUP(D11,'PLANILHA CONSOLIDADA'!$D$6:$P$61,7,0) -> 720.28921 | L11: =J11-K11 -> 967.1862 | M11: =VLOOKUP(D11,'PLANILHA CONSOLIDADA'!$D$6:$P$61,8,0) -> 69.460984 | N11: ='PLANILHA CONSOLIDADA'!P24 -> 50031.99 | O11: =N11 -> 50031.99 | AB11: ok
A12: 4 | D12: CARGA | O12: =SUM(N13:N16) -> 37946.2
B13: 100977 | C13: SINAPI | D13: CARGA, MANOBRA E DESCARGA DE SOLOS E MATERIAIS GRANULARES EM CAMINHÃO BASCULANTE 6 M³ - CARGA COM ESCAVADEIRA HIDRÁULICA (CAÇAMBA DE 1,20 M³ / 155 HP) E DESCARGA LIVRE (UNIDADE: M3). AF_07/2020 - BASE | E13: m³ | F13: =VLOOKUP(D13,'PLANILHA CONSOLIDADA'!$D$3:$I$61,3,0) -> 1712.5 | G13: =VLOOKUP(D13,'PLANILHA CONSOLIDADA'!$D$3:$I$61,4,0) -> 1905.1569 | H13: =VLOOKUP(D13,'PLANILHA CONSOLIDADA'!$D$3:$I$61,5,0) -> 1797.1148 | I13: =VLOOKUP(D13,'PLANILHA CONSOLIDADA'!$D$3:$I$61,6,0) -> 2071.63 | J13: =SUM(F13:G13) -> 3617.6569 | K13: ='PLANILHA CONSOLIDADA'!#REF! -> #REF! | L13: =J13-K13 -> #REF! | M13: =VLOOKUP(D13,'PLANILHA CONSOLIDADA'!$D$6:$P$61,8,0) -> 9.4444932 | N13: ='PLANILHA CONSOLIDADA'!P27 -> 34166.93 | AB13: ok
B14: 100977 | C14: SINAPI | D14: CARGA, MANOBRA E DESCARGA DE SOLOS E MATERIAIS GRANULARES EM CAMINHÃO BASCULANTE 6 M³ - CARGA COM ESCAVADEIRA HIDRÁULICA (CAÇAMBA DE 1,20 M³ / 155 HP) E DESCARGA LIVRE (UNIDADE: M3). AF_07/2020 - BASE2 | E14: m³ | F14: =VLOOKUP(D14,'PLANILHA CONSOLIDADA'!$D$3:$I$61,3,0) -> 0 | G14: =VLOOKUP(D14,'PLANILHA CONSOLIDADA'!$D$3:$I$61,4,0) -> 0 | H14: =VLOOKUP(D14,'PLANILHA CONSOLIDADA'!$D$3:$I$61,5,0) -> 193.92916 | I14: =VLOOKUP(D14,'PLANILHA CONSOLIDADA'!$D$3:$I$61,6,0) -> 0 | J14: =SUM(F14:G14) -> 0 | K14: ='PLANILHA CONSOLIDADA'!#REF! -> #REF! | L14: =J14-K14 -> #REF! | M14: =VLOOKUP(D14,'PLANILHA CONSOLIDADA'!$D$6:$P$61,8,0) -> 9.4444932 | N14: =TRUNC(M14*J14,2) -> 0 | AB14: ok
B15: 100977 | C15: SINAPI | D15: CARGA, MANOBRA E DESCARGA DE SOLOS E MATERIAIS GRANULARES EM CAMINHÃO BASCULANTE 6 M³ - CARGA COM ESCAVADEIRA HIDRÁULICA (CAÇAMBA DE 1,20 M³ / 155 HP) E DESCARGA LIVRE (UNIDADE: M3). AF_07/2020 - AREIA E PÓ DE PEDRA | E15: m³ | F15: =VLOOKUP(D15,'PLANILHA CONSOLIDADA'!$D$3:$I$61,3,0) -> 101.37053 | G15: =VLOOKUP(D15,'PLANILHA CONSOLIDADA'!$D$3:$I$61,4,0) -> 12.761892 | H15: =VLOOKUP(D15,'PLANILHA CONSOLIDADA'!$D$3:$I$61,5,0) -> 303.67784 | I15: =VLOOKUP(D15,'PLANILHA CONSOLIDADA'!$D$3:$I$61,6,0) -> 11.359962 | J15: =SUM(F15:G15) -> 114.13242 | K15: ='PLANILHA CONSOLIDADA'!#REF! -> #REF! | L15: =J15-K15 -> #REF! | M15: =VLOOKUP(D15,'PLANILHA CONSOLIDADA'!$D$6:$P$61,8,0) -> 9.4444932 | N15: ='PLANILHA CONSOLIDADA'!P52 -> 1077.91
B16: 100977 | C16: SINAPI | D16: CARGA, MANOBRA E DESCARGA DE SOLOS E MATERIAIS GRANULARES EM CAMINHÃO BASCULANTE 6 M³ - CARGA COM ESCAVADEIRA HIDRÁULICA (CAÇAMBA DE 1,20 M³ / 155 HP) E DESCARGA LIVRE (UNIDADE: M3). AF_07/2020 - ENTULHO | E16: m³ | F16: =VLOOKUP($D$16,'PLANILHA CONSOLIDADA'!$D$6:$K$12,3,0) -> 262.025 | G16: =VLOOKUP($D$16,'PLANILHA CONSOLIDADA'!$D$6:$K$12,4,0) -> 24.00075 | H16: =VLOOKUP($D$16,'PLANILHA CONSOLIDADA'!$D$6:$K$12,5,0) -> 496.98951 | I16: =VLOOKUP($D$16,'PLANILHA CONSOLIDADA'!$D$6:$K$12,6,0) -> 62.6218 | J16: =SUM(F16:G16) -> 286.02575 | K16: =VLOOKUP($D$16,'PLANILHA CONSOLIDADA'!$D$6:$K$12,3,0) -> 262.025 | L16: =VLOOKUP($D$16,'PLANILHA CONSOLIDADA'!$D$6:$K$12,3,0) -> 262.025 | M16: =VLOOKUP($D$16,'PLANILHA CONSOLIDADA'!$D$6:$K$12,8,0) -> 9.4444932 | N16: ='PLANILHA CONSOLIDADA'!P11 -> 2701.36 | V16: =O16/$N$58 -> 0 | W16: =V16+W53 -> #REF!
A17: 5 | D17: TRANSPORTES CAMINHÃO BASCULANTE | O17: =SUM(N18:N24) -> 763050
B18: 95875 | C18: SINAPI | D18: TRANSPORTE COM CAMINHÃO BASCULANTE DE 10 M³, EM VIA URBANA PAVIMENTADA, DMT ATÉ 30 KM (UNIDADE: M3XKM). AF_07/2020 - BASE | E18: m³xKm | F18: =VLOOKUP($D$18,'PLANILHA CONSOLIDADA'!$D$3:$I$61,3,0) -> 51375 | G18: =VLOOKUP($D$18,'PLANILHA CONSOLIDADA'!$D$3:$I$61,4,0) -> 57154.706 | H18: =VLOOKUP($D$18,'PLANILHA CONSOLIDADA'!$D$3:$I$61,5,0) -> 53913.444 | I18: =VLOOKUP($D$18,'PLANILHA CONSOLIDADA'!$D$3:$I$61,6,0) -> 62148.9 | J18: =SUM(F18:G18) -> 108529.71 | K18: =VLOOKUP($D$18,'PLANILHA CONSOLIDADA'!$D$3:$I$61,3,0) -> 51375 | L18: =VLOOKUP($D$18,'PLANILHA CONSOLIDADA'!$D$3:$I$61,3,0) -> 51375 | M18: ='PLANILHA CONSOLIDADA'!K28 -> 3.0135829 | N18: ='PLANILHA CONSOLIDADA'!P28 -> 327063.25 | AB18: ok
B19: 95875 | C19: SINAPI | D19: TRANSPORTE COM CAMINHÃO BASCULANTE DE 10 M³, EM VIA URBANA PAVIMENTADA, DMT ATÉ 30 KM (UNIDADE: M3XKM). AF_07/2020 - CBUQ | E19: m³xKm | F19: =VLOOKUP($D$19,'PLANILHA CONSOLIDADA'!$D$3:$I$61,3,0) -> 5552.43 | G19: =VLOOKUP($D$19,'PLANILHA CONSOLIDADA'!$D$3:$I$61,4,0) -> 12632.717 | H19: =VLOOKUP($D$19,'PLANILHA CONSOLIDADA'!$D$3:$I$61,5,0) -> 5817.8747 | I19: =VLOOKUP($D$19,'PLANILHA CONSOLIDADA'!$D$3:$I$61,6,0) -> 12695.565 | J19: =SUM(F19:G19) -> 18185.147 | M19: ='OBRA 01 - SINTÉTICA'!H44 -> 3.0135829 | N19: ='PLANILHA CONSOLIDADA'!P36 -> 54802.44 | Z19: C | AA19: 1 | AB19: ok
B20: 97914 | C20: SINAPI | D20: TRANSPORTE COM CAMINHÃO BASCULANTE DE 6 M³, EM VIA URBANA PAVIMENTADA, DMT ATÉ 30 KM (UNIDADE: M3XKM). AF_07/2020 - SOLO | E20: m³xKm | F20: =VLOOKUP($D$20,'PLANILHA CONSOLIDADA'!$D$16:$K$18,3,0) -> 29280 | G20: =VLOOKUP($D$20,'PLANILHA CONSOLIDADA'!$D$16:$K$18,4,0) -> 57154.706 | H20: =VLOOKUP($D$20,'PLANILHA CONSOLIDADA'!$D$16:$K$18,5,0) -> 53913.444 | I20: =VLOOKUP($D$20,'PLANILHA CONSOLIDADA'!$D$16:$K$18,6,0) -> 62148.9 | J20: =SUM(F20:G20) -> 86434.706 | K20: =VLOOKUP($D$20,'PLANILHA CONSOLIDADA'!$D$16:$K$18,3,0) -> 29280 | L20: =VLOOKUP($D$20,'PLANILHA CONSOLIDADA'!$D$16:$K$18,3,0) -> 29280 | M20: =VLOOKUP($D$20,'PLANILHA CONSOLIDADA'!$D$16:$K$18,8,0) -> 3.5967841 | N20: ='PLANILHA CONSOLIDADA'!P18 -> 310886.96 | AB20: ok
B21: 97914 | C21: SINAPI | D21: TRANSPORTE COM CAMINHÃO BASCULANTE DE 6 M³, EM VIA URBANA PAVIMENTADA, DMT ATÉ 30 KM (UNIDADE: M3XKM). AF_07/2020 - ENTULHO | E21: m³xKm | F21: =VLOOKUP($D$21,'PLANILHA CONSOLIDADA'!$D$6:$O$12,3,0) -> 7860.75 | G21: =VLOOKUP($D$21,'PLANILHA CONSOLIDADA'!$D$6:$O$12,4,0) -> 720.0225 | H21: =VLOOKUP($D$21,'PLANILHA CONSOLIDADA'!$D$6:$O$12,5,0) -> 14909.685 | I21: =VLOOKUP($D$21,'PLANILHA CONSOLIDADA'!$D$6:$O$12,6,0) -> 1878.654 | J21: =SUM(F21:G21) -> 8580.7725 | K21: =VLOOKUP($D$21,'PLANILHA CONSOLIDADA'!$D$6:$O$12,3,0) -> 7860.75 | L21: =VLOOKUP($D$21,'PLANILHA CONSOLIDADA'!$D$6:$O$12,3,0) -> 7860.75 | M21: =VLOOKUP($D$21,'PLANILHA CONSOLIDADA'!$D$6:$O$12,8,0) -> 3.5967841 | N21: =TRUNC(M21*J21,2) -> 30863.18 | AB21: ok
B22: 95875 | C22: SINAPI | D22: TRANSPORTE COM CAMINHÃO BASCULANTE DE 10 M³, EM VIA URBANA PAVIMENTADA, DMT ATÉ 30 KM (UNIDADE: M3XKM). AF_07/2020 - AREIA E PÓ DE PEDRA | E22: m³xKm | F22: =VLOOKUP($D$22,'PLANILHA CONSOLIDADA'!$D$49:$K$53,3,0) -> 3041.1158 | G22: =VLOOKUP($D$22,'PLANILHA CONSOLIDADA'!$D$49:$K$53,4,0) -> 382.85676 | H22: =VLOOKUP($D$22,'PLANILHA CONSOLIDADA'!$D$49:$K$53,5,0) -> 9110.3353 | I22: =VLOOKUP($D$22,'PLANILHA CONSOLIDADA'!$D$49:$K$53,6,0) -> 340.79886 | J22: =SUM(F22:G22) -> 3423.9726 | K22: =VLOOKUP($D$22,'PLANILHA CONSOLIDADA'!$D$49:$K$53,3,0) -> 3041.1158 | L22: =VLOOKUP($D$22,'PLANILHA CONSOLIDADA'!$D$49:$K$53,3,0) -> 3041.1158 | M22: =VLOOKUP($D$22,'PLANILHA CONSOLIDADA'!$D$49:$K$53,8,0) -> 3.0135829 | N22: ='PLANILHA CONSOLIDADA'!P53 -> 10318.42 | AB22: ok
B23: 95875 | C23: SINAPI | D23: TRANSPORTE COM CAMINHÃO BASCULANTE DE 10 M³, EM VIA URBANA PAVIMENTADA, DMT ATÉ 30 KM (UNIDADE: M3XKM). AF_07/2020 - AREIA E PÓ DE PEDRA - PAVIMENTO | E23: m³xKm | F23: =VLOOKUP($D$23,'PLANILHA CONSOLIDADA'!$D$30:$K$44,3,0) -> 0 | G23: =VLOOKUP($D$23,'PLANILHA CONSOLIDADA'!$D$30:$K$44,4,0) -> 0 | H23: =VLOOKUP($D$23,'PLANILHA CONSOLIDADA'!$D$30:$K$44,5,0) -> 5391.3444 | I23: =VLOOKUP($D$23,'PLANILHA CONSOLIDADA'!$D$30:$K$44,6,0) -> 0 | J23: =SUM(F23:G23) -> 0 | K23: =VLOOKUP($D$23,'PLANILHA CONSOLIDADA'!$D$30:$K$44,3,0) -> 0 | L23: =VLOOKUP($D$23,'PLANILHA CONSOLIDADA'!$D$30:$K$44,3,0) -> 0 | M23: =VLOOKUP($D$23,'PLANILHA CONSOLIDADA'!$D$30:$K$44,8,0) -> 3.0135829 | N23: =TRUNC(M23*J23,2) -> 0 | AB23: ok
B24: 95875 | C24: SINAPI | D24: TRANSPORTE COM CAMINHÃO BASCULANTE DE 10 M³, EM VIA URBANA PAVIMENTADA, DMT ATÉ 30 KM (UNIDADE: M3XKM). AF_07/2020 - BRITA | E24: m³xKm | F24: =VLOOKUP($D$24,'PLANILHA CONSOLIDADA'!$D$30:$K$44,3,0) -> 0 | G24: =VLOOKUP($D$24,'PLANILHA CONSOLIDADA'!$D$30:$K$44,4,0) -> 9661.5081 | H24: =VLOOKUP($D$24,'PLANILHA CONSOLIDADA'!$D$30:$K$44,5,0) -> 0 | I24: =VLOOKUP($D$24,'PLANILHA CONSOLIDADA'!$D$30:$K$44,6,0) -> 9721.0125 | J24: =SUM(F24:G24) -> 9661.5081 | K24: =VLOOKUP($D$24,'PLANILHA CONSOLIDADA'!$D$30:$K$44,3,0) -> 0 | L24: =VLOOKUP($D$24,'PLANILHA CONSOLIDADA'!$D$30:$K$44,3,0) -> 0 | M24: =VLOOKUP($D$24,'PLANILHA CONSOLIDADA'!$D$30:$K$44,8,0) -> 3.0135829 | N24: ='PLANILHA CONSOLIDADA'!P38 -> 29115.75 | AB24: ok
A25: 6 | D25: TRANSPORTE COM CAMINHÃO TANQUE 30000L | O25: =SUM(N26:N27) -> 28808.79
B26: 102331 | C26: SINAPI | D26: TRANSPORTE COM CAMINHÃO TANQUE DE TRANSPORTE DE MATERIAL ASFÁLTICO DE 30000 L, EM VIA URBANA PAVIMENTADA, ADICIONAL PARA DMT EXCEDENTE A 30 KM (UNIDADE: TXKM). AF_07/2020 | E26: TxKm | F26: =VLOOKUP(D26,'PLANILHA CONSOLIDADA'!$D$3:$I$61,3,0) -> 16508.248 | G26: =VLOOKUP(D26,'PLANILHA CONSOLIDADA'!$D$3:$I$61,4,0) -> 19921.608 | H26: =VLOOKUP(D26,'PLANILHA CONSOLIDADA'!$D$3:$I$61,5,0) -> 16029.315 | I26: =VLOOKUP(D26,'PLANILHA CONSOLIDADA'!$D$3:$I$61,6,0) -> 35106.117 | J26: =SUM(F26:G26) -> 36429.856 | K26: =VLOOKUP(D26,'PLANILHA CONSOLIDADA'!$D$6:$P$61,7,0) -> 36429.856 | L26: =J26-K26 -> 0 | M26: =VLOOKUP(D26,'PLANILHA CONSOLIDADA'!$D$6:$P$61,8,0) -> 0.68072843 | N26: ='PLANILHA CONSOLIDADA'!P35 -> 24798.83 | P26: =VLOOKUP(D26,'PLANILHA CONSOLIDADA'!D21:O81,9,0) -> 11237.63 | Q26: =VLOOKUP(D26,'PLANILHA CONSOLIDADA'!D21:O81,10,0) -> 13561.2 | R26: =VLOOKUP(D26,'PLANILHA CONSOLIDADA'!D21:O81,11,0) -> 10911.61 | S26: =VLOOKUP(D26,'PLANILHA CONSOLIDADA'!D21:O81,12,0) -> 23897.73 | T26: =SUM(P26:S26) -> 59608.17 | U26: =T26-N26 -> 34809.34 | V26: =O26/$N$58 -> 0 | W26: =V26+W48 -> #REF! | X26: =IF(W26<=$AA$5,"A",IF(W26<=$AA$6,"B","C")) -> #REF! | AB26: ok
B27: 102330 | C27: SINAPI | D27: TRANSPORTE COM CAMINHÃO TANQUE DE TRANSPORTE DE MATERIAL ASFÁLTICO DE 30000 L, EM VIA URBANA PAVIMENTADA, DMT ATÉ 30KM (UNIDADE: TXKM). AF_07/2020 | E27: TxKm | F27: =VLOOKUP(D27,'PLANILHA CONSOLIDADA'!$D$3:$I$61,3,0) -> 1053.718 | G27: =VLOOKUP(D27,'PLANILHA CONSOLIDADA'!$D$3:$I$61,4,0) -> 1271.592 | H27: =VLOOKUP(D27,'PLANILHA CONSOLIDADA'!$D$3:$I$61,5,0) -> 1023.1478 | I27: =VLOOKUP(D27,'PLANILHA CONSOLIDADA'!$D$3:$I$61,6,0) -> 2240.816 | J27: =SUM(F27:G27) -> 2325.31 | K27: =VLOOKUP(D27,'PLANILHA CONSOLIDADA'!$D$6:$P$61,7,0) -> 2325.31 | L27: =J27-K27 -> 0 | M27: =VLOOKUP(D27,'PLANILHA CONSOLIDADA'!$D$6:$P$61,8,0) -> 1.7244854 | N27: ='PLANILHA CONSOLIDADA'!P34 -> 4009.96 | P27: =VLOOKUP(D27,'PLANILHA CONSOLIDADA'!D29:O90,9,0) -> 1817.12 | Q27: =VLOOKUP(D27,'PLANILHA CONSOLIDADA'!D29:O90,10,0) -> 2192.84 | R27: =VLOOKUP(D27,'PLANILHA CONSOLIDADA'!D29:O90,11,0) -> 1764.4 | S27: =VLOOKUP(D27,'PLANILHA CONSOLIDADA'!D29:O90,12,0) -> 3864.25 | T27: =SUM(P27:S27) -> 9638.61 | U27: =T27-N27 -> 5628.65 | V27: =O27/$N$58 -> 0 | W27: =V27+W52 -> #REF! | X27: =IF(W27<=$AA$5,"A",IF(W27<=$AA$6,"B","C")) -> #REF! | AB27: ok
A28: 7 | B28: 101124 | C28: SINAPI | D28: ESCAVAÇÃO HORIZONTAL, INCLUINDO CARGA E DESCARGA EM SOLO DE 1A CATEGORIA COM TRATOR DE ESTEIRAS (100HP/LÂMINA: 2,19M3). AF_07/2020 | E28: m³ | F28: =VLOOKUP(D28,'PLANILHA CONSOLIDADA'!$D$3:$I$61,3,0) -> 780.8 | G28: =VLOOKUP(D28,'PLANILHA CONSOLIDADA'!$D$3:$I$61,4,0) -> 1524.1255 | H28: =VLOOKUP(D28,'PLANILHA CONSOLIDADA'!$D$3:$I$61,5,0) -> 1437.6918 | I28: =VLOOKUP(D28,'PLANILHA CONSOLIDADA'!$D$3:$I$61,6,0) -> 2071.63 | J28: =SUM(F28:G28) -> 2304.9255 | K28: =VLOOKUP(D28,'PLANILHA CONSOLIDADA'!$D$6:$P$61,7,0) -> 2304.9255 | L28: =J28-K28 -> 0 | M28: =VLOOKUP(D28,'PLANILHA CONSOLIDADA'!$D$6:$P$61,8,0) -> 18.541465 | N28: ='PLANILHA CONSOLIDADA'!P16 -> 42736.68 | O28: =N28 -> 42736.68 | V28: =O28/$O$57 -> 0.013271991 | AB28: ok
A29: 8 | B29: 5502978 | C29: SICRO3 | D29: COMPACTAÇÃO DE ATERROS A 100% DO PROCTOR NORMAL | E29: m³ | F29: =VLOOKUP(D29,'PLANILHA CONSOLIDADA'!$D$3:$I$61,3,0) -> 780.8 | G29: =VLOOKUP(D29,'PLANILHA CONSOLIDADA'!$D$3:$I$61,4,0) -> 1524.1255 | H29: =VLOOKUP(D29,'PLANILHA CONSOLIDADA'!$D$3:$I$61,5,0) -> 1437.6918 | I29: =VLOOKUP(D29,'PLANILHA CONSOLIDADA'!$D$3:$I$61,6,0) -> 2071.63 | J29: =SUM(F29:G29) -> 2304.9255 | K29: =VLOOKUP(D29,'PLANILHA CONSOLIDADA'!$D$6:$P$61,7,0) -> 2304.9255 | L29: =J29-K29 -> 0 | M29: =VLOOKUP(D29,'PLANILHA CONSOLIDADA'!$D$6:$P$61,8,0) -> 5.9293249 | N29: ='PLANILHA CONSOLIDADA'!P17 -> 13666.64 | O29: =N29 -> 13666.64 | V29: =O29/$O$57 -> 0.0042442118 | AB29: ok
A30: 9 | D30: DEMOLIÇÃO | O30: =SUM(N31:N33) -> 97873.146 | V30: =O30/N58 -> 0.030394769 | W30: =V30+#REF! -> #REF! | X30: =IF(W5<=$AA$5,"A",IF(W5<=$AA$6,"B","C")) -> A
B31: 21 | C31: ORSE | D31: DEMOLIÇÃO DE MEIO-FIO GRANÍTICO OU PRE-MOLDADO | E31: m | F31: =VLOOKUP(D31,'PLANILHA CONSOLIDADA'!$D$3:$I$61,3,0) -> 732 | G31: =VLOOKUP(D31,'PLANILHA CONSOLIDADA'!$D$3:$I$61,4,0) -> 533.35 | H31: =VLOOKUP(D31,'PLANILHA CONSOLIDADA'!$D$3:$I$61,5,0) -> 1391.37 | I31: =VLOOKUP(D31,'PLANILHA CONSOLIDADA'!$D$3:$I$61,6,0) -> 66.36 | J31: =SUM(F31:G31) -> 1265.35 | K31: =VLOOKUP(D31,'PLANILHA CONSOLIDADA'!$D$6:$P$61,7,0) -> 1265.35 | L31: =J31-K31 -> 0 | M31: =VLOOKUP(D31,'PLANILHA CONSOLIDADA'!$D$6:$P$61,8,0) -> 11.871391 | N31: ='PLANILHA CONSOLIDADA'!P9 -> 15021.456 | AB31: ok
B32: 97636 | C32: SINAPI | D32: DEMOLIÇÃO PARCIAL DE PAVIMENTO ASFÁLTICO, DE FORMA MECANIZADA, SEM REAPROVEITAMENTO. AF_09/2023 | E32: m² | F32: =VLOOKUP(D32,'PLANILHA CONSOLIDADA'!$D$3:$I$61,3,0) -> 2946 | G32: =VLOOKUP(D32,'PLANILHA CONSOLIDADA'!$D$3:$I$61,4,0) -> 0 | H32: =VLOOKUP(D32,'PLANILHA CONSOLIDADA'!$D$3:$I$61,5,0) -> 113.0973 | I32: =VLOOKUP(D32,'PLANILHA CONSOLIDADA'!$D$3:$I$61,6,0) -> 156.11 | J32: =SUM(F32:G32) -> 2946 | K32: =VLOOKUP(D32,'PLANILHA CONSOLIDADA'!$D$6:$P$61,7,0) -> 2946 | L32: =J32-K32 -> 0 | M32: =VLOOKUP(D32,'PLANILHA CONSOLIDADA'!$D$6:$P$61,8,0) -> 27.400257 | N32: ='PLANILHA CONSOLIDADA'!P7 -> 80721.15 | AB32: ok
B33: 1600989 | C33: SICRO3 | D33: DEMOLIÇÃO DE CONCRETO SIMPLES COM MARTELETE | E33: m³ | F33: =VLOOKUP(D33,'PLANILHA CONSOLIDADA'!$D$3:$I$61,3,0) -> 4.5 | G33: =VLOOKUP(D33,'PLANILHA CONSOLIDADA'!$D$3:$I$61,4,0) -> 0 | H33: =VLOOKUP(D33,'PLANILHA CONSOLIDADA'!$D$3:$I$61,5,0) -> 428.723 | I33: =VLOOKUP(D33,'PLANILHA CONSOLIDADA'!$D$3:$I$61,6,0) -> 51.8301 | J33: =SUM(F33:G33) -> 4.5 | K33: =VLOOKUP(D33,'PLANILHA CONSOLIDADA'!$D$6:$P$61,7,0) -> 4.5 | L33: =J33-K33 -> 0 | M33: =VLOOKUP(D33,'PLANILHA CONSOLIDADA'!$D$6:$P$61,8,0) -> 473.45342 | N33: ='PLANILHA CONSOLIDADA'!P10 -> 2130.54 | AB33: ok
A34: 10 | D34: IMPRIMAÇÃO ASFÁLTICA | O34: =SUM(N35:N36) -> 33427.75 | V34: =O34/N58 -> 0.010381078 | W34: =V34+W30 -> #REF! | X34: =IF(W5<=$AA$5,"A",IF(W5<=$AA$6,"B","C")) -> A
B35: ANP | C35: ANP | D35: EMULSÃO ASFÁLTICA PARA SERVIÇO DE IMPRIMAÇÃO - EAI | E35: t | F35: =VLOOKUP(D35,'PLANILHA CONSOLIDADA'!$D$3:$I$61,3,0) -> 4.812106 | G35: =VLOOKUP(D35,'PLANILHA CONSOLIDADA'!$D$3:$I$61,4,0) -> 5.3661504 | H35: =VLOOKUP(D35,'PLANILHA CONSOLIDADA'!$D$3:$I$61,5,0) -> 4.6724985 | I35: =VLOOKUP(D35,'PLANILHA CONSOLIDADA'!$D$3:$I$61,6,0) -> 5.386238 | J35: =SUM(F35:G35) -> 10.178256 | K35: =VLOOKUP(D35,'PLANILHA CONSOLIDADA'!$D$6:$P$61,7,0) -> 10.178256 | L35: =J35-K35 -> 0 | M35: =VLOOKUP(D35,'PLANILHA CONSOLIDADA'!$D$6:$P$61,8,0) -> 2913.0286 | N35: ='PLANILHA CONSOLIDADA'!P41 -> 29649.54 | AB35: ok
B36: 4011352 | C36: SICRO3 | D36: IMPRIMAÇÃO COM EMULSÃO ASFÁLTICA | E36: m² | F36: =VLOOKUP(D36,'PLANILHA CONSOLIDADA'!$D$3:$I$61,3,0) -> 3701.62 | G36: =VLOOKUP(D36,'PLANILHA CONSOLIDADA'!$D$3:$I$61,4,0) -> 4127.808 | H36: =VLOOKUP(D36,'PLANILHA CONSOLIDADA'!$D$3:$I$61,5,0) -> 3594.2296 | I36: =VLOOKUP(D36,'PLANILHA CONSOLIDADA'!$D$3:$I$61,6,0) -> 4143.26 | J36: =SUM(F36:G36) -> 7829.428 | K36: =VLOOKUP(D36,'PLANILHA CONSOLIDADA'!$D$6:$P$61,7,0) -> 7829.428 | L36: =J36-K36 -> 0 | M36: =VLOOKUP(D36,'PLANILHA CONSOLIDADA'!$D$6:$P$61,8,0) -> 0.48256612 | N36: ='PLANILHA CONSOLIDADA'!P31 -> 3778.21 | AB36: ok
A37: 11 | D37: PINTURA DE LIGAÇÃO | O37: =SUM(N38:N39) -> 22945.1 | V37: =O37/N58 -> 0.0071256626 | W37: =V37+W34 -> #REF! | X37: =IF(W5<=$AA$5,"A",IF(W5<=$AA$6,"B","C")) -> A
B38: ANP | C38: ANP | D38: EMULSÕES ASFÁLTICAS RR-2C | E38: t | F38: =VLOOKUP(D38,'PLANILHA CONSOLIDADA'!$D$3:$I$61,3,0) -> 1.665729 | G38: =VLOOKUP(D38,'PLANILHA CONSOLIDADA'!$D$3:$I$61,4,0) -> 3.7898152 | H38: =VLOOKUP(D38,'PLANILHA CONSOLIDADA'!$D$3:$I$61,5,0) -> 1.6174033 | I38: =VLOOKUP(D38,'PLANILHA CONSOLIDADA'!$D$3:$I$61,6,0) -> 3.8086695 | J38: =SUM(F38:G38) -> 5.4555442 | K38: =VLOOKUP(D38,'PLANILHA CONSOLIDADA'!$D$6:$P$61,7,0) -> 5.4555442 | L38: =J38-K38 -> 0 | M38: =VLOOKUP(D38,'PLANILHA CONSOLIDADA'!$D$6:$P$61,8,0) -> 3463.3233 | N38: ='PLANILHA CONSOLIDADA'!P40 -> 18894.3 | AB38: ok
B39: 4011353 | C39: SICRO3 | D39: PINTURA DE LIGAÇÃO | E39: m² | F39: =VLOOKUP(D39,'PLANILHA CONSOLIDADA'!$D$3:$I$61,3,0) -> 3701.62 | G39: =VLOOKUP(D39,'PLANILHA CONSOLIDADA'!$D$3:$I$61,4,0) -> 8421.8116 | H39: =VLOOKUP(D39,'PLANILHA CONSOLIDADA'!$D$3:$I$61,5,0) -> 3594.2296 | I39: =VLOOKUP(D39,'PLANILHA CONSOLIDADA'!$D$3:$I$61,6,0) -> 8463.71 | J39: =SUM(F39:G39) -> 12123.432 | K39: =VLOOKUP(D39,'PLANILHA CONSOLIDADA'!$D$6:$P$61,7,0) -> 12123.432 | L39: =J39-K39 -> 0 | M39: =VLOOKUP(D39,'PLANILHA CONSOLIDADA'!$D$6:$P$61,8,0) -> 0.33413027 | N39: ='PLANILHA CONSOLIDADA'!P32 -> 4050.8 | AB39: ok
A40: 12 | D40: EXECUÇÃO DE PISO E PASSEIO INTERTRAVADO | O40: =SUM(N41:N43) -> 258715.63 | V40: =O40/N58 -> 0.080344835 | W40: =V40+W37 -> #REF! | X40: =IF(W5<=$AA$5,"A",IF(W5<=$AA$6,"B","C")) -> A
B41: 92398 | C41: SINAPI | D41: EXECUÇÃO DE PAVIMENTO EM PISO INTERTRAVADO, COM BLOCO RETANGULAR COR NATURAL DE 20 X 10 CM, ESPESSURA 8 CM. AF_10/2022 | E41: m² | F41: =VLOOKUP(D41,'PLANILHA CONSOLIDADA'!$D$3:$I$61,3,0) -> 0 | G41: =VLOOKUP(D41,'PLANILHA CONSOLIDADA'!$D$3:$I$61,4,0) -> 0 | H41: =VLOOKUP(D41,'PLANILHA CONSOLIDADA'!$D$3:$I$61,5,0) -> 2911.8492 | I41: =VLOOKUP(D41,'PLANILHA CONSOLIDADA'!$D$3:$I$61,6,0) -> 0 | J41: =SUM(F41:G41) -> 0 | K41: =VLOOKUP(D41,'PLANILHA CONSOLIDADA'!$D$6:$P$61,7,0) -> 0 | L41: =J41-K41 -> 0 | M41: =VLOOKUP(D41,'PLANILHA CONSOLIDADA'!$D$6:$P$61,8,0) -> 97.311889 | N41: ='PLANILHA CONSOLIDADA'!P43 -> 0 | AB41: ok
B42: 94992 | C42: SINAPI | D42: EXECUÇÃO DE PASSEIO (CALÇADA) OU PISO DE CONCRETO COM CONCRETO MOLDADO IN LOCO, FEITO EM OBRA, ACABAMENTO CONVENCIONAL, ESPESSURA 6 CM, ARMADO. AF_08/2022 | E42: m² | F42: =VLOOKUP(D42,'PLANILHA CONSOLIDADA'!$D$3:$I$61,3,0) -> 0 | G42: =VLOOKUP(D42,'PLANILHA CONSOLIDADA'!$D$3:$I$61,4,0) -> 927.05 | H42: =VLOOKUP(D42,'PLANILHA CONSOLIDADA'!$D$3:$I$61,5,0) -> 0 | I42: =VLOOKUP(D42,'PLANILHA CONSOLIDADA'!$D$3:$I$61,6,0) -> 1242.79 | J42: =SUM(F42:G42) -> 927.05 | K42: =VLOOKUP(D42,'PLANILHA CONSOLIDADA'!$D$6:$P$61,7,0) -> 927.05 | L42: =J42-K42 -> 0 | M42: =VLOOKUP(D42,'PLANILHA CONSOLIDADA'!$D$6:$P$61,8,0) -> 96.723705 | N42: ='PLANILHA CONSOLIDADA'!P50 -> 89667.71 | AB42: ok
B43: 93679 | C43: SINAPI | D43: EXECUÇÃO DE PASSEIO EM PISO INTERTRAVADO, COM BLOCO RETANGULAR COLORIDO DE 20 X 10 CM, ESPESSURA 6 CM. AF_10/2022 | E43: m² | F43: =VLOOKUP($D$43,'PLANILHA CONSOLIDADA'!$D$49:$K$53,3,0) -> 1522.08 | G43: =VLOOKUP($D$43,'PLANILHA CONSOLIDADA'!$D$49:$K$53,4,0) -> 191.62 | H43: =VLOOKUP($D$43,'PLANILHA CONSOLIDADA'!$D$49:$K$53,5,0) -> 4559.7274 | I43: =VLOOKUP($D$43,'PLANILHA CONSOLIDADA'!$D$49:$K$53,6,0) -> 170.57 | J43: =SUM(F43:G43) -> 1713.7 | K43: =VLOOKUP(D43,'PLANILHA CONSOLIDADA'!$D$6:$P$61,7,0) -> 1713.7 | M43: ='PLANILHA CONSOLIDADA'!K49 -> 98.644994 | N43: ='PLANILHA CONSOLIDADA'!P49 -> 169047.92 | AB43: ok
A44: 13 | B44: CPU 03 | C44: Próprio | D44: ADMINISTRAÇÃO LOCAL | E44: Mês | F44: =VLOOKUP(D44,'PLANILHA CONSOLIDADA'!$D$3:$I$61,3,0) -> 1.36 | G44: =VLOOKUP(D44,'PLANILHA CONSOLIDADA'!$D$3:$I$61,4,0) -> 1.6 | H44: =VLOOKUP(D44,'PLANILHA CONSOLIDADA'!$D$3:$I$61,5,0) -> 3.18 | I44: =VLOOKUP(D44,'PLANILHA CONSOLIDADA'!$D$3:$I$61,6,0) -> 1.45 | J44: =SUM(F44:G44) -> 2.96 | K44: =VLOOKUP(D44,'PLANILHA CONSOLIDADA'!$D$6:$P$61,7,0) -> 2.96 | L44: =J44-K44 -> 0 | M44: =VLOOKUP(D44,'PLANILHA CONSOLIDADA'!$D$6:$P$61,8,0) -> 61621.997 | N44: ='PLANILHA CONSOLIDADA'!P60 -> 182401.1 | O44: =N44 -> 182401.1 | P44: =VLOOKUP(D44,'PLANILHA CONSOLIDADA'!D6:O66,9,0) -> 83805.91 | Q44: =VLOOKUP(D44,'PLANILHA CONSOLIDADA'!D6:O66,10,0) -> 98595.19 | R44: =VLOOKUP(D44,'PLANILHA CONSOLIDADA'!D6:O66,11,0) -> 195957.95 | S44: =VLOOKUP(D44,'PLANILHA CONSOLIDADA'!D6:O66,12,0) -> 89351.89 | T44: =SUM(P44:S44) -> 467710.94 | U44: =T44-N44 -> 285309.84 | V44: =O44/$N$58 -> 0.056645153 | W44: =V44+W40 -> #REF! | X44: =IF(W5<=$AA$5,"A",IF(W5<=$AA$6,"B","C")) -> A | AB44: ok
A45: 14 | B45: 94273 | C45: SINAPI | D45: ASSENTAMENTO DE GUIA (MEIO-FIO) EM TRECHO RETO, CONFECCIONADA EM CONCRETO PRÉ-FABRICADO, DIMENSÕES 100X15X13X30 CM (COMPRIMENTO X BASE INFERIOR X BASE SUPERIOR X ALTURA). AF_01/2024 | E45: m | F45: =VLOOKUP(D45,'PLANILHA CONSOLIDADA'!$D$3:$I$61,3,0) -> 1392.43 | G45: =VLOOKUP(D45,'PLANILHA CONSOLIDADA'!$D$3:$I$61,4,0) -> 885.87 | H45: =VLOOKUP(D45,'PLANILHA CONSOLIDADA'!$D$3:$I$61,5,0) -> 3595.054 | I45: =VLOOKUP(D45,'PLANILHA CONSOLIDADA'!$D$3:$I$61,6,0) -> 1362 | J45: =SUM(F45:G45) -> 2278.3 | K45: =VLOOKUP(D45,'PLANILHA CONSOLIDADA'!$D$6:$P$61,7,0) -> 2278.3 | L45: =J45-K45 -> 0 | M45: =VLOOKUP(D45,'PLANILHA CONSOLIDADA'!$D$6:$P$61,8,0) -> 60.489098 | N45: ='PLANILHA CONSOLIDADA'!P46 -> 137812.3 | O45: =N45 -> 137812.3 | P45: =VLOOKUP(D45,'PLANILHA CONSOLIDADA'!D8:O68,9,0) -> 84226.83 | Q45: =VLOOKUP(D45,'PLANILHA CONSOLIDADA'!D8:O68,10,0) -> 53585.47 | R45: =VLOOKUP(D45,'PLANILHA CONSOLIDADA'!D8:O68,11,0) -> 217461.57 | S45: =VLOOKUP(D45,'PLANILHA CONSOLIDADA'!D8:O68,12,0) -> 82386.15 | T45: =SUM(P45:S45) -> 437660.02 | U45: =T45-N45 -> 299847.72 | V45: =O45/$N$58 -> 0.042797981 | W45: =V45+W44 -> #REF! | X45: =IF(W5<=$AA$5,"A",IF(W5<=$AA$6,"B","C")) -> A | AB45: ok
A46: 15 | B46: 4011486 | C46: SICRO3 | D46: RECICLAGEM COM INCORPORAÇÃO DO REVESTIMENTO ASFÁLTICO À BASE E ADIÇÃO DE 3% DE CIMENTO E DE BRITA COMERCIAL | E46: m³ | F46: =VLOOKUP(D46,'PLANILHA CONSOLIDADA'!$D$3:$I$61,3,0) -> 0 | G46: =VLOOKUP(D46,'PLANILHA CONSOLIDADA'!$D$3:$I$61,4,0) -> 1288.2011 | H46: =VLOOKUP(D46,'PLANILHA CONSOLIDADA'!$D$3:$I$61,5,0) -> 0 | I46: =VLOOKUP(D46,'PLANILHA CONSOLIDADA'!$D$3:$I$61,6,0) -> 1296.135 | J46: =SUM(F46:G46) -> 1288.2011 | K46: =VLOOKUP(D46,'PLANILHA CONSOLIDADA'!$D$6:$P$61,7,0) -> 1288.2011 | L46: =J46-K46 -> 0 | M46: =VLOOKUP(D46,'PLANILHA CONSOLIDADA'!$D$6:$P$61,8,0) -> 141.15746 | N46: ='PLANILHA CONSOLIDADA'!P30 -> 181839.18 | O46: =N46 -> 181839.18 | P46: =VLOOKUP(D46,'PLANILHA CONSOLIDADA'!D9:O69,9,0) -> 0 | Q46: =VLOOKUP(D46,'PLANILHA CONSOLIDADA'!D9:O69,10,0) -> 181839.18 | R46: =VLOOKUP(D46,'PLANILHA CONSOLIDADA'!D9:O69,11,0) -> 0 | S46: =VLOOKUP(D46,'PLANILHA CONSOLIDADA'!D9:O69,12,0) -> 182959.12 | T46: =SUM(P46:S46) -> 364798.3 | U46: =T46-N46 -> 182959.12 | V46: =O46/$N$58 -> 0.056470647 | W46: =V46+W45 -> #REF! | X46: =IF(W5<=$AA$5,"A",IF(W5<=$AA$6,"B","C")) -> A | AB46: ok
A47: 16 | B47: 94289 | C47: SINAPI | D47: EXECUÇÃO DE SARJETA DE CONCRETO USINADO, MOLDADA IN LOCO EM TRECHO RETO, 45 CM BASE X 10 CM ALTURA. AF_01/2024 | E47: m | F47: =VLOOKUP(D47,'PLANILHA CONSOLIDADA'!$D$3:$I$61,3,0) -> 1247.91 | G47: =VLOOKUP(D47,'PLANILHA CONSOLIDADA'!$D$3:$I$61,4,0) -> 885.87 | H47: =VLOOKUP(D47,'PLANILHA CONSOLIDADA'!$D$3:$I$61,5,0) -> 3595.054 | I47: =VLOOKUP(D47,'PLANILHA CONSOLIDADA'!$D$3:$I$61,6,0) -> 825.43 | J47: =SUM(F47:G47) -> 2133.78 | K47: =VLOOKUP(D47,'PLANILHA CONSOLIDADA'!$D$6:$P$61,7,0) -> 2133.78 | L47: =J47-K47 -> 0 | M47: =VLOOKUP(D47,'PLANILHA CONSOLIDADA'!$D$6:$P$61,8,0) -> 50.385591 | N47: ='PLANILHA CONSOLIDADA'!P47 -> 107511.76 | O47: =N47 -> 107511.76 | P47: =VLOOKUP(D47,'PLANILHA CONSOLIDADA'!D11:O71,9,0) -> 62876.68 | Q47: =VLOOKUP(D47,'PLANILHA CONSOLIDADA'!D11:O71,10,0) -> 44635.08 | R47: =VLOOKUP(D47,'PLANILHA CONSOLIDADA'!D11:O71,11,0) -> 181138.92 | S47: =VLOOKUP(D47,'PLANILHA CONSOLIDADA'!D11:O71,12,0) -> 41589.77 | T47: =SUM(P47:S47) -> 330240.45 | U47: =T47-N47 -> 222728.69 | V47: =O47/$N$58 -> 0.033388066 | W47: =V47+W46 -> #REF! | X47: =IF(W47<=$AA$5,"A",IF(W47<=$AA$6,"B","C")) -> #REF! | AB47: ok
A48: 17 | B48: 102512 | C48: SINAPI | D48: PINTURA DE EIXO VIÁRIO SOBRE ASFALTO COM TINTA RETRORREFLETIVA A BASE DE RESINA ACRÍLICA COM MICROESFERAS DE VIDRO, APLICAÇÃO MECÂNICA COM DEMARCADORA AUTOPROPELIDA. AF_05/2021 | E48: m | F48: =VLOOKUP(D48,'PLANILHA CONSOLIDADA'!$D$3:$I$61,3,0) -> 3670.044 | G48: =VLOOKUP(D48,'PLANILHA CONSOLIDADA'!$D$3:$I$61,4,0) -> 2716.65 | H48: =VLOOKUP(D48,'PLANILHA CONSOLIDADA'!$D$3:$I$61,5,0) -> 2070 | I48: =VLOOKUP(D48,'PLANILHA CONSOLIDADA'!$D$3:$I$61,6,0) -> 3808.3029 | J48: =SUM(F48:G48) -> 6386.694 | K48: =VLOOKUP(D48,'PLANILHA CONSOLIDADA'!$D$6:$P$61,7,0) -> 6386.694 | L48: =J48-K48 -> 0 | M48: =VLOOKUP(D48,'PLANILHA CONSOLIDADA'!$D$6:$P$61,8,0) -> 7.7271922 | N48: ='PLANILHA CONSOLIDADA'!P55 -> 49351.2 | O48: =N48 -> 49351.2 | P48: =VLOOKUP(D48,'PLANILHA CONSOLIDADA'!D18:O78,9,0) -> 28359.13 | Q48: =VLOOKUP(D48,'PLANILHA CONSOLIDADA'!D18:O78,10,0) -> 20992.07 | R48: =VLOOKUP(D48,'PLANILHA CONSOLIDADA'!D18:O78,11,0) -> 15995.28 | S48: =VLOOKUP(D48,'PLANILHA CONSOLIDADA'!D18:O78,12,0) -> 29427.48 | T48: =SUM(P48:S48) -> 94773.96 | U48: =T48-N48 -> 45422.76 | V48: =O48/$N$58 -> 0.015326148 | W48: =V48+W47 -> #REF! | X48: =IF(W48<=$AA$5,"A",IF(W48<=$AA$6,"B","C")) -> #REF! | AB48: ok
A49: 18 | B49: 100577 | C49: SINAPI | D49: REGULARIZAÇÃO E COMPACTAÇÃO DE SUBLEITO DE SOLO PREDOMINANTEMENTE ARENOSO. AF_11/2019 | E49: m² | F49: =VLOOKUP(D49,'PLANILHA CONSOLIDADA'!$D$3:$I$61,3,0) -> 1952 | G49: =VLOOKUP(D49,'PLANILHA CONSOLIDADA'!$D$3:$I$61,4,0) -> 3810.3137 | H49: =VLOOKUP(D49,'PLANILHA CONSOLIDADA'!$D$3:$I$61,5,0) -> 3594.2296 | I49: =VLOOKUP(D49,'PLANILHA CONSOLIDADA'!$D$3:$I$61,6,0) -> 4143.26 | J49: =SUM(F49:G49) -> 5762.3137 | K49: =VLOOKUP(D49,'PLANILHA CONSOLIDADA'!$D$6:$P$61,7,0) -> 5762.3137 | L49: =J49-K49 -> 0 | M49: =VLOOKUP(D49,'PLANILHA CONSOLIDADA'!$D$6:$P$61,8,0) -> 2.3952638 | N49: ='PLANILHA CONSOLIDADA'!P22 -> 13802.25 | O49: =N49 -> 13802.25 | P49: =VLOOKUP(D49,'PLANILHA CONSOLIDADA'!D25:O86,9,0) -> #N/A | Q49: =VLOOKUP(D49,'PLANILHA CONSOLIDADA'!D25:O86,10,0) -> #N/A | R49: =VLOOKUP(D49,'PLANILHA CONSOLIDADA'!D25:O86,11,0) -> #N/A | S49: =VLOOKUP(D49,'PLANILHA CONSOLIDADA'!D25:O86,12,0) -> #N/A | T49: =SUM(P49:S49) -> #N/A | U49: =T49-N49 -> #N/A | V49: =O49/$N$58 -> 0.0042863259 | W49: =V49+W26 -> #REF! | X49: =IF(W49<=$AA$5,"A",IF(W49<=$AA$6,"B","C")) -> #REF! | AB49: ok
A50: 19 | B50: 12214 | C50: ORSE | D50: RAMPA PADRÃO PARA ACESSO DE DEFICIENTES EM PASSEIO PÚBLICO, EM CONCRETO SIMPLES FCK=25MPa, DESEMPOLADA, COM PINTURA INDICATIVA EM NOVACOR, 02 DEMÃOS | E50: un | F50: =VLOOKUP(D50,'PLANILHA CONSOLIDADA'!$D$3:$I$61,3,0) -> 0 | G50: =VLOOKUP(D50,'PLANILHA CONSOLIDADA'!$D$3:$I$61,4,0) -> 0 | H50: =VLOOKUP(D50,'PLANILHA CONSOLIDADA'!$D$3:$I$61,5,0) -> 43 | I50: =VLOOKUP(D50,'PLANILHA CONSOLIDADA'!$D$3:$I$61,6,0) -> 0 | J50: =SUM(F50:G50) -> 0 | K50: =VLOOKUP(D50,'PLANILHA CONSOLIDADA'!$D$6:$P$61,7,0) -> 0 | L50: =J50-K50 -> 0 | M50: =VLOOKUP(D50,'PLANILHA CONSOLIDADA'!$D$6:$P$61,8,0) -> 501.81695 | N50: =TRUNC(K50*M50,2) -> 0 | O50: =N50 -> 0 | P50: =VLOOKUP(D50,'PLANILHA CONSOLIDADA'!D26:O87,9,0) -> 0 | Q50: =VLOOKUP(D50,'PLANILHA CONSOLIDADA'!D26:O87,10,0) -> 0 | R50: =VLOOKUP(D50,'PLANILHA CONSOLIDADA'!D26:O87,11,0) -> 21578.12 | S50: =VLOOKUP(D50,'PLANILHA CONSOLIDADA'!D26:O87,12,0) -> 0 | T50: =SUM(P50:S50) -> 21578.12 | U50: =T50-N50 -> 21578.12 | V50: =O50/$N$58 -> 0 | W50: =V50+W49 -> #REF! | X50: =IF(W50<=$AA$5,"A",IF(W50<=$AA$6,"B","C")) -> #REF! | AB50: ok
A51: 20 | B51: CPU 02 | C51: Próprio | D51: LIMPEZA DE SUPERFICIE (VARRIÇÃO E REMOÇÃO DE ENTULHOS) | E51: m² | F51: =VLOOKUP(D51,'PLANILHA CONSOLIDADA'!$D$3:$I$61,3,0) -> 3701.62 | G51: =VLOOKUP(D51,'PLANILHA CONSOLIDADA'!$D$3:$I$61,4,0) -> 8421.8116 | H51: =VLOOKUP(D51,'PLANILHA CONSOLIDADA'!$D$3:$I$61,5,0) -> 3594.2296 | I51: =VLOOKUP(D51,'PLANILHA CONSOLIDADA'!$D$3:$I$61,6,0) -> 8463.71 | J51: =SUM(F51:G51) -> 12123.432 | K51: =VLOOKUP(D51,'PLANILHA CONSOLIDADA'!$D$6:$P$61,7,0) -> 12123.432 | L51: =J51-K51 -> 0 | M51: =VLOOKUP(D51,'PLANILHA CONSOLIDADA'!$D$6:$P$61,8,0) -> 0.70790434 | N51: ='PLANILHA CONSOLIDADA'!P39 -> 8582.22 | O51: =N51 -> 8582.22 | P51: =VLOOKUP(D51,'PLANILHA CONSOLIDADA'!D27:O88,9,0) -> 2620.39 | Q51: =VLOOKUP(D51,'PLANILHA CONSOLIDADA'!D27:O88,10,0) -> 5961.83 | R51: =VLOOKUP(D51,'PLANILHA CONSOLIDADA'!D27:O88,11,0) -> 2544.37 | S51: =VLOOKUP(D51,'PLANILHA CONSOLIDADA'!D27:O88,12,0) -> 5991.49 | T51: =SUM(P51:S51) -> 17118.08 | U51: =T51-N51 -> 8535.86 | V51: =O51/$N$58 -> 0.0026652315 | W51: =V51+W50 -> #REF! | X51: =IF(W51<=$AA$5,"A",IF(W51<=$AA$6,"B","C")) -> #REF! | AB51: ok
A52: 21 | B52: CPU 01 | C52: Próprio | D52: PLACA DE OBRA EM CHAPA DE AÇO GALVANIZADA | E52: m² | F52: =VLOOKUP(D52,'PLANILHA CONSOLIDADA'!$D$3:$I$61,3,0) -> 6 | G52: =VLOOKUP(D52,'PLANILHA CONSOLIDADA'!$D$3:$I$61,4,0) -> 6 | H52: =VLOOKUP(D52,'PLANILHA CONSOLIDADA'!$D$3:$I$61,5,0) -> 6 | I52: =VLOOKUP(D52,'PLANILHA CONSOLIDADA'!$D$3:$I$61,6,0) -> 6 | J52: =SUM(F52:G52) -> 12 | K52: =VLOOKUP(D52,'PLANILHA CONSOLIDADA'!$D$6:$P$61,7,0) -> 12 | L52: =J52-K52 -> 0 | M52: ='PLANILHA CONSOLIDADA'!K6 -> 452.46639 | N52: ='PLANILHA CONSOLIDADA'!P6 -> 5429.58 | O52: =N52 -> 5429.58 | P52: =VLOOKUP(D52,'PLANILHA CONSOLIDADA'!D28:O89,9,0) -> #N/A | Q52: =VLOOKUP(D52,'PLANILHA CONSOLIDADA'!D28:O89,10,0) -> #N/A | R52: =VLOOKUP(D52,'PLANILHA CONSOLIDADA'!D28:O89,11,0) -> #N/A | S52: =VLOOKUP(D52,'PLANILHA CONSOLIDADA'!D28:O89,12,0) -> #N/A | T52: =SUM(P52:S52) -> #N/A | U52: =T52-N52 -> #N/A | V52: =O52/$N$58 -> 0.0016861707 | W52: =V52+W51 -> #REF! | X52: =IF(W52<=$AA$5,"A",IF(W52<=$AA$6,"B","C")) -> #REF! | AB52: ok
A53: 22 | B53: 1600441 | C53: SICRO3 | D53: REMOÇÃO DE PARALELEPÍPEDOS | E53: m² | F53: =VLOOKUP(D53,'PLANILHA CONSOLIDADA'!$D$3:$I$61,3,0) -> 380.8 | G53: =VLOOKUP(D53,'PLANILHA CONSOLIDADA'!$D$3:$I$61,4,0) -> 0 | H53: =VLOOKUP(D53,'PLANILHA CONSOLIDADA'!$D$3:$I$61,5,0) -> 880.5757 | I53: =VLOOKUP(D53,'PLANILHA CONSOLIDADA'!$D$3:$I$61,6,0) -> 0 | J53: =SUM(F53:G53) -> 380.8 | K53: =VLOOKUP(D53,'PLANILHA CONSOLIDADA'!$D$6:$P$61,7,0) -> 380.8 | L53: =J53-K53 -> 0 | M53: =VLOOKUP(D53,'PLANILHA CONSOLIDADA'!$D$6:$P$61,8,0) -> 4.7337573 | N53: =TRUNC(K53*M53,2) -> 1802.61 | O53: =N53 -> 1802.61 | P53: =VLOOKUP(D53,'PLANILHA CONSOLIDADA'!D32:O93,9,0) -> #N/A | Q53: =VLOOKUP(D53,'PLANILHA CONSOLIDADA'!D32:O93,10,0) -> #N/A | R53: =VLOOKUP(D53,'PLANILHA CONSOLIDADA'!D32:O93,11,0) -> #N/A | S53: =VLOOKUP(D53,'PLANILHA CONSOLIDADA'!D32:O93,12,0) -> #N/A | T53: =SUM(P53:S53) -> #N/A | U53: =T53-N53 -> #N/A | V53: =O53/$N$58 -> 0.00055980539 | W53: =V53+W27 -> #REF! | X53: =IF(W53<=$AA$5,"A",IF(W53<=$AA$6,"B","C")) -> #REF! | AB53: ok
A54: 23 | D54: PAISAGISMO | O54: =SUM(N55:N56) -> 0 | V54: =O54/$N$58 -> 0
B55: 103946 | C55: SINAPI | D55: PLANTIO DE GRAMA ESMERALDA OU SÃO CARLOS OU CURITIBANA, EM PLACAS. AF_05/2022 | E55: m² | F55: =VLOOKUP(D55,'PLANILHA CONSOLIDADA'!$D$3:$I$61,3,0) -> 0 | G55: =VLOOKUP(D55,'PLANILHA CONSOLIDADA'!$D$3:$I$61,4,0) -> 0 | H55: =VLOOKUP(D55,'PLANILHA CONSOLIDADA'!$D$3:$I$61,5,0) -> 81.48 | I55: =VLOOKUP(D55,'PLANILHA CONSOLIDADA'!$D$3:$I$61,6,0) -> 0 | J55: =SUM(F55:G55) -> 0 | K55: =VLOOKUP(D55,'PLANILHA CONSOLIDADA'!$D$6:$P$61,7,0) -> 0 | L55: =J55-K55 -> 0 | M55: =VLOOKUP(D55,'PLANILHA CONSOLIDADA'!$D$6:$P$61,8,0) -> 32.194606 | N55: =TRUNC(K55*M55,2) -> 0 | P55: =VLOOKUP(D55,'PLANILHA CONSOLIDADA'!D33:O94,9,0) -> 0 | Q55: =VLOOKUP(D55,'PLANILHA CONSOLIDADA'!D33:O94,10,0) -> 0 | R55: =VLOOKUP(D55,'PLANILHA CONSOLIDADA'!D33:O94,11,0) -> 2623.21 | S55: =VLOOKUP(D55,'PLANILHA CONSOLIDADA'!D33:O94,12,0) -> 0 | T55: =SUM(P55:S55) -> 2623.21 | U55: =T55-N55 -> 2623.21 | V55: =O55/$N$58 -> 0 | W55: =V55+W16 -> #REF! | X55: =IF(W55<=$AA$5,"A",IF(W55<=$AA$6,"B","C")) -> #REF! | AB55: ok
B56: 00003322 | C56: SINAPI | D56: GRAMA ESMERALDA OU SAO CARLOS OU CURITIBANA, EM PLACAS, SEM PLANTIO | E56: m² | F56: =VLOOKUP(D56,'PLANILHA CONSOLIDADA'!$D$3:$I$61,3,0) -> 0 | G56: =VLOOKUP(D56,'PLANILHA CONSOLIDADA'!$D$3:$I$61,4,0) -> 0 | H56: =VLOOKUP(D56,'PLANILHA CONSOLIDADA'!$D$3:$I$61,5,0) -> 81.48 | I56: =VLOOKUP(D56,'PLANILHA CONSOLIDADA'!$D$3:$I$61,6,0) -> 0 | J56: =SUM(F56:G56) -> 0 | K56: =VLOOKUP(D56,'PLANILHA CONSOLIDADA'!$D$6:$P$61,7,0) -> 0 | L56: =J56-K56 -> 0 | M56: =VLOOKUP(D56,'PLANILHA CONSOLIDADA'!$D$6:$P$61,8,0) -> 25.6545 | N56: =TRUNC(K56*M56,2) -> 0 | P56: =VLOOKUP(D56,'PLANILHA CONSOLIDADA'!D34:O95,9,0) -> 0 | Q56: =VLOOKUP(D56,'PLANILHA CONSOLIDADA'!D34:O95,10,0) -> 0 | R56: =VLOOKUP(D56,'PLANILHA CONSOLIDADA'!D34:O95,11,0) -> 2090.32 | S56: =VLOOKUP(D56,'PLANILHA CONSOLIDADA'!D34:O95,12,0) -> 0 | T56: =SUM(P56:S56) -> 2090.32 | U56: =T56-N56 -> 2090.32 | V56: =O56/$N$58 -> 0 | W56: =V56+W55 -> #REF! | X56: =IF(W56<=$AA$5,"A",IF(W56<=$AA$6,"B","C")) -> #REF! | AB56: ok
O57: =SUM(O4:O56) -> 3220065.5 | V57: =O57/$N$58 -> 1
M58: Valor Total | N58: ='PLANILHA CONSOLIDADA'!P61 -> 3220065.5 | V58: =SUM(V4:V56) -> 0.72676426
N60: =N58-N59 -> 3220065.5

Sheet PLANILHA CONSOLIDADA
D1: PLANILHA CONSOLIDADA DO CONJUNTO DAS DUAS OBRAS COM QUANTITATIVOS E VALORES TOTAIS
A2: ITEM | B2: CÓDIGO | C2: BANCO | D2: DESCRIÇÃO | E2: UNID | F2: QUANTIDADES | J2: QUANT TOTAL | K2: P. UNIT C/ BDI | L2: VALORES (R$) | P2: VALOR (R$)
F3: I | G3: II | H3: III | I3: IV | L3: I | M3: II | N3: III | O3: IV | P3: TOTAL
A4: 1 | D4: SERVIÇOS PRELIMINARES | L4: =SUM(L6:L12) -> 126807.05 | M4: =SUM(M6:M12) -> 11862.826 | N4: =SUM(N6:N12) -> 287800.7 | O4: =SUM(O6:O12) -> 39667.69 | P4: =SUM(P6:P12) -> 138669.88
A6: 1.1 | B6: CPU 01 | C6: Próprio | D6: PLACA DE OBRA EM CHAPA DE AÇO GALVANIZADA | E6: m² | F6: =SUMIF('OBRA 01 - SINTÉTICA'!$D$7:$D$50,'PLANILHA CONSOLIDADA'!D6,'OBRA 01 - SINTÉTICA'!$F$7:$F$50) -> 6 | G6: =SUMIF('OBRA 02 - SINTÉTICA'!$D$7:$D$50,'PLANILHA CONSOLIDADA'!D6,'OBRA 02 - SINTÉTICA'!$F$7:$F$50) -> 6 | H6: =SUMIF('OBRA 03 - SINTÉTICA'!$D$7:$D$57,'PLANILHA CONSOLIDADA'!D6,'OBRA 03 - SINTÉTICA'!$F$7:$F$57) -> 6 | I6: =SUMIF('OBRA 04 - SINTÉTICA'!$D$7:$D$52,'PLANILHA CONSOLIDADA'!D6,'OBRA 04 - SINTÉTICA'!$F$7:$F$52) -> 6 | J6: =SUM(F6:G6) -> 12 | K6: =Q6 -> 452.46639 | L6: =TRUNC(F6*K6,2) -> 2714.79 | M6: =TRUNC(G6*K6,2) -> 2714.79 | N6: =TRUNC(H6*K6,2) -> 2714.79 | O6: =TRUNC(I6*K6,2) -> 2714.79 | P6: =SUM(L6:M6) -> 5429.58 | Q6: ='OBRA 01 - SINTÉTICA'!H8 -> 452.46639 | R6: =SUM(L6:L12) -> 126807.05 | S6: =SUM(M6:M12) -> 11862.826 | T6: =SUM(N6:N12) -> 287800.7 | U6: =SUM(O6:O12) -> 39667.69 | V6: =SUM(#REF!) -> #REF! | W6: =SUM(R6:V6) -> #REF! | X6: =R6/R61 -> 0.033828811 | Y6: =S6/S61 -> 0.0031096999 | Z6: =T6/#REF! -> #REF! | AA6: =U6/#REF! -> #REF! | AB6: =V6/#REF! -> #REF! | AC6: =W6/#REF! -> #REF!
A7: 1.2 | B7: 97636 | C7: SINAPI | D7: DEMOLIÇÃO PARCIAL DE PAVIMENTO ASFÁLTICO, DE FORMA MECANIZADA, SEM REAPROVEITAMENTO. AF_09/2023 | E7: m² | F7: =SUMIF('OBRA 01 - SINTÉTICA'!$D$7:$D$50,'PLANILHA CONSOLIDADA'!D7,'OBRA 01 - SINTÉTICA'!$F$7:$F$50) -> 2946 | G7: =SUMIF('OBRA 02 - SINTÉTICA'!$D$7:$D$50,'PLANILHA CONSOLIDADA'!D7,'OBRA 02 - SINTÉTICA'!$F$7:$F$50) -> 0 | H7: =SUMIF('OBRA 03 - SINTÉTICA'!$D$7:$D$57,'PLANILHA CONSOLIDADA'!D7,'OBRA 03 - SINTÉTICA'!$F$7:$F$57) -> 113.0973 | I7: =SUMIF('OBRA 04 - SINTÉTICA'!$D$7:$D$52,'PLANILHA CONSOLIDADA'!D7,'OBRA 04 - SINTÉTICA'!$F$7:$F$52) -> 156.11 | J7: =SUM(F7:G7) -> 2946 | K7: =Q7 -> 27.400257 | L7: =TRUNC(F7*K7,2) -> 80721.15 | M7: =TRUNC(G7*K7,2) -> 0 | N7: =TRUNC(H7*K7,2) -> 3098.89 | O7: =TRUNC(I7*K7,2) -> 4277.45 | P7: =SUM(L7:M7) -> 80721.15 | Q7: ='OBRA 01 - SINTÉTICA'!H9 -> 27.400257 | X7: =X6 -> 0.033828811 | Y7: =Y6 -> 0.0031096999 | Z7: =Z6 -> #REF! | AA7: =AA6 -> #REF! | AB7: =AB6 -> #REF! | AC7: =AC6 -> #REF!
A8: 1.3 | B8: 1600441 | C8: SICRO3 | D8: REMOÇÃO DE PARALELEPÍPEDOS | E8: m² | F8: =SUMIF('OBRA 01 - SINTÉTICA'!$D$7:$D$50,'PLANILHA CONSOLIDADA'!D8,'OBRA 01 - SINTÉTICA'!$F$7:$F$50) -> 380.8 | G8: =SUMIF('OBRA 02 - SINTÉTICA'!$D$7:$D$50,'PLANILHA CONSOLIDADA'!D8,'OBRA 02 - SINTÉTICA'!$F$7:$F$50) -> 0 | H8: =SUMIF('OBRA 03 - SINTÉTICA'!$D$7:$D$57,'PLANILHA CONSOLIDADA'!D8,'OBRA 03 - SINTÉTICA'!$F$7:$F$57) -> 880.5757 | I8: =SUMIF('OBRA 04 - SINTÉTICA'!$D$7:$D$52,'PLANILHA CONSOLIDADA'!D8,'OBRA 04 - SINTÉTICA'!$F$7:$F$52) -> 0 | J8: =SUM(F8:G8) -> 380.8 | K8: =Q8 -> 4.7337573 | L8: =TRUNC(F8*K8,2) -> 1802.61 | M8: =TRUNC(G8*K8,2) -> 0 | N8: =TRUNC(H8*K8,2) -> 4168.43 | O8: =TRUNC(I8*K8,2) -> 0 | P8: =SUM(L8:M8) -> 1802.61 | Q8: ='OBRA 01 - SINTÉTICA'!H10 -> 4.7337573
A9: 1.4 | B9: 21 | C9: ORSE | D9: DEMOLIÇÃO DE MEIO-FIO GRANÍTICO OU PRE-MOLDADO | E9: m | F9: =SUMIF('OBRA 01 - SINTÉTICA'!$D$7:$D$50,'PLANILHA CONSOLIDADA'!D9,'OBRA 01 - SINTÉTICA'!$F$7:$F$50) -> 732 | G9: =SUMIF('OBRA 02 - SINTÉTICA'!$D$7:$D$50,'PLANILHA CONSOLIDADA'!D9,'OBRA 02 - SINTÉTICA'!$F$7:$F$50) -> 533.35 | H9: =SUMIF('OBRA 03 - SINTÉTICA'!$D$7:$D$57,'PLANILHA CONSOLIDADA'!D9,'OBRA 03 - SINTÉTICA'!$F$7:$F$57) -> 1391.37 | I9: =SUMIF('OBRA 04 - SINTÉTICA'!$D$7:$D$52,'PLANILHA CONSOLIDADA'!D9,'OBRA 04 - SINTÉTICA'!$F$7:$F$52) -> 66.36 | J9: =SUM(F9:G9) -> 1265.35 | K9: =Q9 -> 11.871391 | L9: =TRUNC(F9*K9,2) -> 8689.85 | M9: =K9*G9 -> 6331.6064 | N9: =TRUNC(H9*K9,2) -> 16517.49 | O9: =TRUNC(I9*K9,2) -> 787.78 | P9: =SUM(L9:M9) -> 15021.456 | Q9: ='OBRA 01 - SINTÉTICA'!H11 -> 11.871391 | R9: 11.871391
A10: 1.5 | B10: 1600989 | C10: SICRO3 | D10: DEMOLIÇÃO DE CONCRETO SIMPLES COM MARTELETE | E10: m³ | F10: =SUMIF('OBRA 01 - SINTÉTICA'!$D$7:$D$50,'PLANILHA CONSOLIDADA'!D10,'OBRA 01 - SINTÉTICA'!$F$7:$F$50) -> 4.5 | G10: =SUMIF('OBRA 02 - SINTÉTICA'!$D$7:$D$50,'PLANILHA CONSOLIDADA'!D10,'OBRA 02 - SINTÉTICA'!$F$7:$F$50) -> 0 | H10: =SUMIF('OBRA 03 - SINTÉTICA'!$D$7:$D$57,'PLANILHA CONSOLIDADA'!D10,'OBRA 03 - SINTÉTICA'!$F$7:$F$57) -> 428.723 | I10: =SUMIF('OBRA 04 - SINTÉTICA'!$D$7:$D$52,'PLANILHA CONSOLIDADA'!D10,'OBRA 04 - SINTÉTICA'!$F$7:$F$52) -> 51.8301 | J10: =SUM(F10:G10) -> 4.5 | K10: =Q10 -> 473.45342 | L10: =TRUNC(F10*K10,2) -> 2130.54 | M10: =TRUNC(G10*K10,2) -> 0 | N10: =TRUNC(H10*K10,2) -> 202980.37 | O10: =TRUNC(I10*K10,2) -> 24539.13 | P10: =SUM(L10:M10) -> 2130.54 | Q10: ='OBRA 01 - SINTÉTICA'!H12 -> 473.45342
A11: 1.6 | B11: 100977 | C11: SINAPI | D11: CARGA, MANOBRA E DESCARGA DE SOLOS E MATERIAIS GRANULARES EM CAMINHÃO BASCULANTE 6 M³ - CARGA COM ESCAVADEIRA HIDRÁULICA (CAÇAMBA DE 1,20 M³ / 155 HP) E DESCARGA LIVRE (UNIDADE: M3). AF_07/2020 - ENTULHO | E11: m³ | F11: =SUMIF('OBRA 01 - SINTÉTICA'!$D$7:$D$50,'PLANILHA CONSOLIDADA'!D11,'OBRA 01 - SINTÉTICA'!$F$7:$F$50) -> 262.025 | G11: =SUMIF('OBRA 02 - SINTÉTICA'!$D$7:$D$50,'PLANILHA CONSOLIDADA'!D11,'OBRA 02 - SINTÉTICA'!$F$7:$F$50) -> 24.00075 | H11: =SUMIF('OBRA 03 - SINTÉTICA'!$D$7:$D$57,'PLANILHA CONSOLIDADA'!D11,'OBRA 03 - SINTÉTICA'!$F$7:$F$57) -> 496.98951 | I11: =SUMIF('OBRA 04 - SINTÉTICA'!$D$7:$D$52,'PLANILHA CONSOLIDADA'!D11,'OBRA 04 - SINTÉTICA'!$F$7:$F$52) -> 62.6218 | J11: =SUM(F11:G11) -> 286.02575 | K11: =Q11 -> 9.4444932 | L11: =TRUNC(F11*K11,2) -> 2474.69 | M11: =TRUNC(G11*K11,2) -> 226.67 | N11: =TRUNC(H11*K11,2) -> 4693.81 | O11: =TRUNC(I11*K11,2) -> 591.43 | P11: =SUM(L11:M11) -> 2701.36 | Q11: ='OBRA 01 - SINTÉTICA'!H13 -> 9.4444932
A12: 1.7 | B12: 97914 | C12: SINAPI | D12: TRANSPORTE COM CAMINHÃO BASCULANTE DE 6 M³, EM VIA URBANA PAVIMENTADA, DMT ATÉ 30 KM (UNIDADE: M3XKM). AF_07/2020 - ENTULHO | E12: M3XKM | F12: =SUMIF('OBRA 01 - SINTÉTICA'!$D$7:$D$50,'PLANILHA CONSOLIDADA'!D12,'OBRA 01 - SINTÉTICA'!$F$7:$F$50) -> 7860.75 | G12: =SUMIF('OBRA 02 - SINTÉTICA'!$D$7:$D$50,'PLANILHA CONSOLIDADA'!D12,'OBRA 02 - SINTÉTICA'!$F$7:$F$50) -> 720.0225 | H12: ='OBRA 03 - MEMÓRIA'!O23 -> 14909.685 | I12: =SUMIF('OBRA 04 - SINTÉTICA'!$D$7:$D$52,'PLANILHA CONSOLIDADA'!D12,'OBRA 04 - SINTÉTICA'!$F$7:$F$52) -> 1878.654 | J12: =SUM(F12:G12) -> 8580.7725 | K12: =Q12 -> 3.5967841 | L12: =TRUNC(F12*K12,2) -> 28273.42 | M12: =TRUNC(G12*K12,2) -> 2589.76 | N12: =K12*H12 -> 53626.919 | O12: =TRUNC(I12*K12,2) -> 6757.11 | P12: =SUM(L12:M12) -> 30863.18 | Q12: ='OBRA 01 - SINTÉTICA'!H14 -> 3.5967841 | R12: =J12+J18 -> 95015.478 | S12: =R12*K12 -> 341750.16 | T12: =L12+L18 -> 133587.25 | U12: =M12+M18 -> 208162.89 | V12: =N12+N18 -> 247541.93 | W12: =O12+O18 -> 230293.28
R13: =J28+J36+J37+J38+J53 -> 139800.33 | S13: =R13*K28 -> 421299.89
A14: 2 | D14: TERRAPLENAGEM | L14: =SUM(L16:L18) -> 124420.61 | M14: =SUM(M16:M18) -> 242869.67 | N14: =SUM(N16:N18) -> 229096.46 | O14: =SUM(O16:O18) -> 274230.58 | P14: =SUM(P16:P18) -> 367290.28 | R14: =J11+J27+J52 -> 4017.815 | S14: =R14*K11 -> 37946.227
A16: 2.1 | B16: 101124 | C16: SINAPI | D16: ESCAVAÇÃO HORIZONTAL, INCLUINDO CARGA E DESCARGA EM SOLO DE 1A CATEGORIA COM TRATOR DE ESTEIRAS (100HP/LÂMINA: 2,19M3). AF_07/2020 | E16: m³ | F16: =SUMIF('OBRA 01 - SINTÉTICA'!$D$7:$D$50,'PLANILHA CONSOLIDADA'!D16,'OBRA 01 - SINTÉTICA'!$F$7:$F$50) -> 780.8 | G16: =SUMIF('OBRA 02 - SINTÉTICA'!$D$7:$D$50,'PLANILHA CONSOLIDADA'!D16,'OBRA 02 - SINTÉTICA'!$F$7:$F$50) -> 1524.1255 | H16: =SUMIF('OBRA 03 - SINTÉTICA'!$D$7:$D$57,'PLANILHA CONSOLIDADA'!D16,'OBRA 03 - SINTÉTICA'!$F$7:$F$57) -> 1437.6918 | I16: =SUMIF('OBRA 04 - SINTÉTICA'!$D$7:$D$52,'PLANILHA CONSOLIDADA'!D16,'OBRA 04 - SINTÉTICA'!$F$7:$F$52) -> 2071.63 | J16: =SUM(F16:G16) -> 2304.9255 | K16: =Q16 -> 18.541465 | L16: =TRUNC(F16*K16,2) -> 14477.17 | M16: =TRUNC(G16*K16,2) -> 28259.51 | N16: =TRUNC(H16*K16,2) -> 26656.91 | O16: =TRUNC(I16*K16,2) -> 38411.05 | P16: =SUM(L16:M16) -> 42736.68 | Q16: ='OBRA 01 - SINTÉTICA'!H16 -> 18.541465 | R16: =SUM(L16:L17) -> 19106.78 | S16: =SUM(M16:M17) -> 37296.54 | T16: =SUM(N16:N17) -> 35181.45 | U16: =SUM(O16:O17) -> 50694.41 | V16: =SUM(#REF!) -> #REF! | W16: =SUM(R16:V16) -> #REF! | X16: =R16/R61 -> 0.0050971902 | Y16: =S16/S61 -> 0.0097768478 | Z16: =T16/#REF! -> #REF! | AA16: =U16/#REF! -> #REF! | AB16: =V16/#REF! -> #REF! | AC16: =W16/#REF! -> #REF!
A17: 2.2 | B17: 5502978 | C17: SICRO3 | D17: COMPACTAÇÃO DE ATERROS A 100% DO PROCTOR NORMAL | E17: m³ | F17: =SUMIF('OBRA 01 - SINTÉTICA'!$D$7:$D$50,'PLANILHA CONSOLIDADA'!D17,'OBRA 01 - SINTÉTICA'!$F$7:$F$50) -> 780.8 | G17: =SUMIF('OBRA 02 - SINTÉTICA'!$D$7:$D$50,'PLANILHA CONSOLIDADA'!D17,'OBRA 02 - SINTÉTICA'!$F$7:$F$50) -> 1524.1255 | H17: =SUMIF('OBRA 03 - SINTÉTICA'!$D$7:$D$57,'PLANILHA CONSOLIDADA'!D17,'OBRA 03 - SINTÉTICA'!$F$7:$F$57) -> 1437.6918 | I17: =SUMIF('OBRA 04 - SINTÉTICA'!$D$7:$D$52,'PLANILHA CONSOLIDADA'!D17,'OBRA 04 - SINTÉTICA'!$F$7:$F$52) -> 2071.63 | J17: =SUM(F17:G17) -> 2304.9255 | K17: =Q17 -> 5.9293249 | L17: =TRUNC(F17*K17,2) -> 4629.61 | M17: =TRUNC(G17*K17,2) -> 9037.03 | N17: =TRUNC(H17*K17,2) -> 8524.54 | O17: =TRUNC(I17*K17,2) -> 12283.36 | P17: =SUM(L17:M17) -> 13666.64 | Q17: ='OBRA 01 - SINTÉTICA'!H17 -> 5.9293249 | X17: =X16+X7 -> 0.038926001 | Y17: =Y16+Y7 -> 0.012886548 | Z17: =Z16+Z7 -> #REF! | AA17: =AA16+AA7 -> #REF! | AB17: =AB16+AB7 -> #REF! | AC17: =AC16+AC7 -> #REF!
A18: 2.3 | B18: 97914 | C18: SINAPI | D18: TRANSPORTE COM CAMINHÃO BASCULANTE DE 6 M³, EM VIA URBANA PAVIMENTADA, DMT ATÉ 30 KM (UNIDADE: M3XKM). AF_07/2020 - SOLO | E18: M3XKM | F18: =SUMIF('OBRA 01 - SINTÉTICA'!$D$7:$D$50,'PLANILHA CONSOLIDADA'!D18,'OBRA 01 - SINTÉTICA'!$F$7:$F$50) -> 29280 | G18: =SUMIF('OBRA 02 - SINTÉTICA'!$D$7:$D$50,'PLANILHA CONSOLIDADA'!D18,'OBRA 02 - SINTÉTICA'!$F$7:$F$50) -> 57154.706 | H18: =SUMIF('OBRA 03 - SINTÉTICA'!$D$7:$D$57,'PLANILHA CONSOLIDADA'!D18,'OBRA 03 - SINTÉTICA'!$F$7:$F$57) -> 53913.444 | I18: =SUMIF('OBRA 04 - SINTÉTICA'!$D$7:$D$52,'PLANILHA CONSOLIDADA'!D18,'OBRA 04 - SINTÉTICA'!$F$7:$F$52) -> 62148.9 | J18: =SUM(F18:G18) -> 86434.706 | K18: =Q18 -> 3.5967841 | L18: =TRUNC(F18*K18,2) -> 105313.83 | M18: =TRUNC(G18*K18,2) -> 205573.13 | N18: =TRUNC(H18*K18,2) -> 193915.01 | O18: =TRUNC(I18*K18,2) -> 223536.17 | P18: =SUM(L18:M18) -> 310886.96 | Q18: ='OBRA 01 - SINTÉTICA'!H18 -> 3.5967841 | R18: 3.5967841
A20: 3 | D20: PAVIMENTO | L20: =SUM(L22:L43) -> 735374.61 | M20: =SUM(M22:M43) -> 1231542.4 | N20: =SUM(N22:N44) -> 1038449.2 | O20: =SUM(O22:O43) -> 1441350.1 | P20: =SUM(P22:P44) -> 1966917
D21: BASE | R21: =SUM(O22:O28) -> 581422.88 | S21: =SUM(O30:O44) -> 859927.17 | T21: =SUM(R21:S21) -> 1441350.1
A22: 3.1 | B22: 100577 | C22: SINAPI | D22: REGULARIZAÇÃO E COMPACTAÇÃO DE SUBLEITO DE SOLO PREDOMINANTEMENTE ARENOSO. AF_11/2019 | E22: m² | F22: ='OBRA 01 - MEMÓRIA'!O34 -> 1952 | G22: =SUMIF('OBRA 02 - SINTÉTICA'!$D$7:$D$50,'PLANILHA CONSOLIDADA'!D22,'OBRA 02 - SINTÉTICA'!$F$7:$F$50) -> 3810.3137 | H22: =SUMIF('OBRA 03 - SINTÉTICA'!$D$7:$D$57,'PLANILHA CONSOLIDADA'!D22,'OBRA 03 - SINTÉTICA'!$F$7:$F$57) -> 3594.2296 | I22: =SUMIF('OBRA 04 - SINTÉTICA'!$D$7:$D$52,'PLANILHA CONSOLIDADA'!D22,'OBRA 04 - SINTÉTICA'!$F$7:$F$52) -> 4143.26 | J22: =SUM(F22:G22) -> 5762.3137 | K22: =Q22 -> 2.3952638 | L22: =TRUNC(F22*K22,2) -> 4675.55 | M22: =TRUNC(G22*K22,2) -> 9126.7 | N22: =TRUNC(H22*K22,2) -> 8609.12 | O22: =TRUNC(I22*K22,2) -> 9924.2 | P22: =SUM(L22:M22) -> 13802.25 | Q22: ='OBRA 01 - SINTÉTICA'!H21 -> 2.3952638 | R22: =SUM(L22:L43) -> 735374.61 | S22: =SUM(M22:M43) -> 1231542.4 | T22: =SUM(N22:N43) -> 1036617.6 | U22: =SUM(O22:O43) -> 1441350.1 | V22: =SUM(#REF!) -> #REF! | W22: =SUM(R22:V22) -> #REF! | X22: =R22/R61 -> 0.19617875 | Y22: =S22/S61 -> 0.3228343 | Z22: =T22/#REF! -> #REF! | AA22: =U22/#REF! -> #REF! | AB22: =V22/#REF! -> #REF! | AC22: =W22/#REF! -> #REF!
A23: 3.2 | B23: 100565 | C23: SINAPI | D23: EXECUÇÃO E COMPACTAÇÃO DE BASE E OU SUB-BASE PARA PAVIMENTAÇÃO DE SOLO (PREDOMINANTEMENTE ARENOSO) BRITA - 50/50 - EXCLUSIVE SOLO, ESCAVAÇÃO, CARGA E TRANSPORTE. AF_11/2019 | E23: m³ | F23: =SUMIF('OBRA 01 - SINTÉTICA'!$D$7:$D$50,'PLANILHA CONSOLIDADA'!D23,'OBRA 01 - SINTÉTICA'!$F$7:$F$50) -> 390.4 | G23: =SUMIF('OBRA 02 - SINTÉTICA'!$D$7:$D$50,'PLANILHA CONSOLIDADA'!D23,'OBRA 02 - SINTÉTICA'!$F$7:$F$50) -> 762.06274 | H23: =SUMIF('OBRA 03 - SINTÉTICA'!$D$7:$D$57,'PLANILHA CONSOLIDADA'!D23,'OBRA 03 - SINTÉTICA'!$F$7:$F$57) -> 718.84592 | I23: =SUMIF('OBRA 04 - SINTÉTICA'!$D$7:$D$52,'PLANILHA CONSOLIDADA'!D23,'OBRA 04 - SINTÉTICA'!$F$7:$F$52) -> 828.652 | J23: =SUM(F23:G23) -> 1152.4627 | K23: =Q23 -> 113.03518 | L23: =TRUNC(F23*K23,2) -> 44128.93 | M23: =TRUNC(G23*K23,2) -> 86139.89 | N23: =TRUNC(H23*K23,2) -> 81254.87 | O23: =TRUNC(I23*K23,2) -> 93666.82 | P23: =SUM(L23:M23) -> 130268.82 | Q23: ='OBRA 01 - SINTÉTICA'!H22 -> 113.03518 | R23: =SUM(N22:N28) -> 451964.38 | X23: =X22+X17 -> 0.23510475 | Y23: =Y22+Y17 -> 0.33572085 | Z23: =Z22+Z17 -> #REF! | AA23: =AA22+AA17 -> #REF! | AB23: =AB22+AB17 -> #REF! | AC23: =AC22+AC17 -> #REF!
A24: 3.3 | B24: 00004743 | C24: SINAPI | D24: CASCALHO DE CAVA | E24: m³ | F24: =SUMIF('OBRA 01 - SINTÉTICA'!$D$7:$D$50,'PLANILHA CONSOLIDADA'!D24,'OBRA 01 - SINTÉTICA'!$F$7:$F$50) -> 244 | G24: =SUMIF('OBRA 02 - SINTÉTICA'!$D$7:$D$50,'PLANILHA CONSOLIDADA'!D24,'OBRA 02 - SINTÉTICA'!$F$7:$F$50) -> 476.28921 | H24: =SUMIF('OBRA 03 - SINTÉTICA'!$D$7:$D$57,'PLANILHA CONSOLIDADA'!D24,'OBRA 03 - SINTÉTICA'!$F$7:$F$57) -> 449.2787 | I24: =SUMIF('OBRA 04 - SINTÉTICA'!$D$7:$D$52,'PLANILHA CONSOLIDADA'!D24,'OBRA 04 - SINTÉTICA'!$F$7:$F$52) -> 517.9075 | J24: =SUM(F24:G24) -> 720.28921 | K24: =Q24 -> 69.460984 | L24: =TRUNC(F24*K24,2) -> 16948.48 | M24: =TRUNC(G24*K24,2) -> 33083.51 | N24: =TRUNC(H24*K24,2) -> 31207.34 | O24: =TRUNC(I24*K24,2) -> 35974.36 | P24: =SUM(L24:M24) -> 50031.99 | Q24: ='OBRA 01 - SINTÉTICA'!H23 -> 69.460984
A25: 3.4 | B25: 96397 | C25: SINAPI | D25: EXECUÇÃO E COMPACTAÇÃO DE BASE E OU SUB BASE PARA PAVIMENTAÇÃO DE BRITA GRADUADA SIMPLES TRATADA COM CIMENTO - EXCLUSIVE CARGA E TRANSPORTE. AF_11/2019 | E25: m³ | F25: =SUMIF('OBRA 01 - SINTÉTICA'!$D$7:$D$50,'PLANILHA CONSOLIDADA'!D25,'OBRA 01 - SINTÉTICA'!$F$7:$F$50) -> 0 | G25: ='OBRA 02 - SINTÉTICA'!F19 -> 762.06274 | H25: =SUMIF('OBRA 03 - SINTÉTICA'!$D$7:$D$57,'PLANILHA CONSOLIDADA'!D25,'OBRA 03 - SINTÉTICA'!$F$7:$F$57) -> 0 | I25: =SUMIF('OBRA 04 - SINTÉTICA'!$D$7:$D$52,'PLANILHA CONSOLIDADA'!D25,'OBRA 04 - SINTÉTICA'!$F$7:$F$52) -> 828.652 | J25: =SUM(F25:G25) -> 762.06274 | K25: =Q25 -> 283.59451 | L25: =TRUNC(F25*K25,2) -> 0 | M25: =TRUNC(G25*K25,2) -> 216116.8 | N25: =TRUNC(H25*K25,2) -> 0 | O25: =TRUNC(I25*K25,2) -> 235001.15 | P25: =SUM(L25:M25) -> 216116.8 | Q25: ='OBRA 02 - ANALÍTICA'!J144 -> 283.59451
A26: 3.5 | B26: 96396 | C26: SINAPI | D26: EXECUÇÃO E COMPACTAÇÃO DE BASE E OU SUB BASE PARA PAVIMENTAÇÃO DE BRITA GRADUADA SIMPLES - EXCLUSIVE CARGA E TRANSPORTE. AF_11/2019 | E26: m³ | F26: =SUMIF('OBRA 01 - SINTÉTICA'!$D$7:$D$50,'PLANILHA CONSOLIDADA'!D26,'OBRA 01 - SINTÉTICA'!$F$7:$F$50) -> 979.6 | G26: 0 | H26: =SUMIF('OBRA 03 - SINTÉTICA'!$D$7:$D$57,'PLANILHA CONSOLIDADA'!D26,'OBRA 03 - SINTÉTICA'!$F$7:$F$57) -> 718.84592 | I26: =SUMIF('OBRA 04 - SINTÉTICA'!$D$7:$D$52,'PLANILHA CONSOLIDADA'!D26,'OBRA 04 - SINTÉTICA'!$F$7:$F$52) -> 0 | J26: =SUM(F26:G26) -> 979.6 | K26: =Q26 -> 210.68158 | L26: =TRUNC(F26*K26,2) -> 206383.67 | M26: =TRUNC(G26*K26,2) -> 0 | N26: =TRUNC(H26*K26,2) -> 151447.59 | O26: =TRUNC(I26*K26,2) -> 0 | P26: =SUM(L26:M26) -> 206383.67 | Q26: ='OBRA 01 - SINTÉTICA'!H24 -> 210.68158
A27: 3.6 | B27: 100977 | C27: SINAPI | D27: CARGA, MANOBRA E DESCARGA DE SOLOS E MATERIAIS GRANULARES EM CAMINHÃO BASCULANTE 6 M³ - CARGA COM ESCAVADEIRA HIDRÁULICA (CAÇAMBA DE 1,20 M³ / 155 HP) E DESCARGA LIVRE (UNIDADE: M3). AF_07/2020 - BASE | E27: m³ | F27: =SUMIF('OBRA 01 - SINTÉTICA'!$D$7:$D$50,'PLANILHA CONSOLIDADA'!D27,'OBRA 01 - SINTÉTICA'!$F$7:$F$50) -> 1712.5 | G27: =SUMIF('OBRA 02 - SINTÉTICA'!$D$7:$D$50,'PLANILHA CONSOLIDADA'!D27,'OBRA 02 - SINTÉTICA'!$F$7:$F$50) -> 1905.1569 | H27: ='OBRA 03 - MEMÓRIA'!O42 -> 1797.1148 | I27: =SUMIF('OBRA 04 - SINTÉTICA'!$D$7:$D$52,'PLANILHA CONSOLIDADA'!D27,'OBRA 04 - SINTÉTICA'!$F$7:$F$52) -> 2071.63 | J27: =SUM(F27:G27) -> 3617.6569 | K27: =Q27 -> 9.4444932 | L27: =TRUNC(F27*K27,2) -> 16173.69 | M27: =TRUNC(G27*K27,2) -> 17993.24 | N27: =TRUNC(H27*K27,2) -> 16972.83 | O27: =TRUNC(I27*K27,2) -> 19565.49 | P27: =SUM(L27:M27) -> 34166.93 | Q27: ='OBRA 01 - SINTÉTICA'!H25 -> 9.4444932
A28: 3.7 | B28: 95875 | C28: SINAPI | D28: TRANSPORTE COM CAMINHÃO BASCULANTE DE 10 M³, EM VIA URBANA PAVIMENTADA, DMT ATÉ 30 KM (UNIDADE: M3XKM). AF_07/2020 - BASE | E28: M3XKM | F28: =SUMIF('OBRA 01 - SINTÉTICA'!$D$7:$D$50,'PLANILHA CONSOLIDADA'!D28,'OBRA 01 - SINTÉTICA'!$F$7:$F$50) -> 51375 | G28: =SUMIF('OBRA 02 - SINTÉTICA'!$D$7:$D$50,'PLANILHA CONSOLIDADA'!D28,'OBRA 02 - SINTÉTICA'!$F$7:$F$50) -> 57154.706 | H28: =SUMIF('OBRA 03 - SINTÉTICA'!$D$7:$D$57,'PLANILHA CONSOLIDADA'!D28,'OBRA 03 - SINTÉTICA'!$F$7:$F$57) -> 53913.444 | I28: =SUMIF('OBRA 04 - SINTÉTICA'!$D$7:$D$52,'PLANILHA CONSOLIDADA'!D28,'OBRA 04 - SINTÉTICA'!$F$7:$F$52) -> 62148.9 | J28: =SUM(F28:G28) -> 108529.71 | K28: =Q28 -> 3.0135829 | L28: =TRUNC(F28*K28,2) -> 154822.81 | M28: =TRUNC(G28*K28,2) -> 172240.44 | N28: =TRUNC(H28*K28,2) -> 162472.63 | O28: =TRUNC(I28*K28,2) -> 187290.86 | P28: =SUM(L28:M28) -> 327063.25 | Q28: ='OBRA 01 - SINTÉTICA'!H26 -> 3.0135829 | R28: =R29+'OBRA 03 - SINTÉTICA'!I32 -> 600900.5
D29: PAVIMENTAÇÃO | R29: =SUM(N30:N43) -> 584653.24
A30: 3.8 | B30: 4011486 | C30: SICRO3 | D30: RECICLAGEM COM INCORPORAÇÃO DO REVESTIMENTO ASFÁLTICO À BASE E ADIÇÃO DE 3% DE CIMENTO E DE BRITA COMERCIAL | E30: m³ | F30: =SUMIF('OBRA 01 - SINTÉTICA'!$D$7:$D$50,'PLANILHA CONSOLIDADA'!D30,'OBRA 01 - SINTÉTICA'!$F$7:$F$50) -> 0 | G30: =SUMIF('OBRA 02 - SINTÉTICA'!$D$7:$D$50,'PLANILHA CONSOLIDADA'!D30,'OBRA 02 - SINTÉTICA'!$F$7:$F$50) -> 1288.2011 | H30: =SUMIF('OBRA 03 - SINTÉTICA'!$D$7:$D$57,'PLANILHA CONSOLIDADA'!D30,'OBRA 03 - SINTÉTICA'!$F$7:$F$57) -> 0 | I30: =SUMIF('OBRA 04 - SINTÉTICA'!$D$7:$D$52,'PLANILHA CONSOLIDADA'!D30,'OBRA 04 - SINTÉTICA'!$F$7:$F$52) -> 1296.135 | J30: =SUM(F30:G30) -> 1288.2011 | K30: =Q30 -> 141.15746 | L30: =TRUNC(F30*K30,2) -> 0 | M30: =TRUNC(G30*K30,2) -> 181839.18 | N30: =TRUNC(H30*K30,2) -> 0 | O30: =TRUNC(I30*K30,2) -> 182959.12 | P30: =SUM(L30:M30) -> 181839.18 | Q30: ='OBRA 02 - ANALÍTICA'!J204 -> 141.15746 | R30: =J30*L30 -> 0 | S30: =SUM(M30:R30) -> 546778.64
A31: 3.9 | B31: 4011352 | C31: SICRO3 | D31: IMPRIMAÇÃO COM EMULSÃO ASFÁLTICA | E31: m² | F31: =SUMIF('OBRA 01 - SINTÉTICA'!$D$7:$D$50,'PLANILHA CONSOLIDADA'!D31,'OBRA 01 - SINTÉTICA'!$F$7:$F$50) -> 3701.62 | G31: =SUMIF('OBRA 02 - SINTÉTICA'!$D$7:$D$50,'PLANILHA CONSOLIDADA'!D31,'OBRA 02 - SINTÉTICA'!$F$7:$F$50) -> 4127.808 | H31: =SUMIF('OBRA 03 - SINTÉTICA'!$D$7:$D$57,'PLANILHA CONSOLIDADA'!D31,'OBRA 03 - SINTÉTICA'!$F$7:$F$57) -> 3594.2296 | I31: =SUMIF('OBRA 04 - SINTÉTICA'!$D$7:$D$52,'PLANILHA CONSOLIDADA'!D31,'OBRA 04 - SINTÉTICA'!$F$7:$F$52) -> 4143.26 | J31: =SUM(F31:G31) -> 7829.428 | K31: =Q31 -> 0.48256612 | L31: =TRUNC(F31*K31,2) -> 1786.27 | M31: =TRUNC(G31*K31,2) -> 1991.94 | N31: =TRUNC(H31*K31,2) -> 1734.45 | O31: =TRUNC(I31*K31,2) -> 1999.39 | P31: =SUM(L31:M31) -> 3778.21 | Q31: ='OBRA 01 - SINTÉTICA'!H28 -> 0.48256612
A32: 3.10 | B32: 4011353 | C32: SICRO3 | D32: PINTURA DE LIGAÇÃO | E32: m² | F32: =SUMIF('OBRA 01 - SINTÉTICA'!$D$7:$D$50,'PLANILHA CONSOLIDADA'!D32,'OBRA 01 - SINTÉTICA'!$F$7:$F$50) -> 3701.62 | G32: =SUMIF('OBRA 02 - SINTÉTICA'!$D$7:$D$50,'PLANILHA CONSOLIDADA'!D32,'OBRA 02 - SINTÉTICA'!$F$7:$F$50) -> 8421.8116 | H32: =SUMIF('OBRA 03 - SINTÉTICA'!$D$7:$D$57,'PLANILHA CONSOLIDADA'!D32,'OBRA 03 - SINTÉTICA'!$F$7:$F$57) -> 3594.2296 | I32: =SUMIF('OBRA 04 - SINTÉTICA'!$D$7:$D$52,'PLANILHA CONSOLIDADA'!D32,'OBRA 04 - SINTÉTICA'!$F$7:$F$52) -> 8463.71 | J32: =SUM(F32:G32) -> 12123.432 | K32: =Q32 -> 0.33413027 | L32: =TRUNC(F32*K32,2) -> 1236.82 | M32: =TRUNC(G32*K32,2) -> 2813.98 | N32: =TRUNC(H32*K32,2) -> 1200.94 | O32: =TRUNC(I32*K32,2) -> 2827.98 | P32: =SUM(L32:M32) -> 4050.8 | Q32: ='OBRA 01 - SINTÉTICA'!H29 -> 0.33413027
A33: 3.11 | B33: 4011463 | C33: SICRO3 | D33: CONCRETO ASFÁLTICO - FAIXA C - AREIA E BRITA COMERCIAIS | E33: t | F33: =SUMIF('OBRA 01 - SINTÉTICA'!$D$7:$D$50,'PLANILHA CONSOLIDADA'!D33,'OBRA 01 - SINTÉTICA'!$F$7:$F$50) -> 444.1944 | G33: =SUMIF('OBRA 02 - SINTÉTICA'!$D$7:$D$50,'PLANILHA CONSOLIDADA'!D33,'OBRA 02 - SINTÉTICA'!$F$7:$F$50) -> 1010.6174 | H33: =SUMIF('OBRA 03 - SINTÉTICA'!$D$7:$D$57,'PLANILHA CONSOLIDADA'!D33,'OBRA 03 - SINTÉTICA'!$F$7:$F$57) -> 431.30755 | I33: =SUMIF('OBRA 04 - SINTÉTICA'!$D$7:$D$52,'PLANILHA CONSOLIDADA'!D33,'OBRA 04 - SINTÉTICA'!$F$7:$F$52) -> 1015.6452 | J33: =SUM(F33:G33) -> 1454.8118 | K33: =Q33 -> 237.37919 | L33: =TRUNC(F33*K33,2) -> 105442.5 | M33: =TRUNC(G33*K33,2) -> 239899.53 | N33: =TRUNC(H33*K33,2) -> 102383.43 | O33: =TRUNC(I33*K33,2) -> 241093.03 | P33: =SUM(L33:M33) -> 345342.03 | Q33: ='OBRA 01 - SINTÉTICA'!H30 -> 237.37919
A34: 3.12 | B34: 102330 | C34: SINAPI | D34: TRANSPORTE COM CAMINHÃO TANQUE DE TRANSPORTE DE MATERIAL ASFÁLTICO DE 30000 L, EM VIA URBANA PAVIMENTADA, DMT ATÉ 30KM (UNIDADE: TXKM). AF_07/2020 | E34: TXKM | F34: =SUMIF('OBRA 01 - SINTÉTICA'!$D$7:$D$50,'PLANILHA CONSOLIDADA'!D34,'OBRA 01 - SINTÉTICA'!$F$7:$F$50) -> 1053.718 | G34: =SUMIF('OBRA 02 - SINTÉTICA'!$D$7:$D$50,'PLANILHA CONSOLIDADA'!D34,'OBRA 02 - SINTÉTICA'!$F$7:$F$50) -> 1271.592 | H34: =SUMIF('OBRA 03 - SINTÉTICA'!$D$7:$D$57,'PLANILHA CONSOLIDADA'!D34,'OBRA 03 - SINTÉTICA'!$F$7:$F$57) -> 1023.1478 | I34: =SUMIF('OBRA 04 - SINTÉTICA'!$D$7:$D$52,'PLANILHA CONSOLIDADA'!D34,'OBRA 04 - SINTÉTICA'!$F$7:$F$52) -> 2240.816 | J34: =SUM(F34:G34) -> 2325.31 | K34: =Q34 -> 1.7244854 | L34: =TRUNC(F34*K34,2) -> 1817.12 | M34: =TRUNC(G34*K34,2) -> 2192.84 | N34: =TRUNC(H34*K34,2) -> 1764.4 | O34: =TRUNC(I34*K34,2) -> 3864.25 | P34: =SUM(L34:M34) -> 4009.96 | Q34: ='OBRA 01 - SINTÉTICA'!H32 -> 1.7244854
A35: 3.13 | B35: 102331 | C35: SINAPI | D35: TRANSPORTE COM CAMINHÃO TANQUE DE TRANSPORTE DE MATERIAL ASFÁLTICO DE 30000 L, EM VIA URBANA PAVIMENTADA, ADICIONAL PARA DMT EXCEDENTE A 30 KM (UNIDADE: TXKM). AF_07/2020 | E35: TXKM | F35: =SUMIF('OBRA 01 - SINTÉTICA'!$D$7:$D$50,'PLANILHA CONSOLIDADA'!D35,'OBRA 01 - SINTÉTICA'!$F$7:$F$50) -> 16508.248 | G35: =SUMIF('OBRA 02 - SINTÉTICA'!$D$7:$D$50,'PLANILHA CONSOLIDADA'!D35,'OBRA 02 - SINTÉTICA'!$F$7:$F$50) -> 19921.608 | H35: =SUMIF('OBRA 03 - SINTÉTICA'!$D$7:$D$57,'PLANILHA CONSOLIDADA'!D35,'OBRA 03 - SINTÉTICA'!$F$7:$F$57) -> 16029.315 | I35: =SUMIF('OBRA 04 - SINTÉTICA'!$D$7:$D$52,'PLANILHA CONSOLIDADA'!D35,'OBRA 04 - SINTÉTICA'!$F$7:$F$52) -> 35106.117 | J35: =SUM(F35:G35) -> 36429.856 | K35: =Q35 -> 0.68072843 | L35: =TRUNC(F35*K35,2) -> 11237.63 | M35: =TRUNC(G35*K35,2) -> 13561.2 | N35: =TRUNC(H35*K35,2) -> 10911.61 | O35: =TRUNC(I35*K35,2) -> 23897.73 | P35: =SUM(L35:M35) -> 24798.83 | Q35: ='OBRA 01 - SINTÉTICA'!H33 -> 0.68072843
A36: 3.14 | B36: 95875 | C36: SINAPI | D36: TRANSPORTE COM CAMINHÃO BASCULANTE DE 10 M³, EM VIA URBANA PAVIMENTADA, DMT ATÉ 30 KM (UNIDADE: M3XKM). AF_07/2020 - CBUQ | E36: M3XKM | F36: =SUMIF('OBRA 01 - SINTÉTICA'!$D$7:$D$50,'PLANILHA CONSOLIDADA'!D36,'OBRA 01 - SINTÉTICA'!$F$7:$F$50) -> 5552.43 | G36: =SUMIF('OBRA 02 - SINTÉTICA'!$D$7:$D$50,'PLANILHA CONSOLIDADA'!D36,'OBRA 02 - SINTÉTICA'!$F$7:$F$50) -> 12632.717 | H36: =SUMIF('OBRA 03 - SINTÉTICA'!$D$7:$D$57,'PLANILHA CONSOLIDADA'!D36,'OBRA 03 - SINTÉTICA'!$F$7:$F$57) -> 5817.8747 | I36: =SUMIF('OBRA 04 - SINTÉTICA'!$D$7:$D$52,'PLANILHA CONSOLIDADA'!D36,'OBRA 04 - SINTÉTICA'!$F$7:$F$52) -> 12695.565 | J36: =SUM(F36:G36) -> 18185.147 | K36: =Q36 -> 3.0135829 | L36: =TRUNC(F36*K36,2) -> 16732.7 | M36: =TRUNC(G36*K36,2) -> 38069.74 | N36: =TRUNC(H36*K36,2) -> 17532.64 | O36: =TRUNC(I36*K36,2) -> 38259.13 | P36: =SUM(L36:M36) -> 54802.44 | Q36: ='OBRA 01 - SINTÉTICA'!H31 -> 3.0135829
B37: 95875 | C37: SINAPI | D37: TRANSPORTE COM CAMINHÃO BASCULANTE DE 10 M³, EM VIA URBANA PAVIMENTADA, DMT ATÉ 30 KM (UNIDADE: M3XKM). AF_07/2020 - AREIA E PÓ DE PEDRA - PAVIMENTO | E37: M3XKM | F37: =SUMIF('OBRA 01 - SINTÉTICA'!$D$7:$D$50,'PLANILHA CONSOLIDADA'!D37,'OBRA 01 - SINTÉTICA'!$F$7:$F$50) -> 0 | G37: =SUMIF('OBRA 02 - SINTÉTICA'!$D$7:$D$50,'PLANILHA CONSOLIDADA'!D37,'OBRA 02 - SINTÉTICA'!$F$7:$F$50) -> 0 | H37: =SUMIF('OBRA 03 - SINTÉTICA'!$D$7:$D$57,'PLANILHA CONSOLIDADA'!D37,'OBRA 03 - SINTÉTICA'!$F$7:$F$57) -> 5391.3444 | I37: =SUMIF('OBRA 04 - SINTÉTICA'!$D$7:$D$52,'PLANILHA CONSOLIDADA'!D37,'OBRA 04 - SINTÉTICA'!$F$7:$F$52) -> 0 | J37: =SUM(F37:G37) -> 0 | K37: =Q37 -> 3.0135829 | L37: =TRUNC(F37*K37,2) -> 0 | M37: =TRUNC(G37*K37,2) -> 0 | N37: =TRUNC(H37*K37,2) -> 16247.26 | O37: =TRUNC(I37*K37,2) -> 0 | P37: =SUM(L37:M37) -> 0 | Q37: ='OBRA 01 - SINTÉTICA'!H26 -> 3.0135829
A38: 3.15 | B38: 95875 | C38: SINAPI | D38: TRANSPORTE COM CAMINHÃO BASCULANTE DE 10 M³, EM VIA URBANA PAVIMENTADA, DMT ATÉ 30 KM (UNIDADE: M3XKM). AF_07/2020 - BRITA | E38: M3XKM | F38: =SUMIF('OBRA 01 - SINTÉTICA'!$D$7:$D$50,'PLANILHA CONSOLIDADA'!D38,'OBRA 01 - SINTÉTICA'!$F$7:$F$50) -> 0 | G38: =SUMIF('OBRA 02 - SINTÉTICA'!$D$7:$D$50,'PLANILHA CONSOLIDADA'!D38,'OBRA 02 - SINTÉTICA'!$F$7:$F$50) -> 9661.5081 | H38: =SUMIF('OBRA 03 - SINTÉTICA'!$D$7:$D$57,'PLANILHA CONSOLIDADA'!D38,'OBRA 03 - SINTÉTICA'!$F$7:$F$57) -> 0 | I38: ='OBRA 04 - MEMÓRIA'!O58 -> 9721.0125 | J38: =SUM(F38:G38) -> 9661.5081 | K38: =Q38 -> 3.0135829 | L38: =TRUNC(F38*K38,2) -> 0 | M38: =TRUNC(G38*K38,2) -> 29115.75 | N38: =TRUNC(H38*K38,2) -> 0 | O38: =TRUNC(I38*K38,2) -> 29295.07 | P38: =SUM(L38:M38) -> 29115.75 | Q38: =Q37 -> 3.0135829
A39: 3.16 | B39: CPU 02 | C39: Próprio | D39: LIMPEZA DE SUPERFICIE (VARRIÇÃO E REMOÇÃO DE ENTULHOS) | E39: m² | F39: =SUMIF('OBRA 01 - SINTÉTICA'!$D$7:$D$50,'PLANILHA CONSOLIDADA'!D39,'OBRA 01 - SINTÉTICA'!$F$7:$F$50) -> 3701.62 | G39: =SUMIF('OBRA 02 - SINTÉTICA'!$D$7:$D$50,'PLANILHA CONSOLIDADA'!D39,'OBRA 02 - SINTÉTICA'!$F$7:$F$50) -> 8421.8116 | H39: =SUMIF('OBRA 03 - SINTÉTICA'!$D$7:$D$57,'PLANILHA CONSOLIDADA'!D39,'OBRA 03 - SINTÉTICA'!$F$7:$F$57) -> 3594.2296 | I39: =SUMIF('OBRA 04 - SINTÉTICA'!$D$7:$D$52,'PLANILHA CONSOLIDADA'!D39,'OBRA 04 - SINTÉTICA'!$F$7:$F$52) -> 8463.71 | J39: =SUM(F39:G39) -> 12123.432 | K39: =Q39 -> 0.70790434 | L39: =TRUNC(F39*K39,2) -> 2620.39 | M39: =TRUNC(G39*K39,2) -> 5961.83 | N39: =TRUNC(H39*K39,2) -> 2544.37 | O39: =TRUNC(I39*K39,2) -> 5991.49 | P39: =SUM(L39:M39) -> 8582.22 | Q39: ='OBRA 01 - SINTÉTICA'!H34 -> 0.70790434
A40: 3.17 | B40: ANP | C40: ANP | D40: EMULSÕES ASFÁLTICAS RR-2C | E40: T | F40: =SUMIF('OBRA 01 - SINTÉTICA'!$D$7:$D$50,'PLANILHA CONSOLIDADA'!D40,'OBRA 01 - SINTÉTICA'!$F$7:$F$50) -> 1.665729 | G40: =SUMIF('OBRA 02 - SINTÉTICA'!$D$7:$D$50,'PLANILHA CONSOLIDADA'!D40,'OBRA 02 - SINTÉTICA'!$F$7:$F$50) -> 3.7898152 | H40: =SUMIF('OBRA 03 - SINTÉTICA'!$D$7:$D$57,'PLANILHA CONSOLIDADA'!D40,'OBRA 03 - SINTÉTICA'!$F$7:$F$57) -> 1.6174033 | I40: =SUMIF('OBRA 04 - SINTÉTICA'!$D$7:$D$52,'PLANILHA CONSOLIDADA'!D40,'OBRA 04 - SINTÉTICA'!$F$7:$F$52) -> 3.8086695 | J40: =SUM(F40:G40) -> 5.4555442 | K40: =Q40 -> 3463.3233 | L40: =TRUNC(F40*K40,2) -> 5768.95 | M40: =TRUNC(G40*K40,2) -> 13125.35 | N40: =TRUNC(H40*K40,2) -> 5601.59 | O40: =TRUNC(I40*K40,2) -> 13190.65 | P40: =SUM(L40:M40) -> 18894.3 | Q40: ='OBRA 01 - SINTÉTICA'!H35 -> 3463.3233
A41: 3.18 | B41: ANP | C41: ANP | D41: EMULSÃO ASFÁLTICA PARA SERVIÇO DE IMPRIMAÇÃO - EAI | E41: T | F41: =SUMIF('OBRA 01 - SINTÉTICA'!$D$7:$D$50,'PLANILHA CONSOLIDADA'!D41,'OBRA 01 - SINTÉTICA'!$F$7:$F$50) -> 4.812106 | G41: =SUMIF('OBRA 02 - SINTÉTICA'!$D$7:$D$50,'PLANILHA CONSOLIDADA'!D41,'OBRA 02 - SINTÉTICA'!$F$7:$F$50) -> 5.3661504 | H41: =SUMIF('OBRA 03 - SINTÉTICA'!$D$7:$D$57,'PLANILHA CONSOLIDADA'!D41,'OBRA 03 - SINTÉTICA'!$F$7:$F$57) -> 4.6724985 | I41: =SUMIF('OBRA 04 - SINTÉTICA'!$D$7:$D$52,'PLANILHA CONSOLIDADA'!D41,'OBRA 04 - SINTÉTICA'!$F$7:$F$52) -> 5.386238 | J41: =SUM(F41:G41) -> 10.178256 | K41: =Q41 -> 2913.0286 | L41: =TRUNC(F41*K41,2) -> 14017.8 | M41: =TRUNC(G41*K41,2) -> 15631.74 | N41: =TRUNC(H41*K41,2) -> 13611.12 | O41: =TRUNC(I41*K41,2) -> 15690.26 | P41: =SUM(L41:M41) -> 29649.54 | Q41: ='OBRA 01 - SINTÉTICA'!H36 -> 2913.0286
A42: 3.19 | B42: ANP | C42: ANP | D42: CIMENTO ASFÁLTICO DE PETRÓLEO - CAP 50/70 | E42: T | F42: =SUMIF('OBRA 01 - SINTÉTICA'!$D$7:$D$50,'PLANILHA CONSOLIDADA'!D42,'OBRA 01 - SINTÉTICA'!$F$7:$F$50) -> 28.646097 | G42: =SUMIF('OBRA 02 - SINTÉTICA'!$D$7:$D$50,'PLANILHA CONSOLIDADA'!D42,'OBRA 02 - SINTÉTICA'!$F$7:$F$50) -> 33.230435 | H42: =SUMIF('OBRA 03 - SINTÉTICA'!$D$7:$D$57,'PLANILHA CONSOLIDADA'!D42,'OBRA 03 - SINTÉTICA'!$F$7:$F$57) -> 27.815024 | I42: =SUMIF('OBRA 04 - SINTÉTICA'!$D$7:$D$52,'PLANILHA CONSOLIDADA'!D42,'OBRA 04 - SINTÉTICA'!$F$7:$F$52) -> 65.498959 | J42: =SUM(F42:G42) -> 61.876532 | K42: =Q42 -> 4593.3413 | L42: =TRUNC(F42*K42,2) -> 131581.3 | M42: =TRUNC(G42*K42,2) -> 152638.73 | N42: =TRUNC(H42*K42,2) -> 127763.89 | O42: =TRUNC(I42*K42,2) -> 300859.07 | P42: =SUM(L42:M42) -> 284220.03 | Q42: ='OBRA 01 - SINTÉTICA'!H37 -> 4593.3413
A43: 3.20 | B43: 92398 | C43: SINAPI | D43: EXECUÇÃO DE PAVIMENTO EM PISO INTERTRAVADO, COM BLOCO RETANGULAR COR NATURAL DE 20 X 10 CM, ESPESSURA 8 CM. AF_10/2022 | E43: m² | F43: =SUMIF('OBRA 01 - SINTÉTICA'!$D$7:$D$50,'PLANILHA CONSOLIDADA'!D43,'OBRA 01 - SINTÉTICA'!$F$7:$F$50) -> 0 | G43: =SUMIF('OBRA 02 - SINTÉTICA'!$D$7:$D$50,'PLANILHA CONSOLIDADA'!D43,'OBRA 02 - SINTÉTICA'!$F$7:$F$50) -> 0 | H43: =SUMIF('OBRA 03 - SINTÉTICA'!$D$7:$D$57,'PLANILHA CONSOLIDADA'!D43,'OBRA 03 - SINTÉTICA'!$F$7:$F$57) -> 2911.8492 | I43: =SUMIF('OBRA 04 - SINTÉTICA'!$D$7:$D$52,'PLANILHA CONSOLIDADA'!D43,'OBRA 04 - SINTÉTICA'!$F$7:$F$52) -> 0 | J43: =SUM(F43:G43) -> 0 | K43: =Q43 -> 97.311889 | L43: =TRUNC(F43*K43,2) -> 0 | M43: =TRUNC(G43*K43,2) -> 0 | N43: =TRUNC(H43*K43,2) -> 283357.54 | O43: =TRUNC(I43*K43,2) -> 0 | P43: =SUM(L43:M43) -> 0 | Q43: ='OBRA 03 - SINTÉTICA'!H28 -> 97.311889
B44: 100977 | C44: SINAPI | D44: CARGA, MANOBRA E DESCARGA DE SOLOS E MATERIAIS GRANULARES EM CAMINHÃO BASCULANTE 6 M³ - CARGA COM ESCAVADEIRA HIDRÁULICA (CAÇAMBA DE 1,20 M³ / 155 HP) E DESCARGA LIVRE (UNIDADE: M3). AF_07/2020 - BASE2 | E44: M³ | H44: ='OBRA 03 - SINTÉTICA'!F33 -> 193.92916 | J44: =SUM(F44:G44) -> 0 | K44: ='OBRA 03 - SINTÉTICA'!H33 -> 9.4444932 | N44: =TRUNC(H44*K44,2) -> 1831.56 | P44: =SUM(L44:M44) -> 0
A45: 4 | D45: MEIO FIO E SARJETA | L45: =SUM(L46:L47) -> 147103.51 | M45: =SUM(M46:M47) -> 98220.55 | N45: =SUM(N46:N47) -> 398600.49 | O45: =SUM(O46:O47) -> 123975.92 | P45: =SUM(P46:P47) -> 245324.06
A46: 4.1 | B46: 94273 | C46: SINAPI | D46: ASSENTAMENTO DE GUIA (MEIO-FIO) EM TRECHO RETO, CONFECCIONADA EM CONCRETO PRÉ-FABRICADO, DIMENSÕES 100X15X13X30 CM (COMPRIMENTO X BASE INFERIOR X BASE SUPERIOR X ALTURA). AF_01/2024 | E46: M | F46: =SUMIF('OBRA 01 - SINTÉTICA'!$D$7:$D$50,'PLANILHA CONSOLIDADA'!D46,'OBRA 01 - SINTÉTICA'!$F$7:$F$50) -> 1392.43 | G46: =SUMIF('OBRA 02 - SINTÉTICA'!$D$7:$D$50,'PLANILHA CONSOLIDADA'!D46,'OBRA 02 - SINTÉTICA'!$F$7:$F$50) -> 885.87 | H46: =SUMIF('OBRA 03 - SINTÉTICA'!$D$7:$D$57,'PLANILHA CONSOLIDADA'!D46,'OBRA 03 - SINTÉTICA'!$F$7:$F$57) -> 3595.054 | I46: =SUMIF('OBRA 04 - SINTÉTICA'!$D$7:$D$52,'PLANILHA CONSOLIDADA'!D46,'OBRA 04 - SINTÉTICA'!$F$7:$F$52) -> 1362 | J46: =SUM(F46:G46) -> 2278.3 | K46: =Q46 -> 60.489098 | L46: =TRUNC(F46*K46,2) -> 84226.83 | M46: =TRUNC(G46*K46,2) -> 53585.47 | N46: =TRUNC(H46*K46,2) -> 217461.57 | O46: =TRUNC(I46*K46,2) -> 82386.15 | P46: =SUM(L46:M46) -> 137812.3 | Q46: ='OBRA 01 - SINTÉTICA'!H39 -> 60.489098 | R46: =SUM(L46:L47) -> 147103.51 | S46: =SUM(M46:M47) -> 98220.55 | X46: =#REF!+X23 -> #REF! | Y46: =#REF!+Y23 -> #REF! | Z46: =#REF!+Z23 -> #REF! | AA46: =#REF!+AA23 -> #REF! | AB46: =#REF!+AB23 -> #REF! | AC46: =#REF!+AC23 -> #REF!
A47: 4.2 | B47: 94289 | C47: SINAPI | D47: EXECUÇÃO DE SARJETA DE CONCRETO USINADO, MOLDADA IN LOCO EM TRECHO RETO, 45 CM BASE X 10 CM ALTURA. AF_01/2024 | E47: M | F47: =SUMIF('OBRA 01 - SINTÉTICA'!$D$7:$D$50,'PLANILHA CONSOLIDADA'!D47,'OBRA 01 - SINTÉTICA'!$F$7:$F$50) -> 1247.91 | G47: =SUMIF('OBRA 02 - SINTÉTICA'!$D$7:$D$50,'PLANILHA CONSOLIDADA'!D47,'OBRA 02 - SINTÉTICA'!$F$7:$F$50) -> 885.87 | H47: =SUMIF('OBRA 03 - SINTÉTICA'!$D$7:$D$57,'PLANILHA CONSOLIDADA'!D47,'OBRA 03 - SINTÉTICA'!$F$7:$F$57) -> 3595.054 | I47: =SUMIF('OBRA 04 - SINTÉTICA'!$D$7:$D$52,'PLANILHA CONSOLIDADA'!D47,'OBRA 04 - SINTÉTICA'!$F$7:$F$52) -> 825.43 | J47: =SUM(F47:G47) -> 2133.78 | K47: =Q47 -> 50.385591 | L47: =TRUNC(F47*K47,2) -> 62876.68 | M47: =TRUNC(G47*K47,2) -> 44635.08 | N47: =TRUNC(H47*K47,2) -> 181138.92 | O47: =TRUNC(I47*K47,2) -> 41589.77 | P47: =SUM(L47:M47) -> 107511.76 | Q47: ='OBRA 01 - SINTÉTICA'!H40 -> 50.385591
A48: 5 | D48: PASSEIO | L48: =SUM(L49:L53) -> 160267.61 | M48: =SUM(M49:M53) -> 109844.35 | N48: =SUM(N49:N53) -> 501695.23 | O48: =SUM(O49:O53) -> 138167.42 | P48: =SUM(P49:P53) -> 270111.96
A49: 5.1 | B49: 93679 | C49: SINAPI | D49: EXECUÇÃO DE PASSEIO EM PISO INTERTRAVADO, COM BLOCO RETANGULAR COLORIDO DE 20 X 10 CM, ESPESSURA 6 CM. AF_10/2022 | E49: m² | F49: =SUMIF('OBRA 01 - SINTÉTICA'!$D$7:$D$50,'PLANILHA CONSOLIDADA'!D49,'OBRA 01 - SINTÉTICA'!$F$7:$F$50) -> 1522.08 | G49: =SUMIF('OBRA 02 - SINTÉTICA'!$D$7:$D$50,'PLANILHA CONSOLIDADA'!D49,'OBRA 02 - SINTÉTICA'!$F$7:$F$50) -> 191.62 | H49: =SUMIF('OBRA 03 - SINTÉTICA'!$D$7:$D$57,'PLANILHA CONSOLIDADA'!D49,'OBRA 03 - SINTÉTICA'!$F$7:$F$57) -> 4559.7274 | I49: =SUMIF('OBRA 04 - SINTÉTICA'!$D$7:$D$52,'PLANILHA CONSOLIDADA'!D49,'OBRA 04 - SINTÉTICA'!$F$7:$F$52) -> 170.57 | J49: =SUM(F49:G49) -> 1713.7 | K49: =Q49 -> 98.644994 | L49: =TRUNC(F49*K49,2) -> 150145.57 | M49: =TRUNC(G49*K49,2) -> 18902.35 | N49: =TRUNC(H49*K49,2) -> 449794.28 | O49: =TRUNC(I49*K49,2) -> 16825.87 | P49: =SUM(L49:M49) -> 169047.92 | Q49: ='OBRA 01 - SINTÉTICA'!H42 -> 98.644994 | R49: =SUM(L49:L51) -> 150145.57 | S49: =SUM(M49:M51) -> 108570.06 | X49: =#REF!+X46 -> #REF! | Y49: =#REF!+Y46 -> #REF! | Z49: =#REF!+Z46 -> #REF! | AA49: =#REF!+AA46 -> #REF! | AB49: =#REF!+AB46 -> #REF! | AC49: =#REF!+AC46 -> #REF!
A50: 5.2 | B50: 94992 | C50: SINAPI | D50: EXECUÇÃO DE PASSEIO (CALÇADA) OU PISO DE CONCRETO COM CONCRETO MOLDADO IN LOCO, FEITO EM OBRA, ACABAMENTO CONVENCIONAL, ESPESSURA 6 CM, ARMADO. AF_08/2022 | E50: m² | F50: =SUMIF('OBRA 01 - SINTÉTICA'!$D$7:$D$50,'PLANILHA CONSOLIDADA'!D50,'OBRA 01 - SINTÉTICA'!$F$7:$F$50) -> 0 | G50: =SUMIF('OBRA 02 - SINTÉTICA'!$D$7:$D$50,'PLANILHA CONSOLIDADA'!D50,'OBRA 02 - SINTÉTICA'!$F$7:$F$50) -> 927.05 | H50: =SUMIF('OBRA 03 - SINTÉTICA'!$D$7:$D$57,'PLANILHA CONSOLIDADA'!D50,'OBRA 03 - SINTÉTICA'!$F$7:$F$57) -> 0 | I50: =SUMIF('OBRA 04 - SINTÉTICA'!$D$7:$D$52,'PLANILHA CONSOLIDADA'!D50,'OBRA 04 - SINTÉTICA'!$F$7:$F$52) -> 1242.79 | J50: =SUM(F50:G50) -> 927.05 | K50: =Q50 -> 96.723705 | L50: =TRUNC(F50*K50,2) -> 0 | M50: =TRUNC(G50*K50,2) -> 89667.71 | N50: =TRUNC(H50*K50,2) -> 0 | O50: =TRUNC(I50*K50,2) -> 120207.25 | P50: =SUM(L50:M50) -> 89667.71 | Q50: ='OBRA 02 - SINTÉTICA'!H42 -> 96.723705
A51: 5.3 | B51: 12214 | C51: ORSE | D51: RAMPA PADRÃO PARA ACESSO DE DEFICIENTES EM PASSEIO PÚBLICO, EM CONCRETO SIMPLES FCK=25MPa, DESEMPOLADA, COM PINTURA INDICATIVA EM NOVACOR, 02 DEMÃOS | E51: un | F51: =SUMIF('OBRA 01 - SINTÉTICA'!$D$7:$D$50,'PLANILHA CONSOLIDADA'!D51,'OBRA 01 - SINTÉTICA'!$F$7:$F$50) -> 0 | G51: =SUMIF('OBRA 02 - SINTÉTICA'!$D$7:$D$50,'PLANILHA CONSOLIDADA'!D51,'OBRA 02 - SINTÉTICA'!$F$7:$F$50) -> 0 | H51: =SUMIF('OBRA 03 - SINTÉTICA'!$D$7:$D$57,'PLANILHA CONSOLIDADA'!D51,'OBRA 03 - SINTÉTICA'!$F$7:$F$57) -> 43 | I51: =SUMIF('OBRA 04 - SINTÉTICA'!$D$7:$D$52,'PLANILHA CONSOLIDADA'!D51,'OBRA 04 - SINTÉTICA'!$F$7:$F$52) -> 0 | J51: =SUM(F51:G51) -> 0 | K51: =Q51 -> 501.81695 | L51: =TRUNC(F51*K51,2) -> 0 | M51: =TRUNC(G51*K51,2) -> 0 | N51: =TRUNC(H51*K51,2) -> 21578.12 | O51: =TRUNC(I51*K51,2) -> 0 | P51: =SUM(L51:M51) -> 0 | Q51: ='OBRA 03 - SINTÉTICA'!H46 -> 501.81695
A52: 5.4 | B52: 100977 | C52: SINAPI | D52: CARGA, MANOBRA E DESCARGA DE SOLOS E MATERIAIS GRANULARES EM CAMINHÃO BASCULANTE 6 M³ - CARGA COM ESCAVADEIRA HIDRÁULICA (CAÇAMBA DE 1,20 M³ / 155 HP) E DESCARGA LIVRE (UNIDADE: M3). AF_07/2020 - AREIA E PÓ DE PEDRA | E52: m³ | F52: =SUMIF('OBRA 01 - SINTÉTICA'!$D$7:$D$50,'PLANILHA CONSOLIDADA'!D52,'OBRA 01 - SINTÉTICA'!$F$7:$F$50) -> 101.37053 | G52: =SUMIF('OBRA 02 - SINTÉTICA'!$D$7:$D$50,'PLANILHA CONSOLIDADA'!D52,'OBRA 02 - SINTÉTICA'!$F$7:$F$50) -> 12.761892 | H52: =SUMIF('OBRA 03 - SINTÉTICA'!$D$7:$D$57,'PLANILHA CONSOLIDADA'!D52,'OBRA 03 - SINTÉTICA'!$F$7:$F$57) -> 303.67784 | I52: =SUMIF('OBRA 04 - SINTÉTICA'!$D$7:$D$52,'PLANILHA CONSOLIDADA'!D52,'OBRA 04 - SINTÉTICA'!$F$7:$F$52) -> 11.359962 | J52: =SUM(F52:G52) -> 114.13242 | K52: =Q52 -> 9.4444932 | L52: =TRUNC(F52*K52,2) -> 957.39 | M52: =TRUNC(G52*K52,2) -> 120.52 | N52: =TRUNC(H52*K52,2) -> 2868.08 | O52: =TRUNC(I52*K52,2) -> 107.28 | P52: =SUM(L52:M52) -> 1077.91 | Q52: ='OBRA 01 - SINTÉTICA'!H43 -> 9.4444932
A53: 5.5 | B53: 95875 | C53: SINAPI | D53: TRANSPORTE COM CAMINHÃO BASCULANTE DE 10 M³, EM VIA URBANA PAVIMENTADA, DMT ATÉ 30 KM (UNIDADE: M3XKM). AF_07/2020 - AREIA E PÓ DE PEDRA | E53: M3XKM | F53: =SUMIF('OBRA 01 - SINTÉTICA'!$D$7:$D$50,'PLANILHA CONSOLIDADA'!D53,'OBRA 01 - SINTÉTICA'!$F$7:$F$50) -> 3041.1158 | G53: =SUMIF('OBRA 02 - SINTÉTICA'!$D$7:$D$50,'PLANILHA CONSOLIDADA'!D53,'OBRA 02 - SINTÉTICA'!$F$7:$F$50) -> 382.85676 | H53: =SUMIF('OBRA 03 - SINTÉTICA'!$D$7:$D$57,'PLANILHA CONSOLIDADA'!D53,'OBRA 03 - SINTÉTICA'!$F$7:$F$57) -> 9110.3353 | I53: =SUMIF('OBRA 04 - SINTÉTICA'!$D$7:$D$52,'PLANILHA CONSOLIDADA'!D53,'OBRA 04 - SINTÉTICA'!$F$7:$F$52) -> 340.79886 | J53: =SUM(F53:G53) -> 3423.9726 | K53: =Q53 -> 3.0135829 | L53: =TRUNC(F53*K53,2) -> 9164.65 | M53: =TRUNC(G53*K53,2) -> 1153.77 | N53: =TRUNC(H53*K53,2) -> 27454.75 | O53: =TRUNC(I53*K53,2) -> 1027.02 | P53: =SUM(L53:M53) -> 10318.42 | Q53: ='OBRA 01 - SINTÉTICA'!H44 -> 3.0135829
A54: 6 | D54: SINALIZAÇÃO | L54: =SUM(L55) -> 28359.13 | M54: =SUM(M55) -> 20992.07 | N54: =SUM(N55) -> 15995.28 | O54: =SUM(O55) -> 29427.48 | P54: =SUM(P55) -> 49351.2
A55: 6.1 | B55: 102512 | C55: SINAPI | D55: PINTURA DE EIXO VIÁRIO SOBRE ASFALTO COM TINTA RETRORREFLETIVA A BASE DE RESINA ACRÍLICA COM MICROESFERAS DE VIDRO, APLICAÇÃO MECÂNICA COM DEMARCADORA AUTOPROPELIDA. AF_05/2021 | E55: M | F55: =SUMIF('OBRA 01 - SINTÉTICA'!$D$7:$D$50,'PLANILHA CONSOLIDADA'!D55,'OBRA 01 - SINTÉTICA'!$F$7:$F$50) -> 3670.044 | G55: =SUMIF('OBRA 02 - SINTÉTICA'!$D$7:$D$50,'PLANILHA CONSOLIDADA'!D55,'OBRA 02 - SINTÉTICA'!$F$7:$F$50) -> 2716.65 | H55: =SUMIF('OBRA 03 - SINTÉTICA'!$D$7:$D$57,'PLANILHA CONSOLIDADA'!D55,'OBRA 03 - SINTÉTICA'!$F$7:$F$57) -> 2070 | I55: =SUMIF('OBRA 04 - SINTÉTICA'!$D$7:$D$52,'PLANILHA CONSOLIDADA'!D55,'OBRA 04 - SINTÉTICA'!$F$7:$F$52) -> 3808.3029 | J55: =SUM(F55:G55) -> 6386.694 | K55: =Q55 -> 7.7271922 | L55: =TRUNC(F55*K55,2) -> 28359.13 | M55: =TRUNC(G55*K55,2) -> 20992.07 | N55: =TRUNC(H55*K55,2) -> 15995.28 | O55: =TRUNC(I55*K55,2) -> 29427.48 | P55: =SUM(L55:M55) -> 49351.2 | Q55: ='OBRA 01 - SINTÉTICA'!H46 -> 7.7271922 | R55: =L55 -> 28359.13 | S55: =M55 -> 20992.07 | X55: =#REF!+X49 -> #REF! | Y55: =#REF!+Y49 -> #REF! | Z55: =#REF!+Z49 -> #REF! | AA55: =#REF!+AA49 -> #REF! | AB55: =#REF!+AB49 -> #REF! | AC55: =#REF!+AC49 -> #REF!
A56: 8 | D56: PAISAGISMO | L56: =SUM(L57:L58) -> 0 | M56: =SUM(M57:M58) -> 0 | N56: =SUM(N57:N58) -> 4713.53 | O56: =SUM(O57:O58) -> 0 | P56: =SUM(P57:P58) -> 0
A57: 8.1 | B57: 103946 | C57: SINAPI | D57: PLANTIO DE GRAMA ESMERALDA OU SÃO CARLOS OU CURITIBANA, EM PLACAS. AF_05/2022 | E57: m² | F57: =SUMIF('OBRA 01 - SINTÉTICA'!$D$7:$D$50,'PLANILHA CONSOLIDADA'!D57,'OBRA 01 - SINTÉTICA'!$F$7:$F$50) -> 0 | G57: =SUMIF('OBRA 02 - SINTÉTICA'!$D$7:$D$50,'PLANILHA CONSOLIDADA'!D57,'OBRA 02 - SINTÉTICA'!$F$7:$F$50) -> 0 | H57: =SUMIF('OBRA 03 - SINTÉTICA'!$D$7:$D$57,'PLANILHA CONSOLIDADA'!D57,'OBRA 03 - SINTÉTICA'!$F$7:$F$57) -> 81.48 | I57: =SUMIF('OBRA 04 - SINTÉTICA'!$D$7:$D$52,'PLANILHA CONSOLIDADA'!D57,'OBRA 04 - SINTÉTICA'!$F$7:$F$52) -> 0 | J57: =SUM(F57:G57) -> 0 | K57: =Q57 -> 32.194606 | L57: =TRUNC(F57*K57,2) -> 0 | M57: =TRUNC(G57*K57,2) -> 0 | N57: =TRUNC(H57*K57,2) -> 2623.21 | O57: =TRUNC(I57*K57,2) -> 0 | P57: =SUM(L57:M57) -> 0 | Q57: ='OBRA 03 - SINTÉTICA'!H50 -> 32.194606 | R57: =SUM(L57:L58) -> 0 | S57: =SUM(M57:M58) -> 0 | X57: =#REF!/R61 -> #REF! | Y57: =#REF!/S61 -> #REF! | Z57: =#REF!/#REF! -> #REF! | AA57: =#REF!/#REF! -> #REF! | AB57: =#REF!/#REF! -> #REF! | AC57: =#REF!/#REF! -> #REF!
A58: 8.2 | B58: 00003322 | C58: SINAPI | D58: GRAMA ESMERALDA OU SAO CARLOS OU CURITIBANA, EM PLACAS, SEM PLANTIO | E58: m² | F58: =SUMIF('OBRA 01 - SINTÉTICA'!$D$7:$D$50,'PLANILHA CONSOLIDADA'!D58,'OBRA 01 - SINTÉTICA'!$F$7:$F$50) -> 0 | G58: =SUMIF('OBRA 02 - SINTÉTICA'!$D$7:$D$50,'PLANILHA CONSOLIDADA'!D58,'OBRA 02 - SINTÉTICA'!$F$7:$F$50) -> 0 | H58: =SUMIF('OBRA 03 - SINTÉTICA'!$D$7:$D$57,'PLANILHA CONSOLIDADA'!D58,'OBRA 03 - SINTÉTICA'!$F$7:$F$57) -> 81.48 | I58: =SUMIF('OBRA 04 - SINTÉTICA'!$D$7:$D$52,'PLANILHA CONSOLIDADA'!D58,'OBRA 04 - SINTÉTICA'!$F$7:$F$52) -> 0 | J58: =SUM(F58:G58) -> 0 | K58: =Q58 -> 25.6545 | L58: =TRUNC(F58*K58,2) -> 0 | M58: =TRUNC(G58*K58,2) -> 0 | N58: =TRUNC(H58*K58,2) -> 2090.32 | O58: =TRUNC(I58*K58,2) -> 0 | P58: =SUM(L58:M58) -> 0 | Q58: ='OBRA 03 - SINTÉTICA'!H51 -> 25.6545 | X58: =X57+X55 -> #REF! | Y58: =Y57+Y55 -> #REF! | Z58: =Z57+Z55 -> #REF! | AA58: =AA57+AA55 -> #REF! | AB58: =AB57+AB55 -> #REF! | AC58: =AC57+AC55 -> #REF!
A59: 7 | D59: ADMINISTRAÇÃO | L59: =SUM(L60) -> 83805.91 | M59: =SUM(M60) -> 98595.19 | N59: =SUM(N60) -> 195957.95 | O59: =SUM(O60) -> 89351.89 | P59: =SUM(P60) -> 182401.1
A60: 8.1 | B60: CPU 03 | C60: Próprio | D60: ADMINISTRAÇÃO LOCAL | E60: MÊS | F60: =SUMIF('OBRA 01 - SINTÉTICA'!$D$7:$D$50,'PLANILHA CONSOLIDADA'!D60,'OBRA 01 - SINTÉTICA'!$F$7:$F$50) -> 1.36 | G60: =SUMIF('OBRA 02 - SINTÉTICA'!$D$7:$D$50,'PLANILHA CONSOLIDADA'!D60,'OBRA 02 - SINTÉTICA'!$F$7:$F$50) -> 1.6 | H60: =SUMIF('OBRA 03 - SINTÉTICA'!$D$7:$D$57,'PLANILHA CONSOLIDADA'!D60,'OBRA 03 - SINTÉTICA'!$F$7:$F$57) -> 3.18 | I60: =SUMIF('OBRA 04 - SINTÉTICA'!$D$7:$D$52,'PLANILHA CONSOLIDADA'!D60,'OBRA 04 - SINTÉTICA'!$F$7:$F$52) -> 1.45 | J60: =SUM(F60:G60) -> 2.96 | K60: =Q60 -> 61621.997 | L60: =TRUNC(F60*K60,2) -> 83805.91 | M60: =TRUNC(G60*K60,2) -> 98595.19 | N60: =TRUNC(H60*K60,2) -> 195957.95 | O60: =TRUNC(I60*K60,2) -> 89351.89 | P60: =SUM(L60:M60) -> 182401.1 | Q60: ='OBRA 01 - SINTÉTICA'!H48 -> 61621.997 | R60: =L60 -> 83805.91 | S60: =M60 -> 98595.19
D61: TOTAL | L61: =SUM(L4+L14+L20+L45+L48+L54+L56+L59) -> 1406138.4 | M61: =SUM(M4+M14+M20+M45+M48+M54+M56+M59) -> 1813927 | N61: =SUM(N4+N14+N20+N45+N48+N54+N56+N59) -> 2672308.8 | O61: =O59+O54+O48+O45+O20+O14+O4 -> 2136171 | P61: =SUM(P4+P14+P20+P45+P48+P54+P56+P59) -> 3220065.5 | R61: =SUM(R5:R60) -> 3748492.7 | S61: =SUM(S5:S60) -> 3814781.7 | T61: =S62+#REF! -> #REF! | U61: =T61+#REF! -> #REF! | V61: =U61+#REF! -> #REF!
R62: =R61 -> 3748492.7 | S62: =R62+S61 -> 7563274.4
T65: 2446387.8 | U65: 1998295.6 | V65: 1487289.1 | W65: 8285687.4 | X65: =SUM(#REF!+X57+#REF!+#REF!+#REF!+X22+X16+X6) -> #REF! | Y65: =SUM(#REF!+Y57+#REF!+#REF!+#REF!+Y22+Y16+Y6) -> #REF! | Z65: =SUM(#REF!+Z57+#REF!+#REF!+#REF!+Z22+Z16+Z6) -> #REF! | AA65: =SUM(#REF!+AA57+#REF!+#REF!+#REF!+AA22+AA16+AA6) -> #REF! | AB65: =SUM(#REF!+AB57+#REF!+#REF!+#REF!+AB22+AB16+AB6) -> #REF! | AC65: =SUM(#REF!+AC57+#REF!+#REF!+#REF!+AC22+AC16+AC6) -> #REF!
R66: 1487567.8 | S66: 866147.15 | T66: 4800102.8 | U66: 6798398.3 | V66: 8285687.4
R67: 1487567.8 | S67: 2353715

Sheet CRONOGRAMA CONSOLIDADO
J1: CRONOGRAMA FÍSICO-FINANCEIRO CONSOLIDADO DAS DUAS OBRAS
J2: CRONOGRAMA FÍSICO - FINANCEIRO OBRA 01 | R2: CRONOGRAMA FÍSICO - FINANCEIRO OBRA 02
A4: ITEM | B4: SERVIÇOS | G4: VALOR TOTAL | H4: PERCENTUAL | J4: OBRA 1 | R4: OBRA 2 | Z4: OBRA 3 | AP4: OBRA 4
J5: Mês 1 | N5: Mês 2 | R5: Mês 3 | V5: Mês 4 | Z5: Mês 5 | AD5: Mês 6 | AH5: Mês 7 | AL5: Mês 8 | AP5: Mês 9 | AT5: Mês 10
G6: R$ | H6: % | J6: Sem 1 | K6: Sem 2 | L6: Sem 3 | M6: Sem 4 | N6: Sem 1 | O6: Sem 2 | P6: Sem 3 | Q6: Sem 4 | R6: Sem 1 | S6: Sem 2 | T6: Sem 3 | U6: Sem 4 | V6: Sem 1 | W6: Sem 2 | X6: Sem 3 | Y6: Sem 4 | Z6: Sem 1 | AA6: Sem 2 | AB6: Sem 3 | AC6: Sem 4 | AD6: Sem 1 | AE6: Sem 2 | AF6: Sem 3 | AG6: Sem 4 | AH6: Sem 1 | AI6: Sem 2 | AJ6: Sem 3 | AK6: Sem 4 | AL6: Sem 1 | AM6: Sem 2 | AN6: Sem 3 | AO6: Sem 4 | AP6: Sem 1 | AQ6: Sem 2 | AR6: Sem 3 | AS6: Sem 4 | AT6: Sem 1 | AU6: Sem 2 | AV6: Sem 3 | AW6: Sem 4 | AY6: soma | AZ6: 1 | BA6: 2 | BB6: 3 | BC6: 4 | BD6: 5 | BE6: 6 | BF6: 7 | BG6: 8 | BH6: 9 | BI6: 10 | BJ6: 11 | BK6: 12 | BL6: 13 | BM6: 14 | BN6: 15 | BO6: 16 | BP6: 17 | BQ6: 18 | BR6: 19 | BS6: 20 | BT6: 21 | BU6: 22 | BV6: 23 | BW6: 24 | BX6: 25 | BY6: 26 | BZ6: 27 | CA6: 28 | CB6: 29 | CC6: 30 | CD6: 31 | CE6: 32 | CF6: 33 | CG6: 34 | CH6: 35 | CI6: 36 | CJ6: 37 | CK6: 38 | CL6: 39 | CM6: 40
A7: 1 | B7: SERVIÇOS PRELIMINARES | C7: ='PLANILHA CONSOLIDADA'!L4 -> 126807.05 | D7: ='PLANILHA CONSOLIDADA'!M4 -> 11862.826 | E7: ='PLANILHA CONSOLIDADA'!N4 -> 287800.7 | F7: ='PLANILHA CONSOLIDADA'!O4 -> 39667.69 | G7: =SUM(C7:D7) -> 138669.88 | H7: =G7/$G$31 -> 0.043064303 | I7: =H7 -> 0.043064303 | J7: =AZ7 -> 4 | K7: =BA7 -> 0 | L7: =BB7 -> 0 | M7: =BC7 -> 0 | N7: =BD7 -> 0 | O7: =BE7 -> 0 | P7: =BF7 -> 0 | Q7: =BG7 -> 0 | ... AW7: =CM7 -> 0 | AY7: =SUM(AZ7:CM7) -> 24 | AZ7: 4 | BA7: 0 | BB7: 0 | BC7: 0 | BD7: 0 | BE7: 0 | BF7: 0 | BG7: 0 | BH7: 4 | BI7: 0 | BJ7: 0 | BK7: 0 | BL7: 0 | BM7: 0 | BN7: 0 | BO7: 0 | BP7: 1 | BQ7: 1 | BR7: 1 | BS7: 1 | BT7: 1 | BU7: 1 | BV7: 1 | BW7: 1 | BX7: 2 | BY7: 2 | BZ7: 0 | CA7: 0 | CB7: 0 | CC7: 0 | CD7: 0 | CE7: 0 | CF7: 4 | CG7: 0 | CH7: 0 | CI7: 0 | CJ7: 0 | CK7: 0 | CL7: 0 | CM7: 0
J8: =(SUM(J7:M7)/$AY$8) -> 0.5 | N8: =SUM(N7:Q7)/$AY$8 -> 0 | R8: =SUM(R7:U7)/$AY$8 -> 0.5 | V8: =SUM(V7:Y7)/$AY$8 -> 0 | Z8: =SUM(Z7:AC7)/$AY$7 -> 0.16666667 | AD8: =SUM(AD7:AG7)/$AY$7 -> 0.16666667 | AH8: =SUM(AH7:AK7)/$AY$7 -> 0.16666667 | AL8: =SUM(AL7:AO7)/$AY$7 -> 0 | AP8: =SUM(AP7:AS7)/$AY$7 -> 0.16666667 | AT8: =SUM(AT7:AW7)/$AY$7 -> 0 | AX8: =SUM(J8:AW8) -> 1.6666667 | AY8: =SUM(AZ7:AZ7:BO7) -> 8
J9: =J8*$G$7/$G$31 -> 0.021532152 | N9: =J30+N8*$G$7/$G$31 -> 0.13274244 | R9: =N30+R8*G7/G31 -> 0.41972692 | V9: =R30+V8*G7/G31 -> 0.73454767 | Z9: =V30+Z8*$G$7/$G$31 -> 1.0071774 | AD9: =Z30+AD8*$G$7/$G$31 -> 1.0570001 | AH9: =AD30+AH8*G7/G31 -> 1.1760543 | AL9: =AH30+AL8*G7/G31 -> 1.287931 | AP9: =AL30+AP8*$G$7/$G$31 -> 1.3046045 | AT9: =AP30+AT8*$G$7/$G$31 -> 1.444997
A10: 2 | B10: TERRAPLENAGEM | C10: ='PLANILHA CONSOLIDADA'!L14 -> 124420.61 | D10: ='PLANILHA CONSOLIDADA'!M14 -> 242869.67 | E10: ='PLANILHA CONSOLIDADA'!N14 -> 229096.46 | F10: ='PLANILHA CONSOLIDADA'!O14 -> 274230.58 | G10: =SUM(C10:D10) -> 367290.28 | H10: =G10/$G$31 -> 0.11406298 | I10: =H10+I7 -> 0.15712729 | J10: =AZ10 -> 0 | K10: =BA10 -> 4 | L10: =BB10 -> 0 | M10: =BC10 -> 0 | N10: =BD10 -> 0 | O10: =BE10 -> 0 | P10: =BF10 -> 0 | Q10: =BG10 -> 0 | ... AW10: =CM10 -> 0 | AY10: =SUM(AZ10:CM10) -> 16 | AZ10: 0 | BA10: 4 | BB10: 0 | BC10: 0 | BD10: 0 | BE10: 0 | BF10: 0 | BG10: 0 | BH10: 2 | BI10: 2 | BJ10: 0 | BK10: 0 | BL10: 0 | BM10: 0 | BN10: 0 | BO10: 0 | BP10: 0 | BQ10: =4/3 -> 1.3333333 | BR10: =4/3 -> 1.3333333 | BS10: =4/3 -> 1.3333333 | BT10: 0 | BU10: 0 | BV10: 0 | BW10: 0 | BX10: 0 | BY10: 0 | BZ10: 0 | CA10: 0 | CB10: 0 | CC10: 0 | CD10: 0 | CE10: 0 | CF10: 2 | CG10: 2 | CH10: 0 | CI10: 0 | CJ10: 0 | CK10: 0 | CL10: 0 | CM10: 0
J11: =SUM(J10:M10)/$AY$11 -> 0.5 | N11: =SUM(N10:Q10)/$AY$11 -> 0 | R11: =SUM(R10:U10)/$AY$11 -> 0.5 | V11: =SUM(V10:Y10)/$AY$11 -> 0 | Z11: =SUM(Z10:AC10)/$AY$10 -> 0.25 | AD11: =SUM(AD10:AG10)/$AY$10 -> 0 | AH11: =SUM(AH10:AK10)/$AY$10 -> 0 | AL11: =SUM(AL10:AO10)/$AY$10 -> 0 | AP11: =SUM(AP10:AS10)/$AY$10 -> 0.25 | AT11: =SUM(AT10:AW10)/$AY$10 -> 0 | AX11: =SUM(J11:AW11) -> 1.5 | AY11: =SUM(AZ10:BO10) -> 8
J12: =J9+(J11*G10/G31) -> 0.078563644 | N12: =N9+N11*$G$10/$G$31 -> 0.13274244 | R12: =R9+R11*G10/G31 -> 0.47675842 | V12: =V9+V11*G10/G31 -> 0.73454767 | Z12: =Z9+Z11*$G$10/$G$31 -> 1.0356931 | AD12: =AD9+AD11*$G$10/$G$31 -> 1.0570001 | AH12: =AH9+AH11*G10/G31 -> 1.1760543 | AL12: =AL9+AL11*G10/G31 -> 1.287931 | AP12: =AP9+(AP11*G10/G31) -> 1.3331202 | AT12: =AT9+AT11*$G$10/$G$31 -> 1.444997
A13: 3 | B13: PAVIMENTAÇÃO | C13: ='PLANILHA CONSOLIDADA'!L20 -> 735374.61 | D13: ='PLANILHA CONSOLIDADA'!M20 -> 1231542.4 | E13: ='PLANILHA CONSOLIDADA'!N20 -> 1038449.2 | F13: ='PLANILHA CONSOLIDADA'!O20 -> 1441350.1 | G13: =SUM(C13:D13) -> 1966917 | H13: =G13/$G$31 -> 0.61083137 | I13: =H13+I10 -> 0.76795866 | J13: =AZ13 -> 0 | K13: =BA13 -> 0 | L13: =BB13 -> 0 | M13: =BC13 -> 0 | N13: =BD13 -> 4 | O13: =BE13 -> 0 | P13: =BF13 -> 0 | Q13: =BG13 -> 0 | ... AW13: =CM13 -> 0 | AY13: =SUM(AZ13:CM13) -> 28 | AZ13: 0 | BA13: 0 | BB13: 0 | BC13: 0 | BD13: 4 | BE13: 0 | BF13: 0 | BG13: 0 | BH13: 0 | BI13: 0 | BJ13: 2 | BK13: 2 | BL13: 4 | BM13: 0 | BN13: 0 | BO13: 0 | BP13: 0 | BQ13: 0 | BR13: 0 | BS13: 0 | BT13: 1 | BU13: 1 | BV13: 1 | BW13: 1 | BX13: 1 | BY13: 1 | BZ13: 1 | CA13: 1 | CB13: 0 | CC13: 0 | CD13: 0 | CE13: 0 | CF13: 0 | CG13: 0 | CH13: 2 | CI13: 2 | CJ13: 4 | CK13: 0 | CL13: 0 | CM13: 0
J14: =SUM(J13:M13)/$AY$14 -> 0 | N14: =SUM(N13:Q13)/$AY$14 -> 0.33333333 | R14: =SUM(R13:U13)/$AY$14 -> 0.33333333 | V14: =SUM(V13:Y13)/$AY$14 -> 0.33333333 | Z14: =SUM(Z13:AC13)/$AY$13 -> 0 | AD14: =SUM(AD13:AG13)/$AY$13 -> 0.14285714 | AH14: =SUM(AH13:AK13)/$AY$13 -> 0.14285714 | AL14: =SUM(AL13:AO13)/$AY$13 -> 0 | AP14: =SUM(AP13:AS13)/$AY$13 -> 0.14285714 | AT14: =SUM(AT13:AW13)/$AY$13 -> 0.14285714 | AX14: =SUM(J14:AW14) -> 1.5714286 | AY14: =SUM(AZ13:BO13) -> 12
J15: =J12+(J14*G13/G31) -> 0.078563644 | N15: =N12+N14*G13/G31 -> 0.3363529 | R15: =R12+R14*G13/G31 -> 0.68036887 | V15: =R30+V14*G13/$G$31 -> 0.93815813 | Z15: =Z12+Z14*$G$13/$G$31 -> 1.0356931 | AD15: =AD12+AD14*G13/G31 -> 1.1442618 | AH15: =AH12+AH14*G13/G31 -> 1.2633159 | AL15: =AH30+AL14*G13/$G$31 -> 1.287931 | AP15: =AP12+(AP14*G13/G31) -> 1.4203818 | AT15: =AT12+AT14*G13/G31 -> 1.5322586 | AY15: =SUM(AZ15:CM15) -> 36 | AZ15: 0 | BA15: 0 | BB15: 0 | BC15: 4 | BD15: 4 | BE15: 0 | BF15: 0 | BG15: 0 | BH15: 0 | BI15: 0 | BJ15: 2 | BK15: 2 | BL15: 4 | BM15: 0 | BN15: 0 | BO15: 0 | BS15: 4 | BT15: 1 | BU15: 1 | BV15: 1 | BW15: 1 | BX15: 2 | BY15: 2 | BZ15: 0 | CA15: 0 | CB15: 0 | CC15: 0 | CD15: 0 | CE15: 0 | CF15: 0 | CG15: 0 | CH15: 2 | CI15: 2 | CJ15: 4 | CK15: 0 | CL15: 0 | CM15: 0
A16: 4 | B16: MEIO-FIO E SARJETA | C16: ='PLANILHA CONSOLIDADA'!L45 -> 147103.51 | D16: ='PLANILHA CONSOLIDADA'!M45 -> 98220.55 | E16: ='PLANILHA CONSOLIDADA'!N45 -> 398600.49 | F16: ='PLANILHA CONSOLIDADA'!O45 -> 123975.92 | G16: =SUM(C16:D16) -> 245324.06 | H16: =G16/$G$31 -> 0.076186047 | I16: =H16+I13 -> 0.8441447 | J16: =AZ15 -> 0 | K16: =BA15 -> 0 | L16: =BB15 -> 0 | M16: =BC15 -> 4 | N16: =BD15 -> 4 | O16: =BE15 -> 0 | P16: =BF15 -> 0 | Q16: =BG15 -> 0 | ... AW16: =CM15 -> 0 | AY16: =SUM(AZ15:BO15) -> 16
J17: =SUM(J16:M16)/$AY$16 -> 0.25 | N17: =SUM(N16:Q16)/$AY$16 -> 0.25 | R17: =SUM(R16:U16)/$AY$16 -> 0.25 | V17: =SUM(V16:Y16)/$AY$16 -> 0.25 | Z17: =SUM(Z16:AC16)/$AY$15 -> 0.11111111 | AD17: =SUM(AD16:AG16)/$AY$15 -> 0.11111111 | AH17: =SUM(AH16:AK16)/$AY$15 -> 0.11111111 | AL17: =SUM(AL16:AO16)/$AY$15 -> 0 | AP17: =SUM(AP16:AS16)/$AY$15 -> 0.11111111 | AT17: =SUM(AT16:AW16)/$AY$15 -> 0.11111111 | AX17: =SUM(J17:AW17) -> 1.5555556
J18: =J15+(J17*G16/G31) -> 0.097610156 | N18: =N15+N17*G16/G31 -> 0.35539941 | R18: =R15+R17*G16/G31 -> 0.69941538 | V18: =V15+V17*G16/G31 -> 0.95720464 | Z18: =Z15+Z17*$G$16/$G$31 -> 1.0441582 | AD18: =AD15+AD17*G16/G31 -> 1.1527269 | AH18: =AH15+AH17*G16/G31 -> 1.271781 | AL18: =AL15+AL17*G16/G31 -> 1.287931 | AP18: =AP15+(AP17*G16/G31) -> 1.428847 | AT18: =AT15+AT17*G16/G31 -> 1.5407237
A19: 5 | B19: PASSEIO | C19: ='PLANILHA CONSOLIDADA'!L48 -> 160267.61 | D19: ='PLANILHA CONSOLIDADA'!M48 -> 109844.35 | E19: ='PLANILHA CONSOLIDADA'!N48 -> 501695.23 | F19: ='PLANILHA CONSOLIDADA'!O48 -> 138167.42 | G19: =SUM(C19:D19) -> 270111.96 | H19: =G19/$G$31 -> 0.083883996 | I19: =H19+I16 -> 0.9280287 | J19: =AZ19 -> 1 | K19: =BA19 -> 1 | L19: =BB19 -> 1 | M19: =BC19 -> 1 | N19: =BD19 -> 4 | O19: =BE19 -> 0 | P19: =BF19 -> 0 | Q19: =BG19 -> 0 | ... AW19: =CM19 -> 0 | AY19: =SUM(AZ19:CM19) -> 32 | AZ19: 1 | BA19: 1 | BB19: 1 | BC19: 1 | BD19: 4 | BE19: 0 | BF19: 0 | BG19: 0 | BH19: 0 | BI19: 0 | BJ19: 0 | BK19: 4 | BL19: 4 | BM19: 0 | BN19: 0 | BO19: 0 | BP19: 0 | BQ19: 0 | BR19: 0 | BS19: 0 | BT19: 1 | BU19: 1 | BV19: 1 | BW19: 1 | BX19: 1 | BY19: 1 | BZ19: 1 | CA19: 1 | CB19: 0 | CC19: 0 | CD19: 0 | CE19: 0 | CF19: 1 | CG19: 1 | CH19: 1 | CI19: 1 | CJ19: 4 | CK19: 0 | CL19: 0 | CM19: 0
J20: =SUM(J19:M19)/$AY$20 -> 0.25 | N20: =SUM(N19:Q19)/$AY$20 -> 0.25 | R20: =SUM(R19:U19)/$AY$20 -> 0.25 | V20: =SUM(V19:Y19)/$AY$20 -> 0.25 | Z20: =SUM(Z19:AC19)/$AY$19 -> 0 | AD20: =SUM(AD19:AG19)/$AY$19 -> 0.125 | AH20: =SUM(AH19:AK19)/$AY$19 -> 0.125 | AL20: =SUM(AL19:AO19)/$AY$19 -> 0 | AP20: =SUM(AP19:AS19)/$AY$19 -> 0.125 | AT20: =SUM(AT19:AW19)/$AY$19 -> 0.125 | AX20: =SUM(J20:AW20) -> 1.5 | AY20: =SUM(AZ19:BO19) -> 16
J21: =J18+J20*G19/G31 -> 0.11858115 | N21: =N18+N20*G19/G31 -> 0.37637041 | R21: =R18+R20*G19/G31 -> 0.72038638 | V21: =V18+V20*G19/G31 -> 0.97817564 | Z21: =Z18+Z20*$G$19/$G$31 -> 1.0441582 | AD21: =AD18+AD20*G19/G31 -> 1.1632124 | AH21: =AH18+AH20*G19/G31 -> 1.2822665 | AL21: =AL18+AL20*G19/G31 -> 1.287931 | AP21: =AP18+AP20*G19/G31 -> 1.4393325 | AT21: =AT18+AT20*G19/G31 -> 1.5512092
A22: 6 | B22: SINALIZAÇÃO | C22: ='PLANILHA CONSOLIDADA'!L54 -> 28359.13 | D22: ='PLANILHA CONSOLIDADA'!M54 -> 20992.07 | E22: ='PLANILHA CONSOLIDADA'!N54 -> 15995.28 | F22: ='PLANILHA CONSOLIDADA'!O54 -> 29427.48 | G22: =SUM(C22:D22) -> 49351.2 | H22: =G22/$G$31 -> 0.015326148 | I22: =H22+I19 -> 0.94335485 | J22: =AZ22 -> 0 | K22: =BA22 -> 0 | L22: =BB22 -> 0 | M22: =BC22 -> 0 | N22: =BD22 -> 0 | O22: =BE22 -> 4 | P22: =BF22 -> 0 | Q22: =BG22 -> 0 | ... AW22: =CM22 -> 0 | AY22: =SUM(AZ22:CM22) -> 16 | AZ22: 0 | BA22: 0 | BB22: 0 | BC22: 0 | BD22: 0 | BE22: 4 | BF22: 0 | BG22: 0 | BH22: 0 | BI22: 0 | BJ22: 0 | BK22: 0 | BL22: 0 | BM22: 4 | BN22: 0 | BO22: 0 | BP22: 0 | BQ22: 0 | BR22: 0 | BS22: 0 | BT22: 0 | BU22: 0 | BV22: 0 | BW22: 0 | BX22: 0 | BY22: 0 | BZ22: 0 | CA22: 0 | CB22: 4 | CC22: 0 | CD22: 0 | CE22: 0 | CF22: 0 | CG22: 0 | CH22: 0 | CI22: 0 | CJ22: 0 | CK22: 4 | CL22: 0 | CM22: 0
J23: =SUM(J22:M22)/$AY$23 -> 0 | N23: =SUM(N22:Q22)/$AY$23 -> 0.5 | R23: =SUM(R22:U22)/$AY$23 -> 0 | V23: =SUM(V22:Y22)/$AY$23 -> 0.5 | Z23: =SUM(Z22:AC22)/$AY$22 -> 0 | AD23: =SUM(AD22:AG22)/$AY$22 -> 0 | AH23: =SUM(AH22:AK22)/$AY$22 -> 0 | AL23: =SUM(AL22:AO22)/$AY$22 -> 0.25 | AP23: =SUM(AP22:AS22)/$AY$22 -> 0 | AT23: =SUM(AT22:AW22)/$AY$22 -> 0.25 | AX23: =SUM(J23:AW23) -> 1.5 | AY23: =SUM(AZ22:BO22) -> 8
J24: =J21+J23*G22/G31 -> 0.11858115 | N24: =N21+N23*G22/G31 -> 0.38403348 | R24: =R21+R23*G22/G31 -> 0.72038638 | V24: =V21+V23*G22/G31 -> 0.98583871 | Z24: =Z21+Z23*$G$22/$G$31 -> 1.0441582 | AD24: =AD21+AD23*G22/G31 -> 1.1632124 | AH24: =AH21+AH23*G22/G31 -> 1.2822665 | AL24: =AL21+AL23*G22/G31 -> 1.2917626 | AP24: =AP21+AP23*G22/G31 -> 1.4393325 | AT24: =AT21+AT23*G22/G31 -> 1.5550408
A25: 7 | B25: PAISAGISMO | C25: ='PLANILHA CONSOLIDADA'!L56 -> 0 | D25: ='PLANILHA CONSOLIDADA'!M56 -> 0 | E25: ='PLANILHA CONSOLIDADA'!N56 -> 4713.53 | F25: ='PLANILHA CONSOLIDADA'!O56 -> 0 | G25: =SUM(C25:D25) -> 0 | H25: =G25/$G$31 -> 0 | I25: =H25+I22 -> 0.94335485 | J25: =AZ25 -> 0 | K25: =BA25 -> 0 | L25: =BB25 -> 0 | M25: =BC25 -> 0 | N25: =BD25 -> 0 | O25: =BE25 -> 0 | P25: =BF25 -> 0 | Q25: =BG25 -> 0 | ... AW25: =CM25 -> 0 | AY25: =SUM(AZ25:CM25) -> 8 | AZ25: 0 | BA25: 0 | BB25: 0 | BC25: 0 | BD25: 0 | BE25: 0 | BF25: 0 | BG25: 0 | BH25: 0 | BI25: 0 | BJ25: 0 | BK25: 0 | BL25: 0 | BM25: 0 | BN25: 0 | BO25: 0 | BP25: 0 | BQ25: 0 | BR25: 0 | BS25: 0 | BT25: 0 | BU25: 0 | BV25: 0 | BW25: 0 | BX25: 0 | BY25: 0 | BZ25: 0 | CA25: 4 | CB25: 4 | CC25: 0 | CD25: 0 | CE25: 0 | CF25: 0 | CG25: 0 | CH25: 0 | CI25: 0 | CJ25: 0 | CK25: 0 | CL25: 0 | CM25: 0
J26: =SUM(J25:M25)/$AY$25 -> 0 | N26: =SUM(N25:Q25)/$AY$25 -> 0 | R26: =SUM(R25:U25)/$AY$25 -> 0 | V26: =SUM(V25:Y25)/$AY$25 -> 0 | Z26: =SUM(Z25:AC25)/$AY$25 -> 0 | AD26: =SUM(AD25:AG25)/$AY$25 -> 0 | AH26: =SUM(AH25:AK25)/$AY$25 -> 0.5 | AL26: =SUM(AL25:AO25)/$AY$25 -> 0.5 | AP26: =SUM(AP25:AS25)/$AY$25 -> 0 | AT26: =SUM(AT25:AW25)/$AY$25 -> 0 | AX26: =SUM(J26:AW26) -> 1 | AY26: =SUM(AZ25:BG25) -> 0
J27: =J24+J26*$G$25 -> 0.11858115 | N27: =N24+N26*G25/G31 -> 0.38403348 | R27: =R24+R26*G25/G31 -> 0.72038638 | V27: =V24+V26*G25/G31 -> 0.98583871 | Z27: =Z24+Z26*$G$25/$G$31 -> 1.0441582 | AD27: =AD24+AD26*G25/G31 -> 1.1632124 | AH27: =AH24+AH26*G25/G31 -> 1.2822665 | AL27: =AL24+AL26*G25/G31 -> 1.2917626 | AP27: =AP24+AP26*G7/G31 -> 1.4393325 | AT27: =AT24+AT26*G25/G31 -> 1.5550408
A28: 7 | B28: ADMINISTRAÇÃO DA OBRA | C28: ='PLANILHA CONSOLIDADA'!L59 -> 83805.91 | D28: ='PLANILHA CONSOLIDADA'!M59 -> 98595.19 | E28: ='PLANILHA CONSOLIDADA'!N59 -> 195957.95 | F28: ='PLANILHA CONSOLIDADA'!O59 -> 89351.89 | G28: =SUM(C28:D28) -> 182401.1 | H28: =G28/$G$31 -> 0.056645153 | I28: =H28+I25 -> 1 | J28: =AZ29 -> 1 | K28: =BA29 -> 1 | L28: =BB29 -> 1 | M28: =BC29 -> 1 | N28: =BD29 -> 2 | O28: =BE29 -> 2 | P28: =BF29 -> 0 | Q28: =BG29 -> 0 | ... AW28: =CM29 -> 0
J29: =SUM(J28:M28)/$AY$30 -> 0.25 | N29: =SUM(N28:Q28)/$AY$30 -> 0.25 | R29: =SUM(R28:U28)/$AY$30 -> 0.25 | V29: =SUM(V28:Y28)/$AY$30 -> 0.25 | Z29: =SUM(Z28:AC28)/$AY$29 -> 0.1 | AD29: =SUM(AD28:AG28)/$AY$29 -> 0.1 | AH29: =SUM(AH28:AK28)/$AY$29 -> 0.1 | AL29: =SUM(AL28:AO28)/$AY$29 -> 0.1 | AP29: =SUM(AP28:AS28)/$AY$29 -> 0.1 | AT29: =SUM(AT28:AW28)/$AY$29 -> 0.1 | AX29: =SUM(J29:AW29) -> 1.6 | AY29: =SUM(AZ29:CM29) -> 40 | AZ29: 1 | BA29: 1 | BB29: 1 | BC29: 1 | BD29: 2 | BE29: 2 | BF29: 0 | BG29: 0 | BH29: 1 | BI29: 1 | BJ29: 1 | BK29: 1 | BL29: 2 | BM29: 2 | BN29: 0 | BO29: 0 | BP29: 1 | BQ29: 1 | BR29: 1 | BS29: 1 | BT29: 1 | BU29: 1 | BV29: 1 | BW29: 1 | BX29: 1 | BY29: 1 | BZ29: 1 | CA29: 1 | CB29: 4 | CC29: 0 | CD29: 0 | CE29: 0 | CF29: 1 | CG29: 1 | CH29: 1 | CI29: 1 | CJ29: 2 | CK29: 2 | CL29: 0 | CM29: 0
J30: =J27+J29*G28/G31 -> 0.13274244 | N30: =N27+N29*G28/G31 -> 0.39819477 | R30: =R27+R29*G28/G31 -> 0.73454767 | V30: =V27+V29*G28/G31 -> 1 | Z30: =Z27+Z29*$G$28/$G$31 -> 1.0498228 | AD30: =AD27+AD29*G28/G31 -> 1.1688769 | AH30: =AH27+AH29*G28/G31 -> 1.287931 | AL30: =AL27+AL29*G28/G31 -> 1.2974271 | AP30: =AP27+AP29*G28/G31 -> 1.444997 | AT30: =AT27+AT29*G28/G31 -> 1.5607053 | AY30: =SUM(AZ29:BO29) -> 16
B31: TOTAL GLOBAL | G31: =SUM(G7:G30) -> 3220065.5 | H31: =SUM(H7:H30) -> 1
A32: DESEMBOLSO PARCIAL R$ | J32: =J30*G31 -> 427439.36 | N32: =G31*(N30-J30) -> 854773.88 | R32: =G31*(R30-N30) -> 1083078.4 | V32: =G31*(V30-R30) -> 854773.88 | Z32: =G31*(Z30-V30) -> 160432.55 | AD32: =G31*(AD30-Z30) -> 383362.12 | AH32: =G31*(AH30-AD30) -> 383362.12 | AL32: =(G31*(AL30-AH30)) -> 30577.91 | AP32: =G31*(AP30-AL30) -> 475184.69 | AT32: =G31*(AT30-AP30) -> 372588.28
A33: DESEMBOLSO PARCIAL % | J33: =J32/G31 -> 0.13274244 | N33: =N30-J30 -> 0.26545233 | R33: =R30-N30 -> 0.3363529 | V33: =V30-R35 -> 0.26545233 | Z33: =Z32/G31 -> 0.049822762 | AD33: =AD30-Z30 -> 0.11905414 | AH33: =AH30-AD30 -> 0.11905414 | AL33: =AL30-AH35 -> 0.0094960522 | AP33: =AP32/G31 -> 0.14756989 | AT33: =AT30-AP30 -> 0.11570829
A34: DESEMBOLSO ACUMULADO R$ | J34: =J32 -> 427439.36 | N34: =J34+N32 -> 1282213.2 | R34: =N34+R32 -> 2365291.6 | V34: =R34+V32 -> 3220065.5 | Z34: =V34+Z32 -> 3380498 | AD34: =Z34+AD32 -> 3763860.2 | AH34: =AD34+AH32 -> 4147222.3 | AL34: =(AH34+AL32) -> 4177800.2 | AP34: =AL34+AP32 -> 4652984.9 | AT34: =AP34+AT32 -> 5025573.2
A35: DESEMBOLSO ACUMULADO % | J35: =J33 -> 0.13274244 | N35: =J35+N33 -> 0.39819477 | R35: =R33+N35 -> 0.73454767 | V35: =R35+V33 -> 1 | Z35: =V35+Z33 -> 1.0498228 | AD35: =Z35+AD33 -> 1.1688769 | AH35: =AH33+AD35 -> 1.287931 | AL35: =AH35+AL33 -> 1.2974271 | AP35: =AL35+AP33 -> 1.444997 | AT35: =AP35+AT33 -> 1.5607053

Sheet ATESTAÇÃO
D1: ATESTAÇÃO DOS ITENS DE MAIOR RELEVAÇÃO PARA O CONJUNTO DE OBRAS
A2: ITENS | B2: CÓDIGO | C2: BANCO | D2: SERVIÇOS | E2: UNID | F2: QUANT TOTAL | G2: V. UNIT C/ BDI | H2: VALOR (R$) | I2: 0.5
A3: 1 | D3: CONCRETO ASFÁLTICO USINADO À QUENTE (CAUQ) | F3: =SUM(F4:F4) -> 1454.8118 | H3: =SUM(H4:H4) -> 345342.04 | I3: =SUM(I4:I4) -> 727.4059
B4: 4011463 | C4: SICRO3 | D4: CONCRETO ASFÁLTICO - FAIXA C - AREIA E BRITA COMERCIAIS | E4: t | F4: ='ABC-detalhada'!J5 -> 1454.8118 | G4: ='ABC-detalhada'!M5 -> 237.37919 | H4: =G4*F4 -> 345342.04 | I4: =F4*0.5 -> 727.4059
A5: 2 | D5: EXECUÇÃO DE PISO E PASSEIO INTERTRAVADO | F5: =SUM(F6:F8) -> 2640.75 | H5: =SUM(H6:H8) -> 258715.64 | I5: =SUM(I6:I8) -> 1320.375
B6: 92398 | C6: SINAPI | D6: EXECUÇÃO DE PAVIMENTO EM PISO INTERTRAVADO, COM BLOCO RETANGULAR COR NATURAL DE 20 X 10 CM, ESPESSURA 8 CM. AF_10/2022 | E6: m² | F6: ='ABC-detalhada'!J41 -> 0 | G6: ='ABC-detalhada'!M41 -> 97.311889 | H6: =G6*F6 -> 0 | I6: =F6*0.5 -> 0
B7: 94992 | C7: SINAPI | D7: EXECUÇÃO DE PASSEIO (CALÇADA) OU PISO DE CONCRETO COM CONCRETO MOLDADO IN LOCO, FEITO EM OBRA, ACABAMENTO CONVENCIONAL, ESPESSURA 6 CM, ARMADO. AF_08/2022 | E7: m² | F7: ='ABC-detalhada'!J42 -> 927.05 | G7: ='ABC-detalhada'!M42 -> 96.723705 | H7: =G7*F7 -> 89667.71 | I7: =F7*0.5 -> 463.525
B8: 93679 | C8: SINAPI | D8: EXECUÇÃO DE PASSEIO EM PISO INTERTRAVADO, COM BLOCO RETANGULAR COLORIDO DE 20 X 10 CM, ESPESSURA 6 CM. AF_10/2022 | E8: m² | F8: ='ABC-detalhada'!J43 -> 1713.7 | G8: ='ABC-detalhada'!M43 -> 98.644994 | H8: =G8*F8 -> 169047.93 | I8: =F8*0.5 -> 856.85
A9: 3 | D9: EXECUÇÃO DE BASE E SUB-BASE | F9: =SUM(F10:F12) -> 2894.1255 | H9: =SUM(H10:H12) -> 552769.32 | I9: =SUM(I10:I12) -> 1447.0627
B10: 96397 | C10: SINAPI | D10: EXECUÇÃO E COMPACTAÇÃO DE BASE E OU SUB BASE PARA PAVIMENTAÇÃO DE BRITA GRADUADA SIMPLES TRATADA COM CIMENTO - EXCLUSIVE CARGA E TRANSPORTE. AF_11/2019 | E10: m³ | F10: ='ABC-detalhada'!J8 -> 762.06274 | G10: ='ABC-detalhada'!M8 -> 283.59451 | H10: =G10*F10 -> 216116.81 | I10: =F10*0.5 -> 381.03137
B11: 100565 | C11: SINAPI | D11: EXECUÇÃO E COMPACTAÇÃO DE BASE E OU SUB-BASE PARA PAVIMENTAÇÃO DE SOLO (PREDOMINANTEMENTE ARENOSO) BRITA - 50/50 - EXCLUSIVE SOLO, ESCAVAÇÃO, CARGA E TRANSPORTE. AF_11/2019 | E11: m³ | F11: ='ABC-detalhada'!J9 -> 1152.4627 | G11: ='ABC-detalhada'!M9 -> 113.03518 | H11: =G11*F11 -> 130268.83 | I11: =F11*0.5 -> 576.23137
B12: 96396 | C12: SINAPI | D12: EXECUÇÃO E COMPACTAÇÃO DE BASE E OU SUB BASE PARA PAVIMENTAÇÃO DE BRITA GRADUADA SIMPLES - EXCLUSIVE CARGA E TRANSPORTE. AF_11/2019 | E12: m³ | F12: ='ABC-detalhada'!J10 -> 979.6 | G12: ='ABC-detalhada'!M10 -> 210.68158 | H12: =G12*F12 -> 206383.68 | I12: =F12*0.5 -> 489.8
A13: 4 | B13: 94273 | C13: SINAPI | D13: ASSENTAMENTO DE GUIA (MEIO-FIO) EM TRECHO RETO, CONFECCIONADA EM CONCRETO PRÉ-FABRICADO, DIMENSÕES 100X15X13X30 CM (COMPRIMENTO X BASE INFERIOR X BASE SUPERIOR X ALTURA). AF_01/2024 | E13: m | F13: ='ABC-detalhada'!J45 -> 2278.3 | G13: ='ABC-detalhada'!M45 -> 60.489098 | H13: =G13*F13 -> 137812.31 | I13: =F13*0.5 -> 1139.15
A14: 5 | B14: 4011486 | C14: SICRO3 | D14: RECICLAGEM COM INCORPORAÇÃO DO REVESTIMENTO ASFÁLTICO À BASE E ADIÇÃO DE 3% DE CIMENTO E DE BRITA COMERCIAL | E14: ='ABC-detalhada'!E46 -> m³ | F14: ='ABC-detalhada'!J46 -> 1288.2011 | G14: ='ABC-detalhada'!M46 -> 141.15746 | H14: =G14*F14 -> 181839.19 | I14: =F14*0.5 -> 644.10054

Sheet OBRA 01 - SINTÉTICA
D1: PLANILHA ORÇAMENTÁRIA SINTÉTICA DA OBRA 01 | G1: B.D.I. PRINCIPAL | H1: B.D.I DIFERENCIADO
D2: SINAPI - 10/2024 - Pernambuco SICRO3 - 07/2024 - Pernambuco ORSE - 07/2024 - Sergipe SEINFRA - 028 - Ceará | G2: 0.2097 | H2: 0.1402
A3: LOCAL | E3: ENGARGOS SOCIAIS
A4: Av. das Nações / AV. Fernando Farias | E4: Não Desonerado: embutido nos preços unitário dos insumos de mão de obra, de acordo com as bases.
A5: Planilha Orçamentária Sintética
A6: Item | B6: Código | C6: Banco | D6: Descrição | E6: Und | F6: Quant. | G6: Valor Unit | H6: Valor Unit com BDI | I6: Total | J6: Peso (%)
A7: 1 | D7: SERVIÇOS PRELIMINARES | I7: =SUM(I8:I14) -> 126807.05 | J7: =SUM(J8:J14) -> 0.090181057
A8: 1.1 | B8: CPU 01 | C8: Próprio | D8: PLACA DE OBRA EM CHAPA DE AÇO GALVANIZADA | E8: m² | F8: =VLOOKUP(A8,'OBRA 01 - MEMÓRIA'!$A:$O,15,0) -> 6 | G8: ='OBRA 01 - ANALÍTICA'!J8 -> 374.0319 | H8: =G8*(1+$G$2) -> 452.46639 | I8: =TRUNC((F8*H8),2) -> 2714.79 | J8: =I8/$H$50 -> 0.0019306705
A9: 1.2 | B9: 97636 | C9: SINAPI | D9: DEMOLIÇÃO PARCIAL DE PAVIMENTO ASFÁLTICO, DE FORMA MECANIZADA, SEM REAPROVEITAMENTO. AF_09/2023 | E9: m² | F9: =VLOOKUP(A9,'OBRA 01 - MEMÓRIA'!$A:$O,15,0) -> 2946 | G9: ='OBRA 01 - ANALÍTICA'!J21 -> 22.650456 | H9: =G9*(1+$G$2) -> 27.400257 | I9: =TRUNC((F9*H9),2) -> 80721.15 | J9: =I9/$H$50 -> 0.057406261
A10: 1.3 | B10: 1600441 | C10: SICRO3 | D10: REMOÇÃO DE PARALELEPÍPEDOS | E10: m² | F10: =VLOOKUP(A10,'OBRA 01 - MEMÓRIA'!$A:$O,15,0) -> 380.8 | G10: ='OBRA 01 - ANALÍTICA'!J32 -> 3.9131663 | H10: =G10*(1+$G$2) -> 4.7337573 | I10: =TRUNC((F10*H10),2) -> 1802.61 | J10: =I10/$H$50 -> 0.0012819577
A11: 1.4 | B11: 21 | C11: ORSE | D11: DEMOLIÇÃO DE MEIO-FIO GRANÍTICO OU PRE-MOLDADO | E11: m | F11: =VLOOKUP(A11,'OBRA 01 - MEMÓRIA'!$A:$O,15,0) -> 732 | G11: ='OBRA 01 - ANALÍTICA'!J51 -> 9.8135 | H11: =G11*(1+$G$2) -> 11.871391 | I11: =TRUNC((F11*H11),2) -> 8689.85 | J11: =I11/$H$50 -> 0.0061799392
A12: 1.5 | B12: 1600989 | C12: SICRO3 | D12: DEMOLIÇÃO DE CONCRETO SIMPLES COM MARTELETE | E12: m³ | F12: =VLOOKUP(A12,'OBRA 01 - MEMÓRIA'!$A:$O,15,0) -> 4.5 | G12: ='OBRA 01 - ANALÍTICA'!J61 -> 391.38086 | H12: =G12*(1+$G$2) -> 473.45342 | I12: =TRUNC((F12*H12),2) -> 2130.54 | J12: =I12/$H$50 -> 0.0015151709
A13: 1.6 | B13: 100977 | C13: SINAPI | D13: CARGA, MANOBRA E DESCARGA DE SOLOS E MATERIAIS GRANULARES EM CAMINHÃO BASCULANTE 6 M³ - CARGA COM ESCAVADEIRA HIDRÁULICA (CAÇAMBA DE 1,20 M³ / 155 HP) E DESCARGA LIVRE (UNIDADE: M3). AF_07/2020 - ENTULHO | E13: m³ | F13: =VLOOKUP(A13,'OBRA 01 - MEMÓRIA'!$A:$O,15,0) -> 262.025 | G13: ='OBRA 01 - ANALÍTICA'!J92 -> 7.807302 | H13: =G13*(1+$G$2) -> 9.4444932 | I13: =TRUNC((F13*H13),2) -> 2474.69 | J13: =I13/$H$50 -> 0.0017599192
A14: 1.7 | B14: 97914 | C14: SINAPI | D14: TRANSPORTE COM CAMINHÃO BASCULANTE DE 6 M³, EM VIA URBANA PAVIMENTADA, DMT ATÉ 30 KM (UNIDADE: M3XKM). AF_07/2020 - ENTULHO | E14: M3XKM | F14: =VLOOKUP(A14,'OBRA 01 - MEMÓRIA'!$A:$O,15,0) -> 7860.75 | G14: ='OBRA 01 - ANALÍTICA'!J102 -> 2.973286 | H14: =G14*(1+$G$2) -> 3.5967841 | I14: =TRUNC((F14*H14),2) -> 28273.42 | J14: =I14/$H$50 -> 0.020107138
A15: 2 | D15: TERRAPLENAGEM | I15: =SUM(I16:I18) -> 124420.61 | J15: =SUM(J16:J18) -> 0.088483898
A16: 2.1 | B16: 101124 | C16: SINAPI | D16: ESCAVAÇÃO HORIZONTAL, INCLUINDO CARGA E DESCARGA EM SOLO DE 1A CATEGORIA COM TRATOR DE ESTEIRAS (100HP/LÂMINA: 2,19M3). AF_07/2020 | E16: m³ | F16: =VLOOKUP(A16,'OBRA 01 - MEMÓRIA'!$A:$O,15,0) -> 780.8 | G16: ='OBRA 01 - ANALÍTICA'!J111 -> 15.327325 | H16: =G16*(1+$G$2) -> 18.541465 | I16: =TRUNC(F16*H16,2) -> 14477.17 | J16: =I16/$H$50 -> 0.010295693
A17: 2.2 | B17: 5502978 | C17: SICRO3 | D17: COMPACTAÇÃO DE ATERROS A 100% DO PROCTOR NORMAL | E17: m³ | F17: =VLOOKUP(A17,'OBRA 01 - MEMÓRIA'!$A:$O,15,0) -> 780.8 | G17: ='OBRA 01 - ANALÍTICA'!J121 -> 4.9014838 | H17: =G17*(1+$G$2) -> 5.9293249 | I17: =TRUNC(F17*H17,2) -> 4629.61 | J17: =I17/$H$50 -> 0.0032924283
A18: 2.3 | B18: 97914 | C18: SINAPI | D18: TRANSPORTE COM CAMINHÃO BASCULANTE DE 6 M³, EM VIA URBANA PAVIMENTADA, DMT ATÉ 30 KM (UNIDADE: M3XKM). AF_07/2020 - SOLO | E18: M3XKM | F18: =VLOOKUP(A18,'OBRA 01 - MEMÓRIA'!$A:$O,15,0) -> 29280 | G18: ='OBRA 01 - ANALÍTICA'!J144 -> 2.973286 | H18: =G18*(1+$G$2) -> 3.5967841 | I18: =TRUNC(F18*H18,2) -> 105313.83 | J18: =I18/$H$50 -> 0.074895777
A19: 3 | D19: PAVIMENTO | I19: =I20+I27 -> 735374.61 | J19: =J20+J27 -> 0.52297455
A20: 3.1 | D20: BASE | I20: =SUM(I21:I26) -> 443133.13 | J20: =SUM(J21:J26) -> 0.3151419
A21: 3.1.1 | B21: 100577 | C21: SINAPI | D21: REGULARIZAÇÃO E COMPACTAÇÃO DE SUBLEITO DE SOLO PREDOMINANTEMENTE ARENOSO. AF_11/2019 | E21: m² | F21: ='OBRA 01 - MEMÓRIA'!O34 -> 1952 | G21: ='OBRA 01 - ANALÍTICA'!J154 -> 1.9800478 | H21: =G21*(1+$G$2) -> 2.3952638 | I21: =TRUNC(F21*H21,2) -> 4675.55 | J21: =I21/$H$50 -> 0.0033250994
A22: 3.1.2 | B22: 100565 | C22: SINAPI | D22: EXECUÇÃO E COMPACTAÇÃO DE BASE E OU SUB-BASE PARA PAVIMENTAÇÃO DE SOLO (PREDOMINANTEMENTE ARENOSO) BRITA - 50/50 - EXCLUSIVE SOLO, ESCAVAÇÃO, CARGA E TRANSPORTE. AF_11/2019 | E22: m³ | F22: =VLOOKUP(A22,'OBRA 01 - MEMÓRIA'!$A:$O,15,0) -> 390.4 | G22: ='OBRA 01 - ANALÍTICA'!J167 -> 93.44067 | H22: =G22*(1+$G$2) -> 113.03518 | I22: =TRUNC(F22*H22,2) -> 44128.93 | J22: =I22/$H$50 -> 0.031383062
A23: 3.1.3 | B23: 00004743 | C23: SINAPI | D23: CASCALHO DE CAVA | E23: m³ | F23: =VLOOKUP(A23,'OBRA 01 - MEMÓRIA'!$A:$O,15,0) -> 244 | G23: ='OBRA 01 - ANALÍTICA'!J187 -> 60.92 | H23: =G23*(1+$H$2) -> 69.460984 | I23: =TRUNC(F23*H23,2) -> 16948.48 | J23: =I23/$H$50 -> 0.012053209
A24: 3.1.4 | B24: 96396 | C24: SINAPI | D24: EXECUÇÃO E COMPACTAÇÃO DE BASE E OU SUB BASE PARA PAVIMENTAÇÃO DE BRITA GRADUADA SIMPLES - EXCLUSIVE CARGA E TRANSPORTE. AF_11/2019 | E24: m³ | F24: =VLOOKUP(A24,'OBRA 01 - MEMÓRIA'!$A:$O,15,0) -> 979.6 | G24: ='OBRA 01 - ANALÍTICA'!J193 -> 174.16019 | H24: =G24*(1+$G$2) -> 210.68158 | I24: =TRUNC(F24*H24,2) -> 206383.67 | J24: =I24/$H$50 -> 0.14677337
A25: 3.1.5 | B25: 100977 | C25: SINAPI | D25: CARGA, MANOBRA E DESCARGA DE SOLOS E MATERIAIS GRANULARES EM CAMINHÃO BASCULANTE 6 M³ - CARGA COM ESCAVADEIRA HIDRÁULICA (CAÇAMBA DE 1,20 M³ / 155 HP) E DESCARGA LIVRE (UNIDADE: M3). AF_07/2020 - BASE | E25: m³ | F25: =VLOOKUP(A25,'OBRA 01 - MEMÓRIA'!$A:$O,15,0) -> 1712.5 | G25: ='OBRA 01 - ANALÍTICA'!J209 -> 7.807302 | H25: =G25*(1+$G$2) -> 9.4444932 | I25: =TRUNC(F25*H25,2) -> 16173.69 | J25: =I25/$H$50 -> 0.011502203
A26: 3.1.6 | B26: 95875 | C26: SINAPI | D26: TRANSPORTE COM CAMINHÃO BASCULANTE DE 10 M³, EM VIA URBANA PAVIMENTADA, DMT ATÉ 30 KM (UNIDADE: M3XKM). AF_07/2020 - BASE | E26: M3XKM | F26: =VLOOKUP(A26,'OBRA 01 - MEMÓRIA'!$A:$O,15,0) -> 51375 | G26: ='OBRA 01 - ANALÍTICA'!J219 -> 2.491182 | H26: =G26*(1+$G$2) -> 3.0135829 | I26: =TRUNC(F26*H26,2) -> 154822.81 | J26: =I26/$H$50 -> 0.11010496
A27: 3.2 | D27: PAVIMENTAÇÃO | I27: =SUM(I28:I37) -> 292241.48 | J27: =SUM(J28:J37) -> 0.20783265
A28: 3.2.1 | B28: 4011352 | C28: SICRO3 | D28: IMPRIMAÇÃO COM EMULSÃO ASFÁLTICA | E28: m² | F28: =VLOOKUP(A28,'OBRA 01 - MEMÓRIA'!$A:$O,15,0) -> 3701.62 | G28: ='OBRA 01 - ANALÍTICA'!J228 -> 0.39891388 | H28: =G28*(1+$G$2) -> 0.48256612 | I28: =TRUNC(F28*H28,2) -> 1786.27 | J28: =I28/$H$50 -> 0.0012703372
A29: 3.2.2 | B29: 4011353 | C29: SICRO3 | D29: PINTURA DE LIGAÇÃO | E29: m² | F29: =VLOOKUP(A29,'OBRA 01 - MEMÓRIA'!$A:$O,15,0) -> 3701.62 | G29: ='OBRA 01 - ANALÍTICA'!J251 -> 0.2762092 | H29: =G29*(1+$G$2) -> 0.33413027 | I29: =TRUNC(F29*H29,2) -> 1236.82 | J29: =I29/$H$50 -> 0.00087958623
A30: 3.2.3 | B30: 4011463 | C30: SICRO3 | D30: CONCRETO ASFÁLTICO - FAIXA C - AREIA E BRITA COMERCIAIS | E30: t | F30: =VLOOKUP(A30,'OBRA 01 - MEMÓRIA'!$A:$O,15,0) -> 444.1944 | G30: ='OBRA 01 - ANALÍTICA'!J274 -> 196.2298 | H30: =G30*(1+$G$2) -> 237.37919 | I30: =TRUNC(F30*H30,2) -> 105442.5 | J30: =I30/$H$50 -> 0.074987283
A31: 3.2.4 | B31: 95875 | C31: SINAPI | D31: TRANSPORTE COM CAMINHÃO BASCULANTE DE 10 M³, EM VIA URBANA PAVIMENTADA, DMT ATÉ 30 KM (UNIDADE: M3XKM). AF_07/2020 - CBUQ | E31: M3XKM | F31: =VLOOKUP(A31,'OBRA 01 - MEMÓRIA'!$A:$O,15,0) -> 5552.43 | G31: ='OBRA 01 - ANALÍTICA'!J305 -> 2.491182 | H31: =G31*(1+$G$2) -> 3.0135829 | I31: =TRUNC(F31*H31,2) -> 16732.7 | J31: =I31/$H$50 -> 0.011899753
A32: 3.2.5 | B32: 102330 | C32: SINAPI | D32: TRANSPORTE COM CAMINHÃO TANQUE DE TRANSPORTE DE MATERIAL ASFÁLTICO DE 30000 L, EM VIA URBANA PAVIMENTADA, DMT ATÉ 30KM (UNIDADE: TXKM). AF_07/2020 | E32: TXKM | F32: =VLOOKUP(A32,'OBRA 01 - MEMÓRIA'!$A:$O,15,0) -> 1053.718 | G32: ='OBRA 01 - ANALÍTICA'!J313 -> 1.425548 | H32: =G32*(1+$G$2) -> 1.7244854 | I32: =TRUNC(F32*H32,2) -> 1817.12 | J32: =I32/$H$50 -> 0.0012922767
A33: 3.2.6 | B33: 102331 | C33: SINAPI | D33: TRANSPORTE COM CAMINHÃO TANQUE DE TRANSPORTE DE MATERIAL ASFÁLTICO DE 30000 L, EM VIA URBANA PAVIMENTADA, ADICIONAL PARA DMT EXCEDENTE A 30 KM (UNIDADE: TXKM). AF_07/2020 | E33: TXKM | F33: =VLOOKUP(A33,'OBRA 01 - MEMÓRIA'!$A:$O,15,0) -> 16508.248 | G33: ='OBRA 01 - ANALÍTICA'!J321 -> 0.562725 | H33: =G33*(1+$G$2) -> 0.68072843 | I33: =TRUNC(F33*H33,2) -> 11237.63 | J33: =I33/$H$50 -> 0.0079918376
A34: 3.2.7 | B34: CPU 02 | C34: Próprio | D34: LIMPEZA DE SUPERFICIE (VARRIÇÃO E REMOÇÃO DE ENTULHOS) | E34: m² | F34: =VLOOKUP(A34,'OBRA 01 - MEMÓRIA'!$A:$O,15,0) -> 3701.62 | G34: ='OBRA 01 - ANALÍTICA'!J329 -> 0.58519 | H34: =G34*(1+$G$2) -> 0.70790434 | I34: =TRUNC(F34*H34,2) -> 2620.39 | J34: =I34/$H$50 -> 0.0018635363
A35: 3.2.8 | B35: ANP | C35: ANP | D35: EMULSÕES ASFÁLTICAS RR-2C | E35: T | F35: ='OBRA 01 - ANALÍTICA'!H339 -> 1.665729 | G35: ='OBRA 01 - ANALÍTICA'!J336 -> 3037.47 | H35: =G35*(1+$H$2) -> 3463.3233 | I35: =TRUNC(F35*H35,2) -> 5768.95 | J35: =I35/$H$50 -> 0.0041026899
A36: 3.2.9 | B36: ANP | C36: ANP | D36: EMULSÃO ASFÁLTICA PARA SERVIÇO DE IMPRIMAÇÃO - EAI | E36: T | F36: =VLOOKUP(A36,'OBRA 01 - MEMÓRIA'!$A:$O,15,0) -> 4.812106 | G36: ='OBRA 01 - ANALÍTICA'!J342 -> 2554.84 | H36: =G36*(1+$H$2) -> 2913.0286 | I36: =TRUNC(F36*H36,2) -> 14017.8 | J36: =I36/$H$50 -> 0.0099690043
A37: 3.2.10 | B37: ANP | C37: ANP | D37: CIMENTO ASFÁLTICO DE PETRÓLEO - CAP 50/70 | E37: T | F37: =VLOOKUP(A37,'OBRA 01 - MEMÓRIA'!$A:$O,15,0) -> 28.646097 | G37: ='OBRA 01 - ANALÍTICA'!J348 -> 4028.54 | H37: =G37*(1+$H$2) -> 4593.3413 | I37: =TRUNC(F37*H37,2) -> 131581.3 | J37: =I37/$H$50 -> 0.093576349
A38: 4 | D38: MEIO FIO E SARJETA | I38: =SUM(I39:I40) -> 147103.51 | J38: =SUM(J39:J40) -> 0.10461524
A39: 4.1 | B39: 94273 | C39: SINAPI | D39: ASSENTAMENTO DE GUIA (MEIO-FIO) EM TRECHO RETO, CONFECCIONADA EM CONCRETO PRÉ-FABRICADO, DIMENSÕES 100X15X13X30 CM (COMPRIMENTO X BASE INFERIOR X BASE SUPERIOR X ALTURA). AF_01/2024 | E39: M | F39: =VLOOKUP(A39,'OBRA 01 - MEMÓRIA'!$A:$O,15,0) -> 1392.43 | G39: ='OBRA 01 - ANALÍTICA'!J355 -> 50.003388 | H39: =G39*(1+$G$2) -> 60.489098 | I39: =TRUNC(F39*H39,2) -> 84226.83 | J39: =I39/$H$50 -> 0.059899387
A40: 4.2 | B40: 94289 | C40: SINAPI | D40: EXECUÇÃO DE SARJETA DE CONCRETO USINADO, MOLDADA IN LOCO EM TRECHO RETO, 45 CM BASE X 10 CM ALTURA. AF_01/2024 | E40: M | F40: =VLOOKUP(A40,'OBRA 01 - MEMÓRIA'!$A:$O,15,0) -> 1247.91 | G40: ='OBRA 01 - ANALÍTICA'!J366 -> 41.651311 | H40: =G40*(1+$G$2) -> 50.385591 | I40: =TRUNC(F40*H40,2) -> 62876.68 | J40: =I40/$H$50 -> 0.044715853
A41: 5 | D41: PASSEIO | I41: =SUM(I42:I44) -> 160267.61 | J41: =SUM(J42:J44) -> 0.11397712
A42: 5.1 | B42: 93679 | C42: SINAPI | D42: EXECUÇÃO DE PASSEIO EM PISO INTERTRAVADO, COM BLOCO RETANGULAR COLORIDO DE 20 X 10 CM, ESPESSURA 6 CM. AF_10/2022 | E42: m² | F42: =VLOOKUP(A42,'OBRA 01 - MEMÓRIA'!$A:$O,15,0) -> 1522.08 | G42: ='OBRA 01 - ANALÍTICA'!J379 -> 81.545006 | H42: =G42*(1+$G$2) -> 98.644994 | I42: =TRUNC(F42*H42,2) -> 150145.57 | J42: =I42/$H$50 -> 0.10677865
A43: 5.2 | B43: 100977 | C43: SINAPI | D43: CARGA, MANOBRA E DESCARGA DE SOLOS E MATERIAIS GRANULARES EM CAMINHÃO BASCULANTE 6 M³ - CARGA COM ESCAVADEIRA HIDRÁULICA (CAÇAMBA DE 1,20 M³ / 155 HP) E DESCARGA LIVRE (UNIDADE: M3). AF_07/2020 - AREIA E PÓ DE PEDRA | E43: m³ | F43: =VLOOKUP(A43,'OBRA 01 - MEMÓRIA'!$A:$O,15,0) -> 101.37053 | G43: ='OBRA 01 - ANALÍTICA'!J394 -> 7.807302 | H43: =G43*(1+$G$2) -> 9.4444932 | I43: =TRUNC(F43*H43,2) -> 957.39 | J43: =I43/$H$50 -> 0.00068086469
A44: 5.3 | B44: 95875 | C44: SINAPI | D44: TRANSPORTE COM CAMINHÃO BASCULANTE DE 10 M³, EM VIA URBANA PAVIMENTADA, DMT ATÉ 30 KM (UNIDADE: M3XKM). AF_07/2020 - AREIA E PÓ DE PEDRA | E44: M3XKM | F44: =VLOOKUP(A44,'OBRA 01 - MEMÓRIA'!$A:$O,15,0) -> 3041.1158 | G44: ='OBRA 01 - ANALÍTICA'!J404 -> 2.491182 | H44: =G44*(1+$G$2) -> 3.0135829 | I44: =TRUNC(F44*H44,2) -> 9164.65 | J44: =I44/$H$50 -> 0.0065176015
A45: 6 | D45: SINALIZAÇÃO | I45: =SUM(I46:I46) -> 28359.13 | J45: =SUM(J46:J46) -> 0.020168093
A46: 6.1 | B46: 102512 | C46: SINAPI | D46: PINTURA DE EIXO VIÁRIO SOBRE ASFALTO COM TINTA RETRORREFLETIVA A BASE DE RESINA ACRÍLICA COM MICROESFERAS DE VIDRO, APLICAÇÃO MECÂNICA COM DEMARCADORA AUTOPROPELIDA. AF_05/2021 | E46: M | F46: =VLOOKUP(A46,'OBRA 01 - MEMÓRIA'!$A:$O,15,0) -> 3670.044 | G46: ='OBRA 01 - ANALÍTICA'!J413 -> 6.387693 | H46: =G46*(1+G2) -> 7.7271922 | I46: =TRUNC(F46*H46,2) -> 28359.13 | J46: =I46/$H$50 -> 0.020168093
A47: 7 | D47: ADMINISTRAÇÃO | I47: =SUM(I48:I48) -> 83805.91 | J47: =SUM(J48:J48) -> 0.059600042
A48: 7.1 | B48: CPU 03 | C48: Próprio | D48: ADMINISTRAÇÃO LOCAL | E48: MÊS | F48: 1.36 | G48: ='OBRA 01 - ANALÍTICA'!J428 -> 50939.9 | H48: ='OBRA 01 - ANALÍTICA'!J436 -> 61621.997 | I48: =TRUNC(F48*H48,2) -> 83805.91 | J48: =I48/$H$50 -> 0.059600042
F50: Total: | H50: =I47+I41+I38+I19+I15+I7+I45 -> 1406138.4
A51: LEGENDA
B53: Utilizado o BDI principal
B54: Utilizado o BDI diferenciado

Sheet OBRA 01 - MEMÓRIA
D1: MEMORIAL DE CÁLCULO PARA OBRA 01 | G1: BDI PRINCIPAL | H1: BDI DIFERENCIADO
D2: SINAPI - 06/2024 - Pernambuco SICRO3 - 04/2024 - Pernambuco ORSE - 05/2024 - Sergipe SEINFRA - 028 - Ceará | G2: 0.2097 | H2: 0.1402
A3: LOCAL | E3: ENCARGOS SOCIAIS
A4: Av. das Nações / AV. Fernando Farias | E4: Não Desonerado: embutido nos preços unitário dos insumos de mão de obra, de acordo com as bases.
A5: Memória de Cálculo
A6: Item | B6: Código | C6: Banco | D6: Descrição | E6: Und | F6: Comp. (m) | G6: Larg. (m) | H6: Esp. (m) | I6: Área (m2) | J6: Vol. (m3) | K6: Massa (t) | L6: Taxa (%) | M6: Quant. (Und) | N6: Distância (km) | O6: Total
A7: 1 | D7: SERVIÇOS PRELIMINARES | O7: =SUM(O18+O16+O14+O12+O10+O8+O23) -> 12192.075
A8: 1.1 | B8: CPU 01 | C8: Próprio | D8: PLACA DE OBRA EM CHAPA DE AÇO GALVANIZADA | E8: m² | O8: =O9 -> 6
F9: 3 | G9: 2 | M9: 1 | O9: =F9*G9*M9 -> 6
A10: 1.2 | B10: 97636 | C10: SINAPI | D10: DEMOLIÇÃO PARCIAL DE PAVIMENTO ASFÁLTICO, DE FORMA MECANIZADA, SEM REAPROVEITAMENTO. AF_09/2023 | E10: m² | O10: =O11 -> 2946
I11: 2946 | O11: =I11 -> 2946
A12: 1.3 | B12: 1600441 | C12: SICRO3 | D12: REMOÇÃO DE PARALELEPÍPEDOS | E12: m² | O12: =O13 -> 380.8
I13: 380.8 | O13: =I13 -> 380.8
A14: 1.4 | B14: 21 | C14: ORSE | D14: DEMOLIÇÃO DE MEIO-FIO GRANÍTICO OU PRÉ-MOLDADO | E14: m | O14: =O15 -> 732
F15: 732 | O15: =F15 -> 732
A16: 1.5 | B16: 1600989 | C16: SICRO3 | D16: DEMOLIÇÃO DE CONCRETO SIMPLES COM MARTELETE | E16: m³ | O16: =O17 -> 4.5
F17: 75 | G17: 0.3 | H17: 0.2 | O17: =F17*G17*H17 -> 4.5
A18: 1.6 | B18: 100977 | C18: SINAPI | D18: CARGA, MANOBRA E DESCARGA DE SOLOS E MATERIAIS GRANULARES EM CAMINHÃO BASCULANTE 6 M³ - CARGA COM ESCAVADEIRA HIDRÁULICA (CAÇAMBA DE 1,20 M³ / 155 HP) E DESCARGA LIVRE (UNIDADE: M3). AF_07/2020 - ENTULHO | E18: m³ | O18: =SUM(O19:O22) -> 262.025
D19: PAVIMENTO ASFÁLTICO | H19: 0.05 | I19: =I11 -> 2946 | O19: =H19*I19 -> 147.3
D20: PAVIMENTO EM PARALELEPÍPEDO | H20: 0.2 | I20: =I13 -> 380.8 | O20: =H20*I20 -> 76.16
D21: MEIO FIO | F21: =F15 -> 732 | G21: 0.15 | H21: 0.3 | O21: =F21*G21*H21 -> 32.94
D22: CALÇADA | F22: =F17 -> 75 | G22: 1.5 | H22: 0.05 | O22: =F22*G22*H22 -> 5.625
A23: 1.7 | B23: 97914 | C23: SINAPI | D23: TRANSPORTE COM CAMINHÃO BASCULANTE DE 6 M³, EM VIA URBANA PAVIMENTADA, DMT ATÉ 30 KM (UNIDADE: M3XKM). AF_07/2020 - ENTULHO | E23: M3XKM | O23: =O24 -> 7860.75
J24: =O18 -> 262.025 | N24: 30 | O24: =J24*N24 -> 7860.75
A25: 2 | D25: TERRAPLENAGEM | O25: =O26+O28+O30 -> 30841.6
A26: 2.1 | B26: 101124 | C26: SINAPI | D26: ESCAVAÇÃO HORIZONTAL, INCLUINDO CARGA E DESCARGA EM SOLO DE 1A CATEGORIA COM TRATOR DE ESTEIRAS (100HP/LÂMINA: 2,19M3). AF_07/2020 | E26: m³ | O26: =O27 -> 780.8
H27: 0.4 | I27: 1952 | L27: 1 | O27: =H27*I27*L27 -> 780.8
A28: 2.2 | B28: 5502978 | C28: SICRO3 | D28: COMPACTAÇÃO DE ATERRO A 100% DO PROCTOR NORMAL | E28: m³ | O28: =O29 -> 780.8
H29: 0.4 | I29: 1952 | L29: 1 | O29: =H29*I29*L29 -> 780.8
A30: 2.3 | B30: 97914 | C30: SINAPI | D30: TRANSPORTE COM CAMINHÃO BASCULANTE DE 6 M³, EM VIA URBANA PAVIMENTADA, DMT ATÉ 30 KM (UNIDADE: M3XKM). AF_07/2020 - SOLO | E30: M3XKM | O30: =O31 -> 29280
J31: =O26 -> 780.8 | M31: 1.25 | N31: 30 | O31: =J31*N31*M31 -> 29280
A32: 3 | D32: PAVIMENTO
A33: 3.1 | D33: BASE | O33: =O34+O36+O38+O40+O42+O44 -> 56653.5
A34: 3.1.1 | B34: 100577 | C34: SINAPI | D34: REGULARIZAÇÃO E COMPACTAÇÃO DE SUBLEITO DE SOLO PREDOMINANTEMENTE ARENOSO. AF_11/2019 | E34: m² | O34: =SUM(O35:O35) -> 1952
I35: =I27 -> 1952 | M35: 1 | O35: =I35*M35 -> 1952
A36: 3.1.2 | B36: 100565 | C36: SINAPI | D36: EXECUÇÃO E COMPACTAÇÃO DE BASE E OU SUB-BASE PARA PAVIMENTAÇÃO DE SOLO (PREDOMINANTEMENTE ARENOSO) BRITA - 50/50 - EXCLUSIVE SOLO, ESCAVAÇÃO, CARGA E TRANSPORTE. AF_11/2019 | E36: m³ | O36: =SUM(O37:O37) -> 390.4
H37: 0.2 | I37: =I35 -> 1952 | O37: =I37*H37 -> 390.4
A38: 3.1.3 | B38: 4743 | C38: SINAPI | D38: CASCALHO DE CAVA | E38: m³ | O38: =O39 -> 244
I39: =O36*0.5 -> 195.2 | L39: 1.25 | O39: =I39*L39 -> 244
A40: 3.1.4 | B40: 96396 | C40: SINAPI | D40: EXECUÇÃO E COMPACTAÇÃO DE BASE E OU SUB BASE PARA PAVIMENTAÇÃO DE BRITA GRADUADA SIMPLES - EXCLUSIVE CARGA E TRANSPORTE. AF_11/2019 | E40: m³ | O40: =SUM(O41:O41) -> 979.6
H41: 0.2 | I41: 4898 | L41: 1 | O41: =I41*H41*L41 -> 979.6
A42: 3.1.5 | B42: 100977 | C42: SINAPI | D42: CARGA, MANOBRA E DESCARGA DE SOLOS E MATERIAIS GRANULARES EM CAMINHÃO BASCULANTE 6 M³ - CARGA COM ESCAVADEIRA HIDRÁULICA (CAÇAMBA DE 1,20 M³ / 155 HP) E DESCARGA LIVRE (UNIDADE: M3). AF_07/2020 BASE | E42: m³ | O42: =O43 -> 1712.5
J43: =O36+O40 -> 1370 | L43: 1.25 | O43: =J43*L43 -> 1712.5
A44: 3.1.6 | B44: 95875 | C44: SINAPI | D44: TRANSPORTE COM CAMINHÃO BASCULANTE DE 10 M³, EM VIA URBANA PAVIMENTADA, DMT ATÉ 30 KM (UNIDADE: M3XKM). AF_07/2020 - BASE | E44: M3XKM | O44: =O45 -> 51375
J45: =O43 -> 1712.5 | N45: 30 | O45: =J45*N45 -> 51375
A46: 3.2 | D46: PAVIMENTAÇÃO
A47: 3.2.1 | B47: 4011352 | C47: SICRO3 | D47: IMPRIMAÇÃO COM EMULSÃO ASFÁLTICA | E47: m² | O47: =SUM(O48:O49) -> 3701.62
D48: ROTATÓRIA 01 | I48: 1464.96 | O48: =I48 -> 1464.96
D49: ROTATÓRIA 02 | I49: 2236.66 | O49: =I49 -> 2236.66
A50: 3.2.2 | B50: 4011353 | C50: SICRO3 | D50: PINTURA DE LIGAÇÃO | E50: m² | O50: =SUM(O51:O52) -> 3701.62
D51: ROTATÓRIA 01 | I51: =I48 -> 1464.96 | O51: =I51 -> 1464.96
D52: ROTATÓRIA 02 | I52: =I49 -> 2236.66 | O52: =I52 -> 2236.66
A53: 3.2.3 | B53: 4011463 | C53: SICRO3 | D53: CONCRETO ASFÁLTICO - FAIXA C - AREIA E BRITA COMERCIAIS | E53: t | O53: =SUM(O54:O55) -> 444.1944
D54: ROTATÓRIA 01 | H54: 0.05 | I54: =I48 -> 1464.96 | L54: 2.4 | O54: =H54*I54*L54 -> 175.7952
D55: ROTATÓRIA 02 | H55: 0.05 | I55: =I49 -> 2236.66 | L55: 2.4 | O55: =H55*I55*L55 -> 268.3992
A56: 3.2.4 | B56: 95875 | C56: SINAPI | D56: TRANSPORTE COM CAMINHÃO BASCULANTE DE 10 M³, EM VIA URBANA PAVIMENTADA, DMT ATÉ 30 KM (UNIDADE: M3XKM). AF_07/2020 - CBUQ | E56: M3XKM | O56: =O57 -> 5552.43
H57: 0.05 | I57: =SUM(I54:I55) -> 3701.62 | N57: 30 | O57: =H57*I57*N57 -> 5552.43
A58: 3.2.5 | B58: 102330 | C58: SINAPI | D58: TRANSPORTE COM CAMINHÃO TANQUE DE TRANSPORTE DE MATERIAL ASFÁLTICO DE 30000 L, EM VIA URBANA PAVIMENTADA, DMT ATÉ 30KM (UNIDADE: TXKM). AF_07/2020 | E58: TXKM | O58: =O59 -> 1053.718
K59: =O65+O67+O69 -> 35.123932 | N59: 30 | O59: =K59*N59 -> 1053.718
A60: 3.2.6 | B60: 102331 | C60: SINAPI | D60: TRANSPORTE COM CAMINHÃO TANQUE DE TRANSPORTE DE MATERIAL ASFÁLTICO DE 30000 L, EM VIA URBANA PAVIMENTADA, ADICIONAL PARA DMT EXCEDENTE A 30 KM (UNIDADE: TXKM). AF_07/2020 | E60: TXKM | O60: =O61 -> 16508.248
K61: =K59 -> 35.123932 | N61: =500-N59 -> 470 | O61: =K61*N61 -> 16508.248
A62: 3.2.7 | B62: CPU 02 | C62: Próprio | D62: LIMPEZA DE SUPERFICIE (VARRIÇÃO E REMOÇÃO DE ENTULHOS) | E62: m² | O62: =O63 -> 3701.62
I63: =O50 -> 3701.62 | O63: =I63 -> 3701.62
A64: 3.2.8 | B64: ANP | C64: ANP | D64: EMULSÕES ASFÁLTICAS RR-2C | E64: T | O64: =O65 -> 1.665729
I65: =I63 -> 3701.62 | L65: =0.45/1000 -> 0.00045 | O65: =I65*L65 -> 1.665729
A66: 3.2.9 | B66: ANP | C66: ANP | D66: EMULSÃO ASFÁLTICA PARA SERVIÇO DE IMPRIMAÇÃO - EAI | E66: T | O66: =O67 -> 4.812106
I67: =I63 -> 3701.62 | L67: 0.0013 | O67: =I67*L67 -> 4.812106
A68: 3.2.10 | B68: ANP | C68: ANP | D68: CIMENTO ASFÁLTICO DE PETRÓLEO - CAP 50/70 | E68: T | O68: =O69 -> 28.646097
I69: =O53 -> 444.1944 | L69: 0.06449 | O69: =I69*L69 -> 28.646097
A70: 4 | D70: MEIO FIO E SARJETA
A71: 4.1 | B71: 94273 | C71: SINAPI | D71: ASSENTAMENTO DE GUIA (MEIO-FIO) EM TRECHO RETO, CONFECCIONADA EM CONCRETO PRÉ-FABRICADO, DIMENSÕES 100X15X13X30 CM (COMPRIMENTO X BASE INFERIOR X BASE SUPERIOR X ALTURA). AF_01/2024 | E71: M | O71: =SUM(O72:O76) -> 1392.43
D72: CANTEIRO CENTRAL | F72: 615 | O72: =F72 -> 615
D73: ROTATÓRIA 01 | F73: 157.08 | O73: =F73 -> 157.08
D74: ROTATÓRIA 02 | F74: 157.08 | O74: =F74 -> 157.08
D75: ENTORNOS - ROTATÓRIA 01 | F75: 132.82 | O75: =F75 -> 132.82
D76: ENTORNOS - ROTATÓRIA 02 | F76: 330.45 | O76: =F76 -> 330.45
A77: 4.2 | B77: 94289 | C77: SINAPI | D77: EXECUÇÃO DE SARJETA DE CONCRETO USINADO, MOLDADA IN LOCO EM TRECHO RETO, 45 CM BASE X 10 CM ALTURA. AF_01/2024 | E77: M | O77: =SUM(O78:O82) -> 1247.91
D78: CANTEIRO CENTRAL | F78: 615 | O78: =F78 -> 615
D79: ROTATÓRIA 01 | F79: 84.82 | O79: =F79 -> 84.82
D80: ROTATÓRIA 02 | F80: 84.82 | O80: =F80 -> 84.82
D81: ENTORNOS - ROTATÓRIA 01 | F81: 132.82 | O81: =F81 -> 132.82
D82: ENTORNOS - ROTATÓRIA 02 | F82: 330.45 | O82: =F82 -> 330.45
A83: 5 | D83: PASSEIO
A84: 5.1 | B84: 93679 | C84: SINAPI | D84: EXECUÇÃO DE PASSEIO EM PISO INTERTRAVADO, COM BLOCO RETANGULAR COLORIDO DE 20 X 10 CM, ESPESSURA 6 CM. AF_10/2022 | E84: m² | O84: =SUM(O85:O87) -> 1522.08
D85: CANTEIRO CENTRAL | I85: 1207.92 | O85: =I85 -> 1207.92
D86: ROTATÓRIA 01 | I86: 157.08 | O86: =I86 -> 157.08
D87: ROTATÓRIA 02 | I87: 157.08 | O87: =I87 -> 157.08
A88: 5.2 | B88: 100977 | C88: SINAPI | D88: CARGA, MANOBRA E DESCARGA DE SOLOS E MATERIAIS GRANULARES EM CAMINHÃO BASCULANTE 6 M³ - CARGA COM ESCAVADEIRA HIDRÁULICA (CAÇAMBA DE 1,20 M³ / 155 HP) E DESCARGA LIVRE (UNIDADE: M3). AF_07/2020 - AREIA E PÓ DE PEDRA | E88: m³ | O88: =SUM(O89:O90) -> 101.37053
D89: AREIA | I89: =I85+I86+I87 -> 1522.08 | L89: 0.0568 | O89: =I89*L89 -> 86.454144
D90: PÓ DE PEDRA | I90: =I89 -> 1522.08 | L90: 0.0098 | O90: =I90*L90 -> 14.916384
A91: 5.3 | B91: 95875 | C91: SINAPI | D91: TRANSPORTE COM CAMINHÃO BASCULANTE DE 10 M³, EM VIA URBANA PAVIMENTADA, DMT ATÉ 30 KM (UNIDADE: M3XKM). AF_07/2020 - AREIA E PÓ DE PEDRA | E91: M3XKM | O91: =O92 -> 3041.1158
J92: =O88 -> 101.37053 | N92: 30 | O92: =J92*N92 -> 3041.1158
A93: 6 | D93: SINALIZAÇÃO
A94: 6.1 | B94: 102512 | C94: SINAPI | D94: PINTURA DE EIXO VIÁRIO SOBRE ASFALTO COM TINTA RETRORREFLETIVA A BASE DE RESINA ACRÍLICA COM MICROESFERAS DE VIDRO, APLICAÇÃO MECÂNICA COM DEMARCADORA AUTOPROPELIDA. AF_05/2021 | E94: M | O94: =SUM(O95:O98) -> 3670.044
D95: PARTE 01 - BORDOS | F95: =289.103*4 -> 1156.412 | O95: =F95 -> 1156.412
D96: PARTE 01 - EIXO | F96: =289.103*2 -> 578.206 | O96: =F96 -> 578.206
D97: PARTE 02 - BORDOS | F97: =278.198*2+86.602*2+280.342*2 -> 1290.284 | O97: =F97 -> 1290.284
D98: PARTE 02 - EIXO | F98: =278.198+86.602+280.342 -> 645.142 | O98: =F98 -> 645.142
A99: 7 | D99: ADMINISTRAÇÃO | O99: =O100 -> 1.37
A100: 7.1 | B100: CPU 03 | C100: Próprio | D100: ADMINISTRAÇÃO LOCAL | E100: MÊS | M100: 1.37 | O100: =M100 -> 1.37

Sheet OBRA 01 - CRONOGRAMA
C1: CRONOGRAMA FÍSICO-FINANCEIRO DA OBRA 01
A2: CRONOGRAMA FÍSICO - FINANCEIRO
A4: ITEM | B4: SERVIÇOS | C4: VALOR TOTAL | D4: PERCENTUAL | F4: MESES
F5: Mês 1 | J5: Mês 2
C6: R$ | D6: % | F6: Sem 1 | G6: Sem 2 | H6: Sem 3 | I6: Sem 4 | J6: Sem 1 | K6: Sem 2 | L6: Sem 3 | M6: Sem 4 | O6: 1 | P6: 2 | Q6: 3 | R6: 4 | S6: 5 | T6: 6 | U6: 7 | V6: 8 | W6: 9 | X6: 10 | Y6: 11 | Z6: 12 | AA6: 13 | AB6: 14 | AC6: 15 | AD6: 16
A7: 1 | B7: SERVIÇOS PRELIMINARES | C7: ='OBRA 01 - SINTÉTICA'!I7 -> 126807.05 | D7: ='OBRA 01 - SINTÉTICA'!J7 -> 0.090181057 | E7: =D7 -> 0.090181057 | F7: =O7 -> 4 | G7: =P7 -> 0 | H7: =Q7 -> 0 | I7: =R7 -> 0 | J7: =S7 -> 0 | K7: =T7 -> 0 | L7: =U7 -> 0 | M7: =V7 -> 0 | N7: =SUM(O7:AD7) -> 4 | O7: 4 | P7: 0 | Q7: 0 | R7: 0 | S7: 0 | T7: 0 | U7: 0 | V7: 0 | W7: 0 | X7: 0 | Y7: 0 | Z7: 0 | AA7: 0 | AB7: 0 | AC7: 0 | AD7: 0
F8: =SUM(F7:I7)/N7 -> 1
F9: =F8*C7/C28 -> 0.090181057
A10: 2 | B10: TERRAPLENAGEM | C10: ='OBRA 01 - SINTÉTICA'!I15 -> 124420.61 | D10: ='OBRA 01 - SINTÉTICA'!J15 -> 0.088483898 | E10: =D10+E7 -> 0.17866496 | F10: =O10 -> 0 | G10: =P10 -> 4 | H10: =Q10 -> 0 | I10: =R10 -> 0 | N10: =SUM(O10:AD10) -> 4 | O10: 0 | P10: 4 | Q10: 0 | R10: 0 | S10: 0 | T10: 0 | U10: 0 | V10: 0 | W10: 0 | X10: 0 | Y10: 0 | Z10: 0 | AA10: 0 | AB10: 0 | AC10: 0 | AD10: 0
F11: =SUM(F10:I10)/N10 -> 1
F12: =F9+(F11*C10/C28) -> 0.17866496
A13: 3 | B13: PAVIMENTAÇÃO | C13: ='OBRA 01 - SINTÉTICA'!I19 -> 735374.61 | D13: ='OBRA 01 - SINTÉTICA'!J19 -> 0.52297455 | E13: =D13+E10 -> 0.7016395 | F13: =O13 -> 0 | G13: =P13 -> 0 | H13: =Q13 -> 0 | I13: =R13 -> 0 | J13: =S13 -> 4 | K13: =T13 -> 0 | L13: =U13 -> 0 | M13: =V13 -> 0 | N13: =SUM(O13:AD13) -> 4 | O13: 0 | P13: 0 | Q13: 0 | R13: 0 | S13: 4 | T13: 0 | U13: 0 | V13: 0 | W13: 0 | X13: 0 | Y13: 0 | Z13: 0 | AA13: 0 | AB13: 0 | AC13: 0 | AD13: 0
F14: =SUM(F13:I13)/4 -> 0 | J14: =SUM(J13:M13/N13) -> 1
F15: =F12+(F14*C13/C28) -> 0.17866496 | J15: =F27+J14*C13/C28 -> 0.84073571 | N15: =SUM(O15:AD15) -> 8 | O15: 0 | P15: 0 | Q15: 0 | R15: 4 | S15: 4
A16: 4 | B16: MEIO-FIO E SARJETA | C16: ='OBRA 01 - SINTÉTICA'!I38 -> 147103.51 | D16: ='OBRA 01 - SINTÉTICA'!J38 -> 0.10461524 | E16: =D16+E13 -> 0.80625474 | F16: =O15 -> 0 | G16: =P15 -> 0 | H16: =Q15 -> 0 | I16: =R15 -> 4 | J16: =S15 -> 4 | K16: =T15 -> 0 | L16: =U15 -> 0 | M16: =V15 -> 0
F17: =SUM(F16:I16)/N15 -> 0.5 | J17: =SUM(J16:M16/N15) -> 0.5
F18: =F15+(F17*C16/C28) -> 0.23097258 | J18: =J15+J17*C16/C28 -> 0.89304333
A19: 5 | B19: PASSEIO | C19: ='OBRA 01 - SINTÉTICA'!I41 -> 160267.61 | D19: ='OBRA 01 - SINTÉTICA'!J41 -> 0.11397712 | E19: =D19+E16 -> 0.92023187 | F19: =O19 -> 1 | G19: =P19 -> 1 | H19: =Q19 -> 1 | I19: =R19 -> 1 | J19: =S19 -> 4 | K19: =T19 -> 0 | L19: =U19 -> 0 | M19: =V19 -> 0 | N19: =SUM(O19:AD19) -> 8 | O19: 1 | P19: 1 | Q19: 1 | R19: 1 | S19: 4 | T19: 0 | U19: 0 | V19: 0 | W19: 0 | X19: 0 | Y19: 0 | Z19: 0 | AA19: 0 | AB19: 0 | AC19: 0 | AD19: 0
F20: =SUM(F19:I19)/N19 -> 0.5 | J20: =SUM(J19:M19)/N19 -> 0.5
F21: =F18+F20*C19/C28 -> 0.28796114 | J21: =J18+J20*C19/C28 -> 0.95003189
A22: 6 | B22: SINALIZAÇÃO | C22: ='OBRA 01 - SINTÉTICA'!I45 -> 28359.13 | D22: ='OBRA 01 - SINTÉTICA'!J45 -> 0.020168093 | E22: =D22+E19 -> 0.94039996 | F22: =O22 -> 0 | G22: =P22 -> 0 | H22: =Q22 -> 0 | I22: =R22 -> 0 | J22: =S22 -> 0 | K22: =T22 -> 4 | L22: =U22 -> 0 | M22: =V22 -> 0 | N22: =SUM(O22:AD22) -> 4 | O22: 0 | P22: 0 | Q22: 0 | R22: 0 | S22: 0 | T22: 4 | U22: 0 | V22: 0 | W22: 0 | X22: 0 | Y22: 0 | Z22: 0 | AA22: 0 | AB22: 0 | AC22: 0 | AD22: 0
F23: =SUM(F22:I22)/N22 -> 0 | J23: =SUM(J22:M22)/N22 -> 1
F24: =F21+F23*C22/C28 -> 0.28796114 | J24: =J21+J23*C22/C28 -> 0.97019998
A25: 7 | B25: ADMINISTRAÇÃO DA OBRA | C25: ='OBRA 01 - SINTÉTICA'!I47 -> 83805.91 | D25: ='OBRA 01 - SINTÉTICA'!J47 -> 0.059600042 | E25: =D25+E22 -> 1 | F25: =O26 -> 1 | G25: =P26 -> 1 | H25: =Q26 -> 1 | I25: =R26 -> 1 | J25: =S26 -> 2 | K25: =T26 -> 2
F26: =SUM(F25:I25)/N26 -> 0.5 | J26: =SUM(J25:K25)/N26 -> 0.5 | N26: =SUM(O26:T26) -> 8 | O26: 1 | P26: 1 | Q26: 1 | R26: 1 | S26: 2 | T26: 2
F27: =F24+F26*C25/C28 -> 0.31776116 | J27: =J24+J26*(C25+F26)/C28 -> 1.0000002
B28: TOTAL GLOBAL | C28: =SUM(C7:C27) -> 1406138.4 | D28: =SUM(D7:D27) -> 1
A29: DESEMBOLSO PARCIAL R$ | F29: =F27*C28 -> 446816.17 | J29: =(C28-F29) -> 959322.25
A30: DESEMBOLSO PARCIAL % | F30: =F29/C28 -> 0.31776116 | J30: =J29/C28 -> 0.68223884
A31: DESEMBOLSO ACUMULADO R$ | F31: =F29 -> 446816.17 | J31: =F31+J29 -> 1406138.4
A32: DESEMBOLSO ACUMULADO % | F32: =F30 -> 0.31776116 | J32: =F32+J30 -> 1
N33: 1
N34: 2
N35: 4
N36: 0

Sheet PLANILHA UNIFICADA
E1: Bancos Referenias | H1: B.D.I. | I1: Encargos Sociais
E2: SINAPI - 06/2024 - Pernambuco SICRO3 - 04/2024 - Pernambuco ORSE - 05/2024 - Sergipe SEINFRA - 028 - Ceará | H2: 25,0% | I2: Não Desonerado: embutido nos preços unitário dos insumos de mão de obra, de acordo com as bases.
B4: PLANILHA ORÇAMENTÁRIA
B5: ITEM | C5: CÓDIGO | D5: BANCO | E5: DESCRIÇÃO | F5: UNID | G5: QUANT. | H5: V. UNIT | I5: V. UNIT C/ BDI | J5: TOTAL | K5: PESO (%)
J6: ,
B7: I | E7: 1 - RETORNO AV. DAS NAÇÕES X FERNANDO FARIAS | J7: =SUM(J9,J19,J27,J34,J46,J51,J57,J61) -> 1456543 | K7: =SUM(K9,K19,K27,K34,K46,K51,K57,K61) -> #N/A
B9: 1 | E9: SERVIÇOS PRELIMINARES | J9: =SUM(J11:J17) -> 130944.7 | K9: =SUM(K11:K17) -> #N/A
B11: 1.1 | C11: CPU 01 | D11: Próprio | E11: PLACA DE OBRA EM CHAPA DE AÇO GALVANIZADA | F11: m² | G11: =VLOOKUP(B11,'OBRA 01 - MEMÓRIA'!$A:$O,15,0) -> 6 | H11: 371.36 | I11: =TRUNC(H11*(1+$H$2),2) -> 464.2 | J11: =TRUNC(G11*I11,2) -> 2785.2 | K11: =J11/$J$291 -> #N/A
B12: 1.2 | C12: 97636 | D12: SINAPI | E12: DEMOLIÇÃO PARCIAL DE PAVIMENTO ASFÁLTICO, DE FORMA MECANIZADA, SEM REAPROVEITAMENTO. AF_09/2023 | F12: m² | G12: =VLOOKUP(B12,'OBRA 01 - MEMÓRIA'!$A:$O,15,0) -> 2946 | H12: 22.63 | I12: =TRUNC(H12*(1+$H$2),2) -> 28.28 | J12: =TRUNC(G12*I12,2) -> 83312.88 | K12: =J12/$J$291 -> #N/A
B13: 1.3 | C13: 1600441 | D13: SICRO3 | E13: REMOÇÃO DE PARALELEPÍPEDOS | F13: m² | G13: =VLOOKUP(B13,'OBRA 01 - MEMÓRIA'!$A:$O,15,0) -> 380.8 | H13: 3.98 | I13: =TRUNC(H13*(1+$H$2),2) -> 4.97 | J13: =TRUNC(G13*I13,2) -> 1892.57 | K13: =J13/$J$291 -> #N/A
B14: 1.4 | C14: 21 | D14: ORSE | E14: DEMOLIÇÃO DE MEIO-FIO GRANÍTICO OU PRE-MOLDADO | F14: m | G14: =VLOOKUP(B14,'OBRA 01 - MEMÓRIA'!$A:$O,15,0) -> 732 | H14: 9.8 | I14: =TRUNC(H14*(1+$H$2),2) -> 12.25 | J14: =TRUNC(G14*I14,2) -> 8967 | K14: =J14/$J$291 -> #N/A
B15: 1.5 | C15: 1600989 | D15: SICRO3 | E15: DEMOLIÇÃO DE CONCRETO SIMPLES COM MARTELETE | F15: m³ | G15: =VLOOKUP(B15,'OBRA 01 - MEMÓRIA'!$A:$O,15,0) -> 4.5 | H15: 395.45 | I15: =TRUNC(H15*(1+$H$2),2) -> 494.31 | J15: =TRUNC(G15*I15,2) -> 2224.39 | K15: =J15/$J$291 -> #N/A
B16: 1.6 | C16: 100981 | D16: SINAPI | E16: CARGA, MANOBRA E DESCARGA DE ENTULHO EM CAMINHÃO BASCULANTE 6 M³ - CARGA COM ESCAVADEIRA HIDRÁULICA (CAÇAMBA DE 0,80 M³ / 111 HP) E DESCARGA LIVRE (UNIDADE: M3). AF_07/2020 | F16: m³ | G16: =VLOOKUP(B16,'OBRA 01 - MEMÓRIA'!$A:$O,15,0) -> 262.025 | H16: 9.38 | I16: =TRUNC(H16*(1+$H$2),2) -> 11.72 | J16: =TRUNC(G16*I16,2) -> 3070.93 | K16: =J16/$J$291 -> #N/A
B17: 1.7 | C17: 97914 | D17: SINAPI | E17: TRANSPORTE COM CAMINHÃO BASCULANTE DE 6 M³, EM VIA URBANA PAVIMENTADA, DMT ATÉ 30 KM (UNIDADE: M3XKM). AF_07/2020 | F17: M3XKM | G17: =VLOOKUP(B17,'OBRA 01 - MEMÓRIA'!$A:$O,15,0) -> 7860.75 | H17: 2.92 | I17: =TRUNC(H17*(1+$H$2),2) -> 3.65 | J17: =TRUNC(G17*I17,2) -> 28691.73 | K17: =J17/$J$291 -> #N/A
B19: 2 | E19: TERRAPLENAGEM | J19: =SUM(J21:J23) -> 126532.53 | K19: =SUM(K21:K23) -> #N/A
B21: 2.1 | C21: 101124 | D21: SINAPI | E21: ESCAVAÇÃO HORIZONTAL, INCLUINDO CARGA E DESCARGA EM SOLO DE 1A CATEGORIA COM TRATOR DE ESTEIRAS (100HP/LÂMINA: 2,19M3). AF_07/2020 | F21: m³ | G21: =VLOOKUP(B21,'OBRA 01 - MEMÓRIA'!$A:$O,15,0) -> 780.8 | H21: 15.26 | I21: =TRUNC(H21*(1+$H$2),2) -> 19.07 | J21: =TRUNC(G21*I21,2) -> 14889.85 | K21: =J21/$J$291 -> #N/A
B22: 2.2 | C22: 5502978 | D22: SICRO3 | E22: COMPACTAÇÃO DE ATERROS A 100% DO PROCTOR NORMAL | F22: m³ | G22: =VLOOKUP(B22,'OBRA 01 - MEMÓRIA'!$A:$O,15,0) -> 780.8 | H22: 4.89 | I22: =TRUNC(H22*(1+$H$2),2) -> 6.11 | J22: =TRUNC(G22*I22,2) -> 4770.68 | K22: =J22/$J$291 -> #N/A
B23: 2.3 | C23: 97914 | D23: SINAPI | E23: TRANSPORTE COM CAMINHÃO BASCULANTE DE 6 M³, EM VIA URBANA PAVIMENTADA, DMT ATÉ 30 KM (UNIDADE: M3XKM). AF_07/2020 | F23: M3XKM | G23: =VLOOKUP(B23,'OBRA 01 - MEMÓRIA'!$A:$O,15,0) -> 29280 | H23: 2.92 | I23: =TRUNC(H23*(1+$H$2),2) -> 3.65 | J23: =TRUNC(G23*I23,2) -> 106872 | K23: =J23/$J$291 -> #N/A
B25: 3 | E25: PAVIMENTO | J25: =J27+J34 -> 756394.97 | K25: =K27+K34 -> #N/A
B27: 3.1 | E27: BASE | J27: =SUM(J28:J33) -> 462680.29 | K27: =SUM(K28:K33) -> #N/A
B28: 3.1.1 | C28: 100577 | D28: SINAPI | E28: REGULARIZAÇÃO E COMPACTAÇÃO DE SUBLEITO DE SOLO PREDOMINANTEMENTE ARENOSO. AF_11/2019 | F28: m² | G28: =VLOOKUP(B28,'OBRA 01 - MEMÓRIA'!$A:$O,15,0) -> 1952 | H28: 1.25 | I28: =TRUNC(H28*(1+$H$2),2) -> 1.56 | J28: =TRUNC(G28*I28,2) -> 3045.12 | K28: =J28/$J$291 -> #N/A
B29: 3.1.2 | C29: 100565 | D29: SINAPI | E29: EXECUÇÃO E COMPACTAÇÃO DE BASE E OU SUB-BASE PARA PAVIMENTAÇÃO DE SOLO (PREDOMINANTEMENTE ARENOSO) BRITA - 50/50 - EXCLUSIVE SOLO, ESCAVAÇÃO, CARGA E TRANSPORTE. AF_11/2019 | F29: m³ | G29: =VLOOKUP(B29,'OBRA 01 - MEMÓRIA'!$A:$O,15,0) -> 390.4 | H29: 95.63 | I29: =TRUNC(H29*(1+$H$2),2) -> 119.53 | J29: =TRUNC(G29*I29,2) -> 46664.51 | K29: =J29/$J$291 -> #N/A
B30: 3.1.3 | C30: 00004743 | D30: SINAPI | E30: CASCALHO DE CAVA | F30: m³ | G30: =VLOOKUP(B30,'OBRA 01 - MEMÓRIA'!$A:$O,15,0) -> 244 | H30: 60.92 | I30: =TRUNC(H30*(1+$H$2),2) -> 76.15 | J30: =TRUNC(G30*I30,2) -> 18580.6 | K30: =J30/$J$291 -> #N/A
B31: 3.1.4 | C31: 96396 | D31: SINAPI | E31: EXECUÇÃO E COMPACTAÇÃO DE BASE E OU SUB BASE PARA PAVIMENTAÇÃO DE BRITA GRADUADA SIMPLES - EXCLUSIVE CARGA E TRANSPORTE. AF_11/2019 | F31: m³ | G31: =VLOOKUP(B31,'OBRA 01 - MEMÓRIA'!$A:$O,15,0) -> 979.6 | H31: 179.88 | I31: =TRUNC(H31*(1+$H$2),2) -> 224.85 | J31: =TRUNC(G31*I31,2) -> 220263.06 | K31: =J31/$J$291 -> #N/A
B32: 3.1.5 | C32: 100977 | D32: SINAPI | E32: CARGA, MANOBRA E DESCARGA DE SOLOS E MATERIAIS GRANULARES EM CAMINHÃO BASCULANTE 6 M³ - CARGA COM ESCAVADEIRA HIDRÁULICA (CAÇAMBA DE 1,20 M³ / 155 HP) E DESCARGA LIVRE (UNIDADE: M3). AF_07/2020 | F32: m³ | G32: =VLOOKUP(B32,'OBRA 01 - MEMÓRIA'!$A:$O,15,0) -> 1712.5 | H32: 7.67 | I32: =TRUNC(H32*(1+$H$2),2) -> 9.58 | J32: =TRUNC(G32*I32,2) -> 16405.75 | K32: =J32/$J$291 -> #N/A
B33: 3.1.6 | C33: 95875 | D33: SINAPI | E33: TRANSPORTE COM CAMINHÃO BASCULANTE DE 10 M³, EM VIA URBANA PAVIMENTADA, DMT ATÉ 30 KM (UNIDADE: M3XKM). AF_07/2020 | F33: M3XKM | G33: =VLOOKUP(B33,'OBRA 01 - MEMÓRIA'!$A:$O,15,0) -> 51375 | H33: 2.46 | I33: =TRUNC(H33*(1+$H$2),2) -> 3.07 | J33: =TRUNC(G33*I33,2) -> 157721.25 | K33: =J33/$J$291 -> #N/A
B34: 3.2 | E34: PAVIMENTAÇÃO | J34: =SUM(J35:J44) -> 293714.68 | K34: =SUM(K35:K44) -> #N/A
B35: 3.2.1 | C35: 4011352 | D35: SICRO3 | E35: IMPRIMAÇÃO COM EMULSÃO ASFÁLTICA | F35: m² | G35: =VLOOKUP(B35,'OBRA 01 - MEMÓRIA'!$A:$O,15,0) -> 3701.62 | H35: 0.4 | I35: =TRUNC(H35*(1+$H$2),2) -> 0.5 | J35: =TRUNC(G35*I35,2) -> 1850.81 | K35: =J35/$J$291 -> #N/A
B36: 3.2.2 | C36: 4011353 | D36: SICRO3 | E36: PINTURA DE LIGAÇÃO | F36: m² | G36: =VLOOKUP(B36,'OBRA 01 - MEMÓRIA'!$A:$O,15,0) -> 3701.62 | H36: 0.28 | I36: =TRUNC(H36*(1+$H$2),2) -> 0.35 | J36: =TRUNC(G36*I36,2) -> 1295.56 | K36: =J36/$J$291 -> #N/A
B37: 3.2.3 | C37: 4011463 | D37: SICRO3 | E37: CONCRETO ASFÁLTICO - FAIXA C - AREIA E BRITA COMERCIAIS | F37: t | G37: =VLOOKUP(B37,'OBRA 01 - MEMÓRIA'!$A:$O,15,0) -> 444.1944 | H37: 193.45 | I37: =TRUNC(H37*(1+$H$2),2) -> 241.81 | J37: =TRUNC(G37*I37,2) -> 107410.64 | K37: =J37/$J$291 -> #N/A
B38: 3.2.4 | C38: 95875 | D38: SINAPI | E38: TRANSPORTE COM CAMINHÃO BASCULANTE DE 10 M³, EM VIA URBANA PAVIMENTADA, DMT ATÉ 30 KM (UNIDADE: M3XKM). AF_07/2020 | F38: M3XKM | G38: =VLOOKUP(B38,'OBRA 01 - MEMÓRIA'!$A:$O,15,0) -> 5552.43 | H38: 2.46 | I38: =TRUNC(H38*(1+$H$2),2) -> 3.07 | J38: =TRUNC(G38*I38,2) -> 17045.96 | K38: =J38/$J$291 -> #N/A
B39: 3.2.5 | C39: 102330 | D39: SINAPI | E39: TRANSPORTE COM CAMINHÃO TANQUE DE TRANSPORTE DE MATERIAL ASFÁLTICO DE 30000 L, EM VIA URBANA PAVIMENTADA, DMT ATÉ 30KM (UNIDADE: TXKM). AF_07/2020 | F39: TXKM | G39: =VLOOKUP(B39,'OBRA 01 - MEMÓRIA'!$A:$O,15,0) -> 1053.718 | H39: 1.42 | I39: =TRUNC(H39*(1+$H$2),2) -> 1.77 | J39: =TRUNC(G39*I39,2) -> 1865.08 | K39: =J39/$J$291 -> #N/A
B40: 3.2.6 | C40: 102331 | D40: SINAPI | E40: TRANSPORTE COM CAMINHÃO TANQUE DE TRANSPORTE DE MATERIAL ASFÁLTICO DE 30000 L, EM VIA URBANA PAVIMENTADA, ADICIONAL PARA DMT EXCEDENTE A 30 KM (UNIDADE: TXKM). AF_07/2020 | F40: TXKM | G40: =VLOOKUP(B40,'OBRA 01 - MEMÓRIA'!$A:$O,15,0) -> 16508.248 | H40: 0.55 | I40: =TRUNC(H40*(1+$H$2),2) -> 0.68 | J40: =TRUNC(G40*I40,2) -> 11225.6 | K40: =J40/$J$291 -> #N/A
B41: 3.2.7 | C41: CPU 02 | D41: Próprio | E41: LIMPEZA DE SUPERFICIE (VARRIÇÃO E REMOÇÃO DE ENTULHOS) | F41: m² | G41: =VLOOKUP(B41,'OBRA 01 - MEMÓRIA'!$A:$O,15,0) -> 3701.62 | H41: 0.56 | I41: =TRUNC(H41*(1+$H$2),2) -> 0.7 | J41: =TRUNC(G41*I41,2) -> 2591.13 | K41: =J41/$J$291 -> #N/A
B42: 3.2.8 | C42: ANP | D42: ANP | E42: EMULSÕES ASFÁLTICAS RR-2C | F42: T | G42: =VLOOKUP(B42,'OBRA 01 - MEMÓRIA'!$A:$O,15,0) -> 1.665729 | H42: 2476.5828 | I42: =TRUNC(H42*(1+$H$2),2) -> 3095.72 | J42: =TRUNC(G42*I42,2) -> 5156.63 | K42: =J42/$J$291 -> #N/A
B43: 3.2.9 | C43: ANP | D43: ANP | E43: EMULSÃO ASFÁLTICA PARA SERVIÇO DE IMPRIMAÇÃO - EAI | F43: T | G43: =VLOOKUP(B43,'OBRA 01 - MEMÓRIA'!$A:$O,15,0) -> 4.812106 | H43: 2154.5899 | I43: =TRUNC(H43*(1+$H$2),2) -> 2693.23 | J43: =TRUNC(G43*I43,2) -> 12960.1 | K43: =J43/$J$291 -> #N/A
B44: 3.2.10 | C44: ANP | D44: ANP | E44: CIMENTO ASFÁLTICO DE PETRÓLEO - CAP 50/70 | F44: T | G44: =VLOOKUP(B44,'OBRA 01 - MEMÓRIA'!$A:$O,15,0) -> 28.646097 | H44: 3695.1146 | I44: =TRUNC(H44*(1+$H$2),2) -> 4618.89 | J44: =TRUNC(G44*I44,2) -> 132313.17 | K44: =J44/$J$291 -> #N/A
B46: 4 | E46: MEIO FIO E SARJETA | J46: =SUM(J48:J49) -> 158128.59 | K46: =SUM(K48:K49) -> #N/A
B48: 4.1 | C48: 94273 | D48: SINAPI | E48: ASSENTAMENTO DE GUIA (MEIO-FIO) EM TRECHO RETO, CONFECCIONADA EM CONCRETO PRÉ-FABRICADO, DIMENSÕES 100X15X13X30 CM (COMPRIMENTO X BASE INFERIOR X BASE SUPERIOR X ALTURA). AF_01/2024 | F48: M | G48: =VLOOKUP(B48,'OBRA 01 - MEMÓRIA'!$A:$O,15,0) -> 1392.43 | H48: 54.54 | I48: =TRUNC(H48*(1+$H$2),2) -> 68.17 | J48: =TRUNC(G48*I48,2) -> 94921.95 | K48: =J48/$J$291 -> #N/A
B49: 4.2 | C49: 94289 | D49: SINAPI | E49: EXECUÇÃO DE SARJETA DE CONCRETO USINADO, MOLDADA IN LOCO EM TRECHO RETO, 45 CM BASE X 10 CM ALTURA. AF_01/2024 | F49: M | G49: =VLOOKUP(B49,'OBRA 01 - MEMÓRIA'!$A:$O,15,0) -> 1247.91 | H49: 40.52 | I49: =TRUNC(H49*(1+$H$2),2) -> 50.65 | J49: =TRUNC(G49*I49,2) -> 63206.64 | K49: =J49/$J$291 -> #N/A
B51: 5 | E51: PASSEIO | J51: =SUM(J53:J55) -> 167188.12 | K51: =SUM(K53:K55) -> #N/A
B53: 5.1 | C53: 93679 | D53: SINAPI | E53: EXECUÇÃO DE PASSEIO EM PISO INTERTRAVADO, COM BLOCO RETANGULAR COLORIDO DE 20 X 10 CM, ESPESSURA 6 CM. AF_10/2022 | F53: m² | G53: =VLOOKUP(B53,'OBRA 01 - MEMÓRIA'!$A:$O,15,0) -> 1522.08 | H53: 82.46 | I53: =TRUNC(H53*(1+$H$2),2) -> 103.07 | J53: =TRUNC(G53*I53,2) -> 156880.78 | K53: =J53/$J$291 -> #N/A
B54: 5.2 | C54: 100977 | D54: SINAPI | E54: CARGA, MANOBRA E DESCARGA DE SOLOS E MATERIAIS GRANULARES EM CAMINHÃO BASCULANTE 6 M³ - CARGA COM ESCAVADEIRA HIDRÁULICA (CAÇAMBA DE 1,20 M³ / 155 HP) E DESCARGA LIVRE (UNIDADE: M3). AF_07/2020 | F54: m³ | G54: =VLOOKUP(B54,'OBRA 01 - MEMÓRIA'!$A:$O,15,0) -> 101.37053 | H54: 7.67 | I54: =TRUNC(H54*(1+$H$2),2) -> 9.58 | J54: =TRUNC(G54*I54,2) -> 971.12 | K54: =J54/$J$291 -> #N/A
B55: 5.3 | C55: 95875 | D55: SINAPI | E55: TRANSPORTE COM CAMINHÃO BASCULANTE DE 10 M³, EM VIA URBANA PAVIMENTADA, DMT ATÉ 30 KM (UNIDADE: M3XKM). AF_07/2020 | F55: M3XKM | G55: =VLOOKUP(B55,'OBRA 01 - MEMÓRIA'!$A:$O,15,0) -> 3041.1158 | H55: 2.46 | I55: =TRUNC(H55*(1+$H$2),2) -> 3.07 | J55: =TRUNC(G55*I55,2) -> 9336.22 | K55: =J55/$J$291 -> #N/A
B57: 6 | E57: SINALIZAÇÃO | J57: =J59 -> 30351.26 | K57: =K59 -> #N/A
B59: 6.1 | C59: 102512 | D59: SINAPI | E59: PINTURA DE EIXO VIÁRIO SOBRE ASFALTO COM TINTA RETRORREFLETIVA A BASE DE RESINA ACRÍLICA COM MICROESFERAS DE VIDRO, APLICAÇÃO MECÂNICA COM DEMARCADORA AUTOPROPELIDA. AF_05/2021 | F59: M | G59: =VLOOKUP(B59,'OBRA 01 - MEMÓRIA'!$A:$O,15,0) -> 3670.044 | H59: 6.62 | I59: =TRUNC(H59*(1+$H$2),2) -> 8.27 | J59: =TRUNC(G59*I59,2) -> 30351.26 | K59: =J59/$J$291 -> #N/A
B61: 7 | E61: ADMINISTRAÇÃO | J61: =J63 -> 87002.78 | K61: =K63 -> #N/A
B63: 7.1 | C63: CPU 03 | D63: Próprio | E63: ADMINISTRAÇÃO LOCAL | F63: MÊS | G63: =VLOOKUP(B63,'OBRA 01 - MEMÓRIA'!$A:$O,15,0) -> 1.37 | H63: 50804.55 | I63: =TRUNC(H63*(1+$H$2),2) -> 63505.68 | J63: =TRUNC(G63*I63,2) -> 87002.78 | K63: =J63/$J$291 -> #N/A
B65: II | E65: 2 - DUPLICAÇÃO AV. 18 (ACESSO ÃO JOÃO DE DEUS) | J65: =SUM(J67,J75,J83,J90,J104,J109,J116,J120) -> #N/A | K65: =SUM(K67,K75,K83,K90,K104,K109,K116,K120) -> #N/A
B67: 1 | E67: SERVIÇOS PRELIMINARES | J67: =SUM(J69:J73) -> #N/A | K67: =SUM(K69:K73) -> #N/A
B69: 1.1 | C69: CPU 01 | D69: Próprio | E69: PLACA DE OBRA EM CHAPA DE AÇO GALVANIZADA | F69: m² | G69: =VLOOKUP(B69,'OBRA 02 - MEMÓRIA'!$A:$O,15,0) -> 6 | H69: 371.36 | I69: =TRUNC(H69*(1+$H$2),2) -> 464.2 | J69: =TRUNC(G69*I69,2) -> 2785.2 | K69: =J69/$J$291 -> #N/A
B70: 1.2 | C70: 21 | D70: ORSE | E70: DEMOLIÇÃO DE MEIO-FIO GRANÍTICO OU PRE-MOLDADO | F70: m | G70: =VLOOKUP(B70,'OBRA 02 - MEMÓRIA'!$A:$O,15,0) -> 533.35 | H70: 9.8 | I70: =TRUNC(H70*(1+$H$2),2) -> 12.25 | J70: =TRUNC(G70*I70,2) -> 6533.53 | K70: =J70/$J$291 -> #N/A
B71: 1.3 | C71: 1600989 | D71: SICRO3 | E71: DEMOLIÇÃO DE CONCRETO SIMPLES COM MARTELETE | F71: m³ | G71: =VLOOKUP(B71,'OBRA 02 - MEMÓRIA'!$A:$O,15,0) -> #N/A | H71: 395.45 | I71: =TRUNC(H71*(1+$H$2),2) -> 494.31 | J71: =TRUNC(G71*I71,2) -> #N/A | K71: =J71/$J$291 -> #N/A
B72: 1.4 | C72: 100981 | D72: SINAPI | E72: CARGA, MANOBRA E DESCARGA DE ENTULHO EM CAMINHÃO BASCULANTE 6 M³ - CARGA COM ESCAVADEIRA HIDRÁULICA (CAÇAMBA DE 0,80 M³ / 111 HP) E DESCARGA LIVRE (UNIDADE: M3). AF_07/2020 | F72: m³ | G72: =VLOOKUP(B72,'OBRA 02 - MEMÓRIA'!$A:$O,15,0) -> #N/A | H72: 9.38 | I72: =TRUNC(H72*(1+$H$2),2) -> 11.72 | J72: =TRUNC(G72*I72,2) -> #N/A | K72: =J72/$J$291 -> #N/A
B73: 1.5 | C73: 97914 | D73: SINAPI | E73: TRANSPORTE COM CAMINHÃO BASCULANTE DE 6 M³, EM VIA URBANA PAVIMENTADA, DMT ATÉ 30 KM (UNIDADE: M3XKM). AF_07/2020 | F73: M3XKM | G73: =VLOOKUP(B73,'OBRA 02 - MEMÓRIA'!$A:$O,15,0) -> #N/A | H73: 2.92 | I73: =TRUNC(H73*(1+$H$2),2) -> 3.65 | J73: =TRUNC(G73*I73,2) -> #N/A | K73: =J73/$J$291 -> #N/A
B75: 2 | E75: TERRAPLENAGEM | J75: =SUM(J77:J79) -> 246992.14 | K75: =SUM(K77:K79) -> #N/A
B77: 2.1 | C77: 101124 | D77: SINAPI | E77: ESCAVAÇÃO HORIZONTAL, INCLUINDO CARGA E DESCARGA EM SOLO DE 1A CATEGORIA COM TRATOR DE ESTEIRAS (100HP/LÂMINA: 2,19M3). AF_07/2020 | F77: m³ | G77: =VLOOKUP(B77,'OBRA 02 - MEMÓRIA'!$A:$O,15,0) -> 1524.1255 | H77: 15.26 | I77: =TRUNC(H77*(1+$H$2),2) -> 19.07 | J77: =TRUNC(G77*I77,2) -> 29065.07 | K77: =J77/$J$291 -> #N/A
B78: 2.2 | C78: 5502978 | D78: SICRO3 | E78: COMPACTAÇÃO DE ATERROS A 100% DO PROCTOR NORMAL | F78: m³ | G78: =VLOOKUP(B78,'OBRA 02 - MEMÓRIA'!$A:$O,15,0) -> 1524.1255 | H78: 4.89 | I78: =TRUNC(H78*(1+$H$2),2) -> 6.11 | J78: =TRUNC(G78*I78,2) -> 9312.4 | K78: =J78/$J$291 -> #N/A
B79: 2.3 | C79: 97914 | D79: SINAPI | E79: TRANSPORTE COM CAMINHÃO BASCULANTE DE 6 M³, EM VIA URBANA PAVIMENTADA, DMT ATÉ 30 KM (UNIDADE: M3XKM). AF_07/2020 | F79: M3XKM | G79: =VLOOKUP(B79,'OBRA 02 - MEMÓRIA'!$A:$O,15,0) -> 57154.706 | H79: 2.92 | I79: =TRUNC(H79*(1+$H$2),2) -> 3.65 | J79: =TRUNC(G79*I79,2) -> 208614.67 | K79: =J79/$J$291 -> #N/A
B81: 3 | E81: PAVIMENTO | J81: =J83+J90 -> #N/A | K81: =K83+K90 -> #N/A
B83: 3.1 | E83: BASE | J83: =SUM(J84:J89) -> 552749.79 | K83: =SUM(K84:K89) -> #N/A
B84: 3.1.1 | C84: 100577 | D84: SINAPI | E84: REGULARIZAÇÃO E COMPACTAÇÃO DE SUBLEITO DE SOLO PREDOMINANTEMENTE ARENOSO. AF_11/2019 | F84: m² | G84: =VLOOKUP(B84,'OBRA 02 - MEMÓRIA'!$A:$O,15,0) -> 3810.3137 | H84: 1.25 | I84: =TRUNC(H84*(1+$H$2),2) -> 1.56 | J84: =TRUNC(G84*I84,2) -> 5944.08 | K84: =J84/$J$291 -> #N/A
B85: 3.1.2 | C85: 100565 | D85: SINAPI | E85: EXECUÇÃO E COMPACTAÇÃO DE BASE E OU SUB-BASE PARA PAVIMENTAÇÃO DE SOLO (PREDOMINANTEMENTE ARENOSO) BRITA - 50/50 - EXCLUSIVE SOLO, ESCAVAÇÃO, CARGA E TRANSPORTE. AF_11/2019 | F85: m³ | G85: =VLOOKUP(B85,'OBRA 02 - MEMÓRIA'!$A:$O,15,0) -> 762.06274 | H85: 95.63 | I85: =TRUNC(H85*(1+$H$2),2) -> 119.53 | J85: =TRUNC(G85*I85,2) -> 91089.35 | K85: =J85/$J$291 -> #N/A
B86: 3.1.3 | C86: 00004743 | D86: SINAPI | E86: CASCALHO DE CAVA | F86: m³ | G86: =VLOOKUP(B86,'OBRA 02 - MEMÓRIA'!$A:$O,15,0) -> 476.28921 | H86: 60.92 | I86: =TRUNC(H86*(1+$H$2),2) -> 76.15 | J86: =TRUNC(G86*I86,2) -> 36269.42 | K86: =J86/$J$291 -> #N/A
B87: 3.1.4 | C87: 96397 | D87: SINAPI | E87: EXECUÇÃO E COMPACTAÇÃO DE BASE E OU SUB BASE PARA PAVIMENTAÇÃO DE BRITA GRADUADA SIMPLES TRATADA COM CIMENTO - EXCLUSIVE CARGA E TRANSPORTE. AF_11/2019 | F87: m³ | G87: =VLOOKUP(B87,'OBRA 02 - MEMÓRIA'!$A:$O,15,0) -> 762.06274 | H87: 236.97 | I87: =TRUNC(H87*(1+$H$2),2) -> 296.21 | J87: =TRUNC(G87*I87,2) -> 225730.6 | K87: =J87/$J$291 -> #N/A
B88: 3.1.5 | C88: 100977 | D88: SINAPI | E88: CARGA, MANOBRA E DESCARGA DE SOLOS E MATERIAIS GRANULARES EM CAMINHÃO BASCULANTE 6 M³ - CARGA COM ESCAVADEIRA HIDRÁULICA (CAÇAMBA DE 1,20 M³ / 155 HP) E DESCARGA LIVRE (UNIDADE: M3). AF_07/2020 | F88: m³ | G88: =VLOOKUP(B88,'OBRA 02 - MEMÓRIA'!$A:$O,15,0) -> 1905.1569 | H88: 7.67 | I88: =TRUNC(H88*(1+$H$2),2) -> 9.58 | J88: =TRUNC(G88*I88,2) -> 18251.4 | K88: =J88/$J$291 -> #N/A
B89: 3.1.6 | C89: 95875 | D89: SINAPI | E89: TRANSPORTE COM CAMINHÃO BASCULANTE DE 10 M³, EM VIA URBANA PAVIMENTADA, DMT ATÉ 30 KM (UNIDADE: M3XKM). AF_07/2020 | F89: M3XKM | G89: =VLOOKUP(B89,'OBRA 02 - MEMÓRIA'!$A:$O,15,0) -> 57154.706 | H89: 2.46 | I89: =TRUNC(H89*(1+$H$2),2) -> 3.07 | J89: =TRUNC(G89*I89,2) -> 175464.94 | K89: =J89/$J$291 -> #N/A
B90: 3.2 | E90: PAVIMENTAÇÃO | J90: =SUM(J91:J102) -> #N/A | K90: =SUM(K91:K102) -> #N/A
B91: 3.2.1 | C91: 4011484 | D91: SICRO3 | E91: RECICLAGEM COM INCORPORAÇÃO DO REVESTIMENTO ASFÁLTICO À BASE E ADIÇÃO DE BRITA COMERCIAL | F91: m³ | G91: =VLOOKUP(B91,'OBRA 02 - MEMÓRIA'!$A:$O,15,0) -> 1288.2011 | H91: 72,92 | I91: 145.88 | J91: =TRUNC(G91*I91,2) -> 187922.77 | K91: =J91/$J$291 -> #N/A
B92: 3.2.2 | C92: 4011352 | D92: SICRO3 | E92: IMPRIMAÇÃO COM EMULSÃO ASFÁLTICA | F92: m² | G92: =VLOOKUP(B92,'OBRA 02 - MEMÓRIA'!$A:$O,15,0) -> 4127.808 | H92: 0.4 | I92: =TRUNC(H92*(1+$H$2),2) -> 0.5 | J92: =TRUNC(G92*I92,2) -> 2063.9 | K92: =J92/$J$291 -> #N/A
B93: 3.2.3 | C93: 4011353 | D93: SICRO3 | E93: PINTURA DE LIGAÇÃO | F93: m² | G93: =VLOOKUP(B93,'OBRA 02 - MEMÓRIA'!$A:$O,15,0) -> 8421.8116 | H93: 0.28 | I93: =TRUNC(H93*(1+$H$2),2) -> 0.35 | J93: =TRUNC(G93*I93,2) -> 2947.63 | K93: =J93/$J$291 -> #N/A
B94: 3.2.4 | C94: 4011463 | D94: SICRO3 | E94: CONCRETO ASFÁLTICO - FAIXA C - AREIA E BRITA COMERCIAIS | F94: t | G94: =VLOOKUP(B94,'OBRA 02 - MEMÓRIA'!$A:$O,15,0) -> 1010.6174 | H94: 193.45 | I94: =TRUNC(H94*(1+$H$2),2) -> 241.81 | J94: =TRUNC(G94*I94,2) -> 244377.39 | K94: =J94/$J$291 -> #N/A
B95: 3.2.5 | C95: 95875 | D95: SINAPI | E95: TRANSPORTE COM CAMINHÃO BASCULANTE DE 10 M³, EM VIA URBANA PAVIMENTADA, DMT ATÉ 30 KM (UNIDADE: M3XKM). AF_07/2020 - CBUQ | F95: M3XKM | G95: =VLOOKUP(B95,'OBRA 02 - MEMÓRIA'!$A:$O,15,0) -> #N/A | H95: 2.46 | I95: =TRUNC(H95*(1+$H$2),2) -> 3.07 | J95: =TRUNC(G95*I95,2) -> #N/A | K95: =J95/$J$291 -> #N/A
B96: 3.2.6 | C96: 95875 | D96: SINAPI | E96: TRANSPORTE COM CAMINHÃO BASCULANTE DE 10 M³, EM VIA URBANA PAVIMENTADA, DMT ATÉ 30 KM (UNIDADE: M3XKM). AF_07/2020 - BRITA | F96: M3XKM | G96: =VLOOKUP(B96,'OBRA 02 - MEMÓRIA'!$A:$O,15,0) -> 9661.5081 | H96: 2.46 | I96: =TRUNC(H96*(1+$H$2),2) -> 3.07 | J96: =TRUNC(G96*I96,2) -> 29660.82 | K96: =J96/$J$291 -> #N/A
B97: 3.2.7 | C97: 102330 | D97: SINAPI | E97: TRANSPORTE COM CAMINHÃO TANQUE DE TRANSPORTE DE MATERIAL ASFÁLTICO DE 30000 L, EM VIA URBANA PAVIMENTADA, DMT ATÉ 30KM (UNIDADE: TXKM). AF_07/2020 | F97: TXKM | G97: =VLOOKUP(B97,'OBRA 02 - MEMÓRIA'!$A:$O,15,0) -> 1271.592 | H97: 1.42 | I97: =TRUNC(H97*(1+$H$2),2) -> 1.77 | J97: =TRUNC(G97*I97,2) -> 2250.71 | K97: =J97/$J$291 -> #N/A
B98: 3.2.8 | C98: 102331 | D98: SINAPI | E98: TRANSPORTE COM CAMINHÃO TANQUE DE TRANSPORTE DE MATERIAL ASFÁLTICO DE 30000 L, EM VIA URBANA PAVIMENTADA, ADICIONAL PARA DMT EXCEDENTE A 30 KM (UNIDADE: TXKM). AF_07/2020 | F98: TXKM | G98: =VLOOKUP(B98,'OBRA 02 - MEMÓRIA'!$A:$O,15,0) -> 19921.608 | H98: 0.55 | I98: =TRUNC(H98*(1+$H$2),2) -> 0.68 | J98: =TRUNC(G98*I98,2) -> 13546.69 | K98: =J98/$J$291 -> #N/A
B99: 3.2.9 | C99: CPU 02 | D99: Próprio | E99: LIMPEZA DE SUPERFICIE (VARRIÇÃO E REMOÇÃO DE ENTULHOS) | F99: m² | G99: =VLOOKUP(B99,'OBRA 02 - MEMÓRIA'!$A:$O,15,0) -> 8421.8116 | H99: 0.56 | I99: =TRUNC(H99*(1+$H$2),2) -> 0.7 | J99: =TRUNC(G99*I99,2) -> 5895.26 | K99: =J99/$J$291 -> #N/A
B100: 3.2.10 | C100: ANP | D100: ANP | E100: EMULSÕES ASFÁLTICAS RR-2C | F100: T | G100: =VLOOKUP(B100,'OBRA 02 - MEMÓRIA'!$A:$O,15,0) -> 3.7898152 | H100: 2476.5828 | I100: =TRUNC(H100*(1+$H$2),2) -> 3095.72 | J100: =TRUNC(G100*I100,2) -> 11732.2 | K100: =J100/$J$291 -> #N/A
B101: 3.2.11 | C101: ANP | D101: ANP | E101: EMULSÃO ASFÁLTICA PARA SERVIÇO DE IMPRIMAÇÃO - EAI | F101: T | G101: =VLOOKUP(B101,'OBRA 02 - MEMÓRIA'!$A:$O,15,0) -> 5.3661504 | H101: 2154.5899 | I101: =TRUNC(H101*(1+$H$2),2) -> 2693.23 | J101: =TRUNC(G101*I101,2) -> 14452.27 | K101: =J101/$J$291 -> #N/A
B102: 3.2.12 | C102: ANP | D102: ANP | E102: CIMENTO ASFÁLTICO DE PETRÓLEO - CAP 50/70 | F102: T | G102: =VLOOKUP(B102,'OBRA 02 - MEMÓRIA'!$A:$O,15,0) -> 33.230435 | H102: 3695.1146 | I102: =TRUNC(H102*(1+$H$2),2) -> 4618.89 | J102: =TRUNC(G102*I102,2) -> 153487.72 | K102: =J102/$J$291 -> #N/A
B104: 4 | E104: MEIO FIO E SARJETA | J104: =SUM(J106:J107) -> 105259.06 | K104: =SUM(K106:K107) -> #N/A
B106: 4.1 | C106: 94273 | D106: SINAPI | E106: ASSENTAMENTO DE GUIA (MEIO-FIO) EM TRECHO RETO, CONFECCIONADA EM CONCRETO PRÉ-FABRICADO, DIMENSÕES 100X15X13X30 CM (COMPRIMENTO X BASE INFERIOR X BASE SUPERIOR X ALTURA). AF_01/2024 | F106: M | G106: =VLOOKUP(B106,'OBRA 02 - MEMÓRIA'!$A:$O,15,0) -> 885.87 | H106: 54.54 | I106: =TRUNC(H106*(1+$H$2),2) -> 68.17 | J106: =TRUNC(G106*I106,2) -> 60389.75 | K106: =J106/$J$291 -> #N/A
B107: 4.2 | C107: 94289 | D107: SINAPI | E107: EXECUÇÃO DE SARJETA DE CONCRETO USINADO, MOLDADA IN LOCO EM TRECHO RETO, 45 CM BASE X 10 CM ALTURA. AF_01/2024 | F107: M | G107: =VLOOKUP(B107,'OBRA 02 - MEMÓRIA'!$A:$O,15,0) -> 885.87 | H107: 40.52 | I107: =TRUNC(H107*(1+$H$2),2) -> 50.65 | J107: =TRUNC(G107*I107,2) -> 44869.31 | K107: =J107/$J$291 -> #N/A
B109: 5 | E109: PASSEIO | J109: =SUM(J111:J114) -> 112278.88 | K109: =SUM(K111:K114) -> #N/A
B111: 5.1 | C111: 93679 | D111: SINAPI | E111: EXECUÇÃO DE PASSEIO EM PISO INTERTRAVADO, COM BLOCO RETANGULAR COLORIDO DE 20 X 10 CM, ESPESSURA 6 CM. AF_10/2022 | F111: m² | G111: =VLOOKUP(B111,'OBRA 02 - MEMÓRIA'!$A:$O,15,0) -> 191.62 | H111: 82.46 | I111: =TRUNC(H111*(1+$H$2),2) -> 103.07 | J111: =TRUNC(G111*I111,2) -> 19750.27 | K111: =J111/$J$291 -> #N/A
B112: 5.2 | C112: 94992 | D112: SINAPI | E112: EXECUÇÃO DE PASSEIO (CALÇADA) OU PISO DE CONCRETO COM CONCRETO MOLDADO IN LOCO, FEITO EM OBRA, ACABAMENTO CONVENCIONAL, ESPESSURA 6 CM, ARMADO. AF_08/2022 | F112: m² | G112: =VLOOKUP(B112,'OBRA 02 - MEMÓRIA'!$A:$O,15,0) -> 927.05 | H112: 78.73 | I112: =TRUNC(H112*(1+$H$2),2) -> 98.41 | J112: =TRUNC(G112*I112,2) -> 91230.99 | K112: =J112/$J$291 -> #N/A
B113: 5.3 | C113: 100977 | D113: SINAPI | E113: CARGA, MANOBRA E DESCARGA DE SOLOS E MATERIAIS GRANULARES EM CAMINHÃO BASCULANTE 6 M³ - CARGA COM ESCAVADEIRA HIDRÁULICA (CAÇAMBA DE 1,20 M³ / 155 HP) E DESCARGA LIVRE (UNIDADE: M3). AF_07/2020 | F113: m³ | G113: =VLOOKUP(B113,'OBRA 02 - MEMÓRIA'!$A:$O,15,0) -> 12.761892 | H113: 7.67 | I113: =TRUNC(H113*(1+$H$2),2) -> 9.58 | J113: =TRUNC(G113*I113,2) -> 122.25 | K113: =J113/$J$291 -> #N/A
B114: 5.4 | C114: 95875 | D114: SINAPI | E114: TRANSPORTE COM CAMINHÃO BASCULANTE DE 10 M³, EM VIA URBANA PAVIMENTADA, DMT ATÉ 30 KM (UNIDADE: M3XKM). AF_07/2020 | F114: M3XKM | G114: =VLOOKUP(B114,'OBRA 02 - MEMÓRIA'!$A:$O,15,0) -> 382.85676 | H114: 2.46 | I114: =TRUNC(H114*(1+$H$2),2) -> 3.07 | J114: =TRUNC(G114*I114,2) -> 1175.37 | K114: =J114/$J$291 -> #N/A
B116: 6 | E116: SINALIZAÇÃO | J116: =J118 -> 22466.69 | K116: =K118 -> #N/A
B118: 6.1 | C118: 102512 | D118: SINAPI | E118: PINTURA DE EIXO VIÁRIO SOBRE ASFALTO COM TINTA RETRORREFLETIVA A BASE DE RESINA ACRÍLICA COM MICROESFERAS DE VIDRO, APLICAÇÃO MECÂNICA COM DEMARCADORA AUTOPROPELIDA. AF_05/2021 | F118: M | G118: =VLOOKUP(B118,'OBRA 02 - MEMÓRIA'!$A:$O,15,0) -> 2716.65 | H118: 6.62 | I118: =TRUNC(H118*(1+$H$2),2) -> 8.27 | J118: =TRUNC(G118*I118,2) -> 22466.69 | K118: =J118/$J$291 -> #N/A
B120: 7 | E120: ADMINISTRAÇÃO | J120: =J122 -> 101609.08 | K120: =K122 -> #N/A
B122: 7.1 | C122: CPU 03 | D122: Próprio | E122: ADMINISTRAÇÃO LOCAL | F122: MÊS | G122: =VLOOKUP(B122,'OBRA 02 - MEMÓRIA'!$A:$O,15,0) -> 1.6 | H122: 50804.55 | I122: =TRUNC(H122*(1+$H$2),2) -> 63505.68 | J122: =TRUNC(G122*I122,2) -> 101609.08 | K122: =J122/$J$291 -> #N/A
B124: III | E124: 3 - REQUALIFICAÇÃO AV. DA INTEGRAÇÃO (G. BARBOSDA AO POSTO CATAVENTO) | J124: =SUM(J126,J134,J142,J149,J164,J169,J178,J183,J187) -> #N/A | K124: =SUM(K126,K134,K142,K149,K164,K169,K178,K183,K187) -> #N/A
B126: 1 | E126: SERVIÇOS PRELIMINARES | J126: =SUM(J128:J132) -> #N/A | K126: =SUM(K128:K132) -> #N/A
B128: 1.1 | C128: CPU 01 | D128: Próprio | E128: PLACA DE OBRA EM CHAPA DE AÇO GALVANIZADA | F128: m² | G128: =VLOOKUP(B128,'OBRA 03 - MEMÓRIA'!$A:$O,15,0) -> #N/A | H128: 371.36 | I128: =TRUNC(H128*(1+$H$2),2) -> 464.2 | J128: =TRUNC(G128*I128,2) -> #N/A | K128: =J128/$J$291 -> #N/A
B129: 1.2 | C129: 97636 | D129: SINAPI | E129: DEMOLIÇÃO PARCIAL DE PAVIMENTO ASFÁLTICO, DE FORMA MECANIZADA, SEM REAPROVEITAMENTO. AF_09/2023 | F129: m² | G129: =VLOOKUP(B129,'OBRA 03 - MEMÓRIA'!$A:$O,15,0) -> #N/A | H129: 22.63 | I129: =TRUNC(H129*(1+$H$2),2) -> 28.28 | J129: =TRUNC(G129*I129,2) -> #N/A | K129: =J129/$J$291 -> #N/A
B130: 1.3 | C130: 21 | D130: ORSE | E130: DEMOLIÇÃO DE MEIO-FIO GRANÍTICO OU PRE-MOLDADO | F130: m | G130: =VLOOKUP(B130,'OBRA 03 - MEMÓRIA'!$A:$O,15,0) -> #N/A | H130: 9.8 | I130: =TRUNC(H130*(1+$H$2),2) -> 12.25 | J130: =TRUNC(G130*I130,2) -> #N/A | K130: =J130/$J$291 -> #N/A
B131: 1.4 | C131: 100981 | D131: SINAPI | E131: CARGA, MANOBRA E DESCARGA DE ENTULHO EM CAMINHÃO BASCULANTE 6 M³ - CARGA COM ESCAVADEIRA HIDRÁULICA (CAÇAMBA DE 0,80 M³ / 111 HP) E DESCARGA LIVRE (UNIDADE: M3). AF_07/2020 | F131: m³ | G131: =VLOOKUP(B131,'OBRA 03 - MEMÓRIA'!$A:$O,15,0) -> #N/A | H131: 9.38 | I131: =TRUNC(H131*(1+$H$2),2) -> 11.72 | J131: =TRUNC(G131*I131,2) -> #N/A | K131: =J131/$J$291 -> #N/A
B132: 1.5 | C132: 97914 | D132: SINAPI | E132: TRANSPORTE COM CAMINHÃO BASCULANTE DE 6 M³, EM VIA URBANA PAVIMENTADA, DMT ATÉ 30 KM (UNIDADE: M3XKM). AF_07/2020 | F132: M3XKM | G132: =VLOOKUP(B132,'OBRA 03 - MEMÓRIA'!$A:$O,15,0) -> #N/A | H132: 2.92 | I132: =TRUNC(H132*(1+$H$2),2) -> 3.65 | J132: =TRUNC(G132*I132,2) -> #N/A | K132: =J132/$J$291 -> #N/A
B134: 2 | E134: TERRAPLENAGEM | J134: =SUM(J136:J138) -> 232985.14 | K134: =SUM(K136:K138) -> #N/A
...

Sheet OBRA 01 - ANALÍTICA
D1: PLANILHA ORÇAMENTÁRIA ANÁLITICA DA OBRA 02 | G1: BDI PRINCIPAL | H1: BDI DIFERENCIADO
D2: SINAPI - 10/2024 - Pernambuco SICRO3 - 07/2024 - Pernambuco ORSE - 07/2024 - Sergipe SEINFRA - 028 - Ceará | G2: 0.2097 | H2: 0.1402
A3: LOCAL | E3: ENGARGOS SOCIAIS
A4: Av. das Nações / AV. Fernando Farias | E4: Não Desonerado: embutido nos preços unitário dos insumos de mão de obra, de acordo com as bases.
A5: Planilha Orçamentária Analítica
A6: 1 | D6: SERVIÇOS PRELIMINARES | J6: =J18+J29+J48+J58+J89+J99+J107 -> 126807.05 | K6: =J10+J11 -> 68.22
A7: 1.1 | B7: Código | C7: Banco | D7: Descrição | E7: Tipo | G7: Und | H7: Quant. | I7: Valor Unit | J7: Total
A8: Composição | B8: CPU 01 | C8: Próprio | D8: PLACA DE OBRA EM CHAPA DE AÇO GALVANIZADA | E8: SERP - SERVIÇOS PRELIMINARES | G8: m² | H8: 1 | I8: 371.36 | J8: =SUM(J9:J15) -> 374.0319
A9: Composição Auxiliar | B9: 94962 | C9: SINAPI | D9: CONCRETO MAGRO PARA LASTRO, TRAÇO 1:4,5:4,5 (EM MASSA SECA DE CIMENTO/ AREIA MÉDIA/ BRITA 1) - PREPARO MECÂNICO COM BETONEIRA 400 L. AF_05/2021 | E9: FUES - FUNDAÇÕES E ESTRUTURAS | G9: m³ | H9: 0.01 | I9: 406.72 | J9: =I9*H9 -> 4.0672
A10: Composição Auxiliar | B10: 88262 | C10: SINAPI | D10: CARPINTEIRO DE FORMAS COM ENCARGOS COMPLEMENTARES | E10: SEDI - SERVIÇOS DIVERSOS | G10: H | H10: 1 | I10: 26.12 | J10: =I10*H10 -> 26.12
A11: Composição Auxiliar | B11: 88316 | C11: SINAPI | D11: SERVENTE COM ENCARGOS COMPLEMENTARES | E11: SEDI - SERVIÇOS DIVERSOS | G11: H | H11: 2 | I11: 21.05 | J11: =I11*H11 -> 42.1
A12: Insumo | B12: 00004491 | C12: SINAPI | D12: PONTALETE *7,5 X 7,5* CM EM PINUS, MISTA OU EQUIVALENTE DA REGIAO - BRUTA | E12: Material | G12: M | H12: 4 | I12: 10.66 | J12: =I12*H12 -> 42.64
A13: Insumo | B13: 00004813 | C13: SINAPI | D13: PLACA DE OBRA (PARA CONSTRUCAO CIVIL) EM CHAPA GALVANIZADA *N. 22*, ADESIVADA, DE *2,4 X 1,2* M (SEM POSTES PARA FIXACAO) | E13: Material | G13: m² | H13: 1 | I13: 250 | J13: =I13*H13 -> 250 | K13: 452.46639
A14: Insumo | B14: 00005075 | C14: SINAPI | D14: PREGO DE ACO POLIDO COM CABECA 18 X 30 (2 3/4 X 10) | E14: Material | G14: KG | H14: 0.11 | I14: 15.77 | J14: =I14*H14 -> 1.7347 | K14: =J17*H18 -> 2714.7983
A15: Insumo | B15: 00004417 | C15: SINAPI | D15: SARRAFO NAO APARELHADO *2,5 X 7* CM, EM MACARANDUBA/MASSARANDUBA, ANGELIM, PEROBA-ROSA OU EQUIVALENTE DA REGIAO - BRUTA | E15: Material | G15: M | H15: 1 | I15: 7.37 | J15: =I15*H15 -> 7.37
E16: MO sem LS => | F16: 52.77 | G16: LS => | H16: 0 | I16: MO com LS => | J16: 52.77
E17: Valor do BDI => | F17: =J17-J8 -> 78.434489 | H17: Valor com BDI => | J17: =J8*(1+G2) -> 452.46639
G18: Quant. => | H18: ='OBRA 01 - MEMÓRIA'!O8 -> 6 | I18: Preço Total => | J18: =TRUNC(H18*J17,2) -> 2714.79
A20: 1.2 | B20: Código | C20: Banco | D20: Descrição | E20: Tipo | G20: Und | H20: Quant. | I20: Valor Unit | J20: Total
A21: Composição | B21: 97636 | C21: SINAPI | D21: DEMOLIÇÃO PARCIAL DE PAVIMENTO ASFÁLTICO, DE FORMA MECANIZADA, SEM REAPROVEITAMENTO. AF_09/2023 | E21: SERP - SERVIÇOS PRELIMINARES | G21: m² | H21: 1 | I21: 22.63 | J21: =SUM(J22:J26) -> 22.650456
A22: Composição Auxiliar | B22: 5631 | C22: SINAPI | D22: ESCAVADEIRA HIDRÁULICA SOBRE ESTEIRAS, CAÇAMBA 0,80 M3, PESO OPERACIONAL 17 T, POTENCIA BRUTA 111 HP - CHP DIURNO. AF_06/2014 | E22: CHOR - CUSTOS HORÁRIOS DE MÁQUINAS E EQUIPAMENTOS | G22: CHP | H22: 0.0326 | I22: 216.97 | J22: =H22*I22 -> 7.073222
A23: Composição Auxiliar | B23: 5632 | C23: SINAPI | D23: ESCAVADEIRA HIDRÁULICA SOBRE ESTEIRAS, CAÇAMBA 0,80 M3, PESO OPERACIONAL 17 T, POTENCIA BRUTA 111 HP - CHI DIURNO. AF_06/2014 | E23: CHOR - CUSTOS HORÁRIOS DE MÁQUINAS E EQUIPAMENTOS | G23: CHI | H23: 0.0896 | I23: 94.82 | J23: =H23*I23 -> 8.495872
A24: Composição Auxiliar | B24: 88309 | C24: SINAPI | D24: PEDREIRO COM ENCARGOS COMPLEMENTARES | E24: SEDI - SERVIÇOS DIVERSOS | G24: H | H24: 0.2433 | I24: 26.5 | J24: =H24*I24 -> 6.44745 | K24: 27.400257
A25: Composição Auxiliar | B25: 91283 | C25: SINAPI | D25: CORTADORA DE PISO COM MOTOR 4 TEMPOS A GASOLINA, POTÊNCIA DE 13 HP, COM DISCO DE CORTE DIAMANTADO SEGMENTADO PARA CONCRETO, DIÂMETRO DE 350 MM, FURO DE 1" (14 X 1") - CHP DIURNO. AF_08/2015 | E25: CHOR - CUSTOS HORÁRIOS DE MÁQUINAS E EQUIPAMENTOS | G25: CHP | H25: 0.0524 | I25: 10.55 | J25: =H25*I25 -> 0.55282
A26: Composição Auxiliar | B26: 91285 | C26: SINAPI | D26: CORTADORA DE PISO COM MOTOR 4 TEMPOS A GASOLINA, POTÊNCIA DE 13 HP, COM DISCO DE CORTE DIAMANTADO SEGMENTADO PARA CONCRETO, DIÂMETRO DE 350 MM, FURO DE 1" (14 X 1") - CHI DIURNO. AF_08/2015 | E26: CHOR - CUSTOS HORÁRIOS DE MÁQUINAS E EQUIPAMENTOS | G26: CHI | H26: 0.0836 | I26: 0.97 | J26: =H26*I26 -> 0.081092
E27: MO sem LS => | F27: 9.21 | G27: LS => | H27: 0 | I27: MO com LS => | J27: 9.21
E28: Valor do BDI => | F28: =J28-J21 -> 4.7498006 | H28: Valor com BDI => | J28: =J21*(1+G2) -> 27.400257
G29: Quant. => | H29: ='OBRA 01 - SINTÉTICA'!F9 -> 2946 | I29: Preço Total => | J29: =TRUNC(H29*J28,2) -> 80721.15
A31: 1.3 | B31: Código | C31: Banco | D31: Descrição | E31: Tipo | G31: Und | H31: Quant. | I31: Valor Unit | J31: Total
A32: Composição | B32: 1600441 | C32: SICRO3 | D32: REMOÇÃO DE PARALELEPÍPEDOS | G32: m² | H32: 1 | I32: 3.98 | J32: =J45 -> 3.9131663
A33: A | B33: Código | C33: Banco | D33: Equipamentos | E33: Quantidade | F33: Utilização | H33: Custo Operacional | J33: Custo Horário
F34: Operativa | G34: Improdutiva | H34: Operativa | I34: Improdutiva
A35: Insumo | B35: E9071 | C35: SICRO3 | D35: Transportador manual carrinho de mão com capacidade de 80 l | E35: 0.28891 | F35: 1 | G35: 0 | H35: 0.7087 | I35: 0.4818 | J35: =E35*((F35*H35)+(G35*I35)) -> 0.20475052
F36: Custo Horário de Equipamentos => | J36: =J35 -> 0.20475052
A37: B | B37: Código | C37: Banco | D37: Mão de Obra | E37: Quantidade | F37: Salário Hora | J37: Custo Horário
A38: Insumo | B38: 88316 | C38: SINAPI | D38: Servente | E38: 0.28891 | I38: 21.05 | J38: =E38*I38 -> 6.0815555
F39: Custo Horário da Mão de Obra => | J39: =J38 -> 6.0815555
F40: Adc.M.O. - Ferramentas (0,0%) => | J40: 0
F41: Custo Horário de Execução => | J41: =J39+J36 -> 6.286306
F42: Fator de Influencia da Chuva - FIC => | J42: 0
F43: Custo do FIC => | J43: 0 | K43: 4.7337573
F44: Produção de Equipe => | J44: 1.60645
F45: Custo Unitário de Execução => | J45: =J41/J44 -> 3.9131663
E46: MO sem LS => | F46: 3.8460846 | G46: LS => | H46: 0 | I46: MO com LS => | J46: 3.8460846
E47: Valor do BDI => | F47: =J47-J32 -> 0.82059097 | H47: Valor com BDI => | J47: =J32*(1+G2) -> 4.7337573
G48: Quant. => | H48: ='OBRA 01 - SINTÉTICA'!F10 -> 380.8 | I48: Preço Total => | J48: =TRUNC(H48*J47,2) -> 1802.61
A50: 1.4 | B50: Código | C50: Banco | D50: Descrição | E50: Tipo | G50: Und | H50: Quant. | I50: Valor Unit | J50: Total
A51: Composição | B51: 21 | C51: ORSE | D51: DEMOLIÇÃO DE MEIO-FIO GRANÍTICO OU PRE-MOLDADO | E51: Demolições / Remoções | G51: m | H51: 1 | I51: 9.8 | J51: =SUM(J52:J55) -> 9.8135
A52: Composição Auxiliar | B52: 10549 | C52: ORSE | D52: Encargos Complementares - Servente | E52: Provisórios | G52: h | H52: 0.5 | I52: 3.79 | J52: =H52*I52 -> 1.895
A53: Composição Auxiliar | B53: 10550 | C53: ORSE | D53: Encargos Complementares - Pedreiro | E53: Provisórios | G53: h | H53: 0.05 | I53: 3.66 | J53: =H53*I53 -> 0.183 | K53: 11.85506
A54: Insumo | B54: 00004750/SINAPI | C54: ORSE | D54: Pedreiro (horista) | E54: Mão de Obra | G54: h | H54: 0.05 | I54: 18.21 | J54: =H54*I54 -> 0.9105
A55: Insumo | B55: 00006111/SINAPI | C55: ORSE | D55: Servente de obras (horista) | E55: Mão de Obra | G55: h | H55: 0.5 | I55: 13.65 | J55: =H55*I55 -> 6.825
E56: MO sem LS => | F56: 7.73 | G56: LS => | H56: 0 | I56: MO com LS => | J56: 7.73
E57: Valor do BDI => | F57: 2.45 | H57: Valor com BDI => | J57: =J51*(1+G2) -> 11.871391
G58: Quant. => | H58: ='OBRA 01 - SINTÉTICA'!F11 -> 732 | I58: Preço Total => | J58: =TRUNC(H58*J57,2) -> 8689.85
A60: 1.5 | B60: Código | C60: Banco | D60: Descrição | E60: Tipo | G60: Und | H60: Quant. | I60: Valor Unit | J60: Total
A61: Composição | B61: 1600989 | C61: SICRO3 | D61: DEMOLIÇÃO DE CONCRETO SIMPLES COM MARTELETE | G61: m³ | H61: 1 | I61: 395.45 | J61: =SUM(J76+J79+J82) -> 391.38086
A62: A | B62: Código | C62: Banco | D62: Equipamentos | E62: Quantidade | F62: Utilização | H62: Custo Operacional | J62: Custo Horário
F63: Operativa | G63: Improdutiva | H63: Operativa | I63: Improdutiva
A64: Insumo | B64: E9646 | C64: SICRO3 | D64: Compressor de ar portátil de 58,52 l/s (124 PCM) - 27 kW | E64: 1 | F64: 1 | G64: 0 | H64: 42.3693 | I64: 10.2737 | J64: =(E64*((F64*H64)+(G64*I64))) -> 42.3693
A65: Insumo | B65: E9527 | C65: SICRO3 | D65: Martelete perfurador/rompedor a ar comprimido de 25 kg para rocha com capacidade de 2.040 gpm | E65: 1 | F65: 1 | G65: 0 | H65: 30.9141 | I65: 28.7294 | J65: =(E65*((F65*H65)+(G65*I65))) -> 30.9141
A66: Insumo | B66: E9071 | C66: SICRO3 | D66: Transportador manual carrinho de mão com capacidade de 80 l | E66: 0.59458 | F66: 1 | G66: 0 | H66: 0.7087 | I66: 0.4818 | J66: =(E66*((F66*H66)+(G66*I66))) -> 0.42137885
F67: Custo Horário de Equipamentos => | J67: =SUM(J64:J66) -> 73.704779
A68: B | B68: Código | C68: Banco | D68: Mão de Obra | E68: Quantidade | F68: Salário Hora | J68: Custo Horário
A69: Insumo | B69: 88316 | C69: SINAPI | D69: Servente | E69: 0.59458 | I69: 21.05 | J69: =I69*E69 -> 12.515909
F70: Custo Horário da Mão de Obra => | J70: =J69 -> 12.515909
F71: Adc.M.O. - Ferramentas (0,0%) => | J71: 0
F72: Custo Horário de Execução => | J72: =J70+J67 -> 86.220688
F73: Fator de Influencia da Chuva - FIC => | J73: 0
F74: Custo do FIC => | J74: 0
F75: Produção de Equipe => | J75: 0.46704
F76: Custo Unitário de Execução => | J76: =J72/J75 -> 184.61093
A77: C | B77: Banco | C77: Código | D77: Material | E77: Quantidade | F77: Unidade | G77: Preço Unitário | J77: Custo Horário
A78: Insumo | B78: SICRO3 | C78: M1391 | D78: Ponteiro para martelete - D = 22 mm e C = 1,00 m | E78: 0.3 | F78: un | G78: 421.5531 | J78: =G78*E78 -> 126.46593
F79: Custo Total do Material => | J79: =J78 -> 126.46593
A80: E | B80: Banco | C80: Insumo | D80: Tempos Fixos | E80: Código | F80: Quantidade | G80: Unidade | H80: Preço Unitário | J80: Custo Horário
A81: Tempo Fixo | B81: SICRO3 | C81: M3505 | D81: Carga, manobra e descarga de material demolido em caminhão basculante de 6 m³ - carga manual e descarga livre | E81: 5915433 | F81: 2.4 | G81: t | H81: 33.46 | J81: =H81*F81 -> 80.304
F82: Custo Total dos Tempos Fixos => | J82: =J81 -> 80.304
A83: F | B83: Banco | C83: Insumo | D83: Momento de Transporte | E83: Quantidade | F83: Unidade | G83: Distância Média de Transporte (DMT) | J83: Custo Horário
G84: LN | H84: RP | I84: P | K84: 473.45342
A85: Momento de Transporte | B85: SICRO3 | C85: M3505 | D85: Material demolido - concreto simples - Caminhão basculante com capacidade de 6 m³ - 136 kW | E85: 2.4 | F85: tkm | G85: 5914314 0,000 R$ 1,25 | H85: 5914329 0,000 R$ 1,00 | I85: 5914344 0,000 R$ 0,82 | J85: 0
F86: Custo total dos Momentos de Transportes => | J86: 0
E87: MO sem LS => | F87: 53.390152 | G87: LS => | H87: 0 | I87: MO com LS => | J87: 53.390152
E88: Valor do BDI => | F88: =J88-J61 -> 82.072566 | H88: Valor com BDI => | J88: =J61*(1+G2) -> 473.45342
G89: Quant. => | H89: ='OBRA 01 - SINTÉTICA'!F12 -> 4.5 | I89: Preço Total => | J89: =TRUNC(H89*J88,2) -> 2130.54
A91: 3.1.5 | B91: Código | C91: Banco | D91: Descrição | E91: Tipo | G91: Und | H91: Quant. | I91: Valor Unit | J91: Total
A92: Composição | B92: 100977 | C92: SINAPI | D92: CARGA, MANOBRA E DESCARGA DE SOLOS E MATERIAIS GRANULARES EM CAMINHÃO BASCULANTE 6 M³ - CARGA COM ESCAVADEIRA HIDRÁULICA (CAÇAMBA DE 1,20 M³ / 155 HP) E DESCARGA LIVRE (UNIDADE: M3). AF_07/2020 - BASE | E92: TRAN - TRANSPORTES, CARGAS E DESCARGAS | G92: m³ | H92: 1 | I92: 7.79 | J92: =SUM(J93:J96) -> 7.807302
A93: Composição Auxiliar | B93: 67826 | C93: SINAPI | D93: CAMINHÃO BASCULANTE 6 M3 TOCO, PESO BRUTO TOTAL 16.000 KG, CARGA ÚTIL MÁXIMA 11.130 KG, DISTÂNCIA ENTRE EIXOS 5,36 M, POTÊNCIA 185 CV, INCLUSIVE CAÇAMBA METÁLICA - CHP DIURNO. AF_06/2014 | E93: CHOR - CUSTOS HORÁRIOS DE MÁQUINAS E EQUIPAMENTOS | G93: CHP | H93: 0.0225 | I93: 186.94 | J93: =H93*I93 -> 4.20615
A94: Composição Auxiliar | B94: 67827 | C94: SINAPI | D94: CAMINHÃO BASCULANTE 6 M3 TOCO, PESO BRUTO TOTAL 16.000 KG, CARGA ÚTIL MÁXIMA 11.130 KG, DISTÂNCIA ENTRE EIXOS 5,36 M, POTÊNCIA 185 CV, INCLUSIVE CAÇAMBA METÁLICA - CHI DIURNO. AF_06/2014 | E94: CHOR - CUSTOS HORÁRIOS DE MÁQUINAS E EQUIPAMENTOS | G94: CHI | H94: 0.0185 | I94: 62.47 | J94: =H94*I94 -> 1.155695 | K94: 11.482559
A95: Composição Auxiliar | B95: 88907 | C95: SINAPI | D95: ESCAVADEIRA HIDRÁULICA SOBRE ESTEIRAS, CAÇAMBA 1,20 M3, PESO OPERACIONAL 21 T, POTÊNCIA BRUTA 155 HP - CHP DIURNO. AF_06/2014 | E95: CHOR - CUSTOS HORÁRIOS DE MÁQUINAS E EQUIPAMENTOS | G95: CHP | H95: 0.0042 | I95: 257.7 | J95: =H95*I95 -> 1.08234
A96: Composição Auxiliar | B96: 88908 | C96: SINAPI | D96: ESCAVADEIRA HIDRÁULICA SOBRE ESTEIRAS, CAÇAMBA 1,20 M3, PESO OPERACIONAL 21 T, POTÊNCIA BRUTA 155 HP - CHI DIURNO. AF_06/2014 | E96: CHOR - CUSTOS HORÁRIOS DE MÁQUINAS E EQUIPAMENTOS | G96: CHI | H96: 0.0133 | I96: 102.49 | J96: =H96*I96 -> 1.363117
E97: MO sem LS => | F97: 1.4 | G97: LS => | H97: 0 | I97: MO com LS => | J97: 1.4
E98: Valor do BDI => | F98: 1.91 | H98: Valor com BDI => | J98: =J92*(1+G2) -> 9.4444932
G99: Quant. => | H99: ='OBRA 01 - MEMÓRIA'!O18 -> 262.025 | I99: Preço Total => | J99: =TRUNC(H99*J98,2) -> 2474.69
A101: 1.7 | B101: Código | C101: Banco | D101: Descrição | E101: Tipo | G101: Und | H101: Quant. | I101: Valor Unit | J101: Total
A102: Composição | B102: 97914 | C102: SINAPI | D102: TRANSPORTE COM CAMINHÃO BASCULANTE DE 6 M³, EM VIA URBANA PAVIMENTADA, DMT ATÉ 30 KM (UNIDADE: M3XKM). AF_07/2020 - ENTULHO | E102: TRAN - TRANSPORTES, CARGAS E DESCARGAS | G102: M3XKM | H102: 1 | I102: 2.92 | J102: =J103+J104 -> 2.973286 | K102: 3.5951026
A103: Composição Auxiliar | B103: 67826 | C103: SINAPI | D103: CAMINHÃO BASCULANTE 6 M3 TOCO, PESO BRUTO TOTAL 16.000 KG, CARGA ÚTIL MÁXIMA 11.130 KG, DISTÂNCIA ENTRE EIXOS 5,36 M, POTÊNCIA 185 CV, INCLUSIVE CAÇAMBA METÁLICA - CHP DIURNO. AF_06/2014 | E103: CHOR - CUSTOS HORÁRIOS DE MÁQUINAS E EQUIPAMENTOS | G103: CHP | H103: 0.0139 | I103: 186.94 | J103: =H103*I103 -> 2.598466
A104: Composição Auxiliar | B104: 67827 | C104: SINAPI | D104: CAMINHÃO BASCULANTE 6 M3 TOCO, PESO BRUTO TOTAL 16.000 KG, CARGA ÚTIL MÁXIMA 11.130 KG, DISTÂNCIA ENTRE EIXOS 5,36 M, POTÊNCIA 185 CV, INCLUSIVE CAÇAMBA METÁLICA - CHI DIURNO. AF_06/2014 - METRALHA | E104: CHOR - CUSTOS HORÁRIOS DE MÁQUINAS E EQUIPAMENTOS | G104: CHI | H104: 0.006 | I104: 62.47 | J104: =H104*I104 -> 0.37482
E105: MO sem LS => | F105: 0.41 | G105: LS => | H105: 0 | I105: MO com LS => | J105: 0.41
E106: Valor do BDI => | F106: =J106-J102 -> 0.62349807 | H106: Valor com BDI => | J106: =J102*(1+G2) -> 3.5967841
...

Sheet OBRA 02 - SINTÉTICA
D1: PLANILHA ORÇAMENTÁRIA SINTÉTICA DA OBRA 02 | G1: BDI PRINCIPAL | H1: BDI DIFERENCIADO
D2: SINAPI - 10/2024 - Pernambuco SICRO3 - 07/2024 - Pernambuco ORSE - 07/2024 - Sergipe SEINFRA - 028 - Ceará | G2: 0.2097 | H2: 0.1402
A3: LOCAL | E3: ENGARGOS SOCIAIS
A4: Av. 18 / Av. Donizete Lopes Santos | E4: Não Desonerado: embutido nos preços unitário dos insumos de mão de obra, de acordo com as bases.
A5: Planilha Orçamentária Sintética
A6: Item | B6: Código | C6: Banco | D6: Descrição | E6: Und | F6: Quant. | G6: Valor Unit | H6: Valor Unit com BDI | I6: Total | J6: Peso (%)
A7: 1 | D7: SERVIÇOS PRELIMINARES | I7: =SUM(I8:I11) -> 11862.826 | J7: =SUM(J8:J11) -> 0.0065398586
A8: 1.1 | B8: CPU 01 | C8: Próprio | D8: PLACA DE OBRA EM CHAPA DE AÇO GALVANIZADA | E8: m² | F8: =VLOOKUP(A8,'OBRA 02 - MEMÓRIA'!$A:$O,15,0) -> 6 | G8: ='OBRA 02 - ANALÍTICA'!J8 -> 374.0319 | H8: =G8*(1+$G$2) -> 452.46639 | I8: =TRUNC(F8*H8,2) -> 2714.79 | J8: =I8/$H$50 -> 0.0014966368
A9: 1.2 | B9: 21 | C9: ORSE | D9: DEMOLIÇÃO DE MEIO-FIO GRANÍTICO OU PRE-MOLDADO | E9: m | F9: =VLOOKUP(A9,'OBRA 02 - MEMÓRIA'!$A:$O,15,0) -> 533.35 | G9: ='OBRA 02 - ANALÍTICA'!J21 -> 9.8135 | H9: =G9*(1+$G$2) -> 11.871391 | I9: =H9*F9 -> 6331.6064 | J9: =I9/$H$50 -> 0.0034905518
A10: 1.3 | B10: 100977 | C10: SINAPI | D10: CARGA, MANOBRA E DESCARGA DE SOLOS E MATERIAIS GRANULARES EM CAMINHÃO BASCULANTE 6 M³ - CARGA COM ESCAVADEIRA HIDRÁULICA (CAÇAMBA DE 1,20 M³ / 155 HP) E DESCARGA LIVRE (UNIDADE: M3). AF_07/2020 - ENTULHO | E10: m³ | F10: =VLOOKUP(A10,'OBRA 02 - MEMÓRIA'!$A:$O,15,0) -> 24.00075 | G10: ='OBRA 02 - ANALÍTICA'!J31 -> 7.807302 | H10: =G10*(1+$G$2) -> 9.4444932 | I10: =TRUNC(F10*H10,2) -> 226.67 | J10: =I10/$H$50 -> 0.00012496092
A11: 1.4 | B11: 97914 | C11: SINAPI | D11: TRANSPORTE COM CAMINHÃO BASCULANTE DE 6 M³, EM VIA URBANA PAVIMENTADA, DMT ATÉ 30 KM (UNIDADE: M3XKM). AF_07/2020 - ENTULHO | E11: M3XKM | F11: =VLOOKUP(A11,'OBRA 02 - MEMÓRIA'!$A:$O,15,0) -> 720.0225 | G11: ='OBRA 02 - ANALÍTICA'!J41 -> 2.973286 | H11: =G11*(1+$G$2) -> 3.5967841 | I11: =TRUNC(F11*H11,2) -> 2589.76 | J11: =I11/$H$50 -> 0.001427709
A12: 2 | D12: TERRAPLENAGEM | I12: =SUM(I13:I15) -> 242869.67 | J12: =SUM(J13:J15) -> 0.13389164
A13: 2.1 | B13: 101124 | C13: SINAPI | D13: ESCAVAÇÃO HORIZONTAL, INCLUINDO CARGA E DESCARGA EM SOLO DE 1A CATEGORIA COM TRATOR DE ESTEIRAS (100HP/LÂMINA: 2,19M3). AF_07/2020 | E13: m³ | F13: =VLOOKUP(A13,'OBRA 02 - MEMÓRIA'!$A:$O,15,0) -> 1524.1255 | G13: ='OBRA 02 - ANALÍTICA'!J50 -> 15.327325 | H13: =G13*(1+$G$2) -> 18.541465 | I13: =TRUNC(F13*H13,2) -> 28259.51 | J13: =I13/$H$50 -> 0.015579188
A14: 2.2 | B14: 5502978 | C14: SICRO3 | D14: COMPACTAÇÃO DE ATERROS A 100% DO PROCTOR NORMAL | E14: m³ | F14: =VLOOKUP(A14,'OBRA 02 - MEMÓRIA'!$A:$O,15,0) -> 1524.1255 | G14: ='OBRA 02 - ANALÍTICA'!J60 -> 4.9014838 | H14: =G14*(1+$G$2) -> 5.9293249 | I14: =TRUNC(F14*H14,2) -> 9037.03 | J14: =I14/$H$50 -> 0.0049820251
A15: 2.3 | B15: 97914 | C15: SINAPI | D15: TRANSPORTE COM CAMINHÃO BASCULANTE DE 6 M³, EM VIA URBANA PAVIMENTADA, DMT ATÉ 30 KM (UNIDADE: M3XKM). AF_07/2020 - SOLO | E15: M3XKM | F15: =VLOOKUP(A15,'OBRA 02 - MEMÓRIA'!$A:$O,15,0) -> 57154.706 | G15: ='OBRA 02 - ANALÍTICA'!J83 -> 2.973286 | H15: =G15*(1+$G$2) -> 3.5967841 | I15: =TRUNC(F15*H15,2) -> 205573.13 | J15: =I15/$H$50 -> 0.11333043
A16: 3 | D16: PAVIMENTO | I16: =I17+I24 -> 1231542.4 | J16: =J17+J24 -> 0.67893711
A17: 3.1 | D17: BASE | I17: =SUM(I18:I23) -> 534700.58 | J17: =SUM(J18:J23) -> 0.29477513
A18: 3.1.1 | B18: 100577 | C18: SINAPI | D18: REGULARIZAÇÃO E COMPACTAÇÃO DE SUBLEITO DE SOLO PREDOMINANTEMENTE ARENOSO. AF_11/2019 | E18: m² | F18: =VLOOKUP(A18,'OBRA 02 - MEMÓRIA'!$A:$O,15,0) -> 3810.3137 | G18: ='OBRA 02 - ANALÍTICA'!J93 -> 1.9800478 | H18: =G18*(1+$G$2) -> 2.3952638 | I18: =TRUNC(F18*H18,2) -> 9126.7 | J18: =I18/$H$50 -> 0.0050314592
A19: 3.1.2 | B19: 100565 | C19: SINAPI | D19: EXECUÇÃO E COMPACTAÇÃO DE BASE E OU SUB-BASE PARA PAVIMENTAÇÃO DE SOLO (PREDOMINANTEMENTE ARENOSO) BRITA - 50/50 - EXCLUSIVE SOLO, ESCAVAÇÃO, CARGA E TRANSPORTE. AF_11/2019 | E19: m³ | F19: =VLOOKUP(A19,'OBRA 02 - MEMÓRIA'!$A:$O,15,0) -> 762.06274 | G19: ='OBRA 02 - ANALÍTICA'!J106 -> 93.44067 | H19: =G19*(1+$G$2) -> 113.03518 | I19: =TRUNC(F19*H19,2) -> 86139.89 | J19: =I19/$H$50 -> 0.047488067
A20: 3.1.3 | B20: 00004743 | C20: SINAPI | D20: CASCALHO DE CAVA | E20: m³ | F20: =VLOOKUP(A20,'OBRA 02 - MEMÓRIA'!$A:$O,15,0) -> 476.28921 | G20: ='OBRA 02 - ANALÍTICA'!J126 -> 60.92 | H20: =G20*(1+$H$2) -> 69.460984 | I20: =TRUNC(F20*H20,2) -> 33083.51 | J20: =I20/$H$50 -> 0.018238611
A21: 3.1.4 | B21: 96396 | C21: SINAPI | D21: EXECUÇÃO E COMPACTAÇÃO DE BASE E OU SUB BASE PARA PAVIMENTAÇÃO DE BRITA GRADUADA SIMPLES - EXCLUSIVE CARGA E TRANSPORTE. AF_11/2019 | E21: m³ | F21: =VLOOKUP(A21,'OBRA 02 - MEMÓRIA'!$A:$O,15,0) -> 762.06274 | G21: ='OBRA 02 - ANALÍTICA'!J132 -> 234.43375 | H21: =G21*(1+$G$2) -> 283.59451 | I21: =TRUNC(F21*H21,2) -> 216116.8 | J21: =I21/$H$50 -> 0.11914305
A22: 3.1.5 | B22: 100977 | C22: SINAPI | D22: CARGA, MANOBRA E DESCARGA DE SOLOS E MATERIAIS GRANULARES EM CAMINHÃO BASCULANTE 6 M³ - CARGA COM ESCAVADEIRA HIDRÁULICA (CAÇAMBA DE 1,20 M³ / 155 HP) E DESCARGA LIVRE (UNIDADE: M3). AF_07/2020 - BASE | E22: m³ | F22: =VLOOKUP(A22,'OBRA 02 - MEMÓRIA'!$A:$O,15,0) -> 1905.1569 | G22: ='OBRA 02 - ANALÍTICA'!J148 -> 7.807302 | H22: =G22*(1+$G$2) -> 9.4444932 | I22: =TRUNC(F22*H22,2) -> 17993.24 | J22: =I22/$H$50 -> 0.0099194949
A23: 3.1.6 | B23: 95875 | C23: SINAPI | D23: TRANSPORTE COM CAMINHÃO BASCULANTE DE 10 M³, EM VIA URBANA PAVIMENTADA, DMT ATÉ 30 KM (UNIDADE: M3XKM). AF_07/2020 - BASE | E23: M3XKM | F23: =VLOOKUP(A23,'OBRA 02 - MEMÓRIA'!$A:$O,15,0) -> 57154.706 | G23: ='OBRA 02 - ANALÍTICA'!J158 -> 2.491182 | H23: =G23*(1+$G$2) -> 3.0135829 | I23: =TRUNC(F23*H23,2) -> 172240.44 | J23: =I23/$H$50 -> 0.094954447
A24: 3.2 | D24: PAVIMENTAÇÃO | I24: =SUM(I25:I36) -> 696841.81 | J24: =SUM(J25:J36) -> 0.38416198
A25: 3.2.1 | B25: 4011486 | C25: SICRO3 | D25: RECICLAGEM COM INCORPORAÇÃO DO REVESTIMENTO ASFÁLTICO À BASE E ADIÇÃO DE 3% DE CIMENTO E DE BRITA COMERCIAL | E25: m³ | F25: =VLOOKUP(A25,'OBRA 02 - MEMÓRIA'!$A:$O,15,0) -> 1288.2011 | G25: ='OBRA 02 - ANALÍTICA'!J167 -> 116.68799 | H25: =G25*(1+$G$2) -> 141.15746 | I25: =TRUNC(F25*H25,2) -> 181839.18 | J25: =I25/$H$50 -> 0.10024614
A26: 3.2.2 | B26: 4011352 | C26: SICRO3 | D26: IMPRIMAÇÃO COM EMULSÃO ASFÁLTICA | E26: m² | F26: =VLOOKUP(A26,'OBRA 02 - MEMÓRIA'!$A:$O,15,0) -> 4127.808 | G26: ='OBRA 02 - ANALÍTICA'!J208 -> 0.39891388 | H26: =G26*(1+$G$2) -> 0.48256612 | I26: =TRUNC(F26*H26,2) -> 1991.94 | J26: =I26/$H$50 -> 0.0010981368
A27: 3.2.3 | B27: 4011353 | C27: SICRO3 | D27: PINTURA DE LIGAÇÃO | E27: m² | F27: =VLOOKUP(A27,'OBRA 02 - MEMÓRIA'!$A:$O,15,0) -> 8421.8116 | G27: ='OBRA 02 - ANALÍTICA'!J231 -> 0.2762092 | H27: =G27*(1+$G$2) -> 0.33413027 | I27: =TRUNC(F27*H27,2) -> 2813.98 | J27: =I27/$H$50 -> 0.0015513193
A28: 3.2.4 | B28: 4011463 | C28: SICRO3 | D28: CONCRETO ASFÁLTICO - FAIXA C - AREIA E BRITA COMERCIAIS | E28: t | F28: =VLOOKUP(A28,'OBRA 02 - MEMÓRIA'!$A:$O,15,0) -> 1010.6174 | G28: ='OBRA 02 - ANALÍTICA'!J254 -> 196.2298 | H28: =G28*(1+$G$2) -> 237.37919 | I28: =TRUNC(F28*H28,2) -> 239899.53 | J28: =I28/$H$50 -> 0.13225423
A29: 3.2.5 | B29: 95875 | C29: SINAPI | D29: TRANSPORTE COM CAMINHÃO BASCULANTE DE 10 M³, EM VIA URBANA PAVIMENTADA, DMT ATÉ 30 KM (UNIDADE: M3XKM). AF_07/2020 - CBUQ | E29: M3XKM | F29: =VLOOKUP(A29,'OBRA 02 - MEMÓRIA'!$A:$O,15,0) -> 12632.717 | G29: ='OBRA 02 - ANALÍTICA'!J285 -> 2.491182 | H29: =G29*(1+$G$2) -> 3.0135829 | I29: =TRUNC(F29*H29,2) -> 38069.74 | J29: =I29/$H$50 -> 0.02098747
A30: 3.2.6 | B30: 95875 | C30: SINAPI | D30: TRANSPORTE COM CAMINHÃO BASCULANTE DE 10 M³, EM VIA URBANA PAVIMENTADA, DMT ATÉ 30 KM (UNIDADE: M3XKM). AF_07/2020 - BRITA | E30: M3XKM | F30: =VLOOKUP(A30,'OBRA 02 - MEMÓRIA'!$A:$O,15,0) -> 9661.5081 | G30: ='OBRA 02 - ANALÍTICA'!J293 -> 2.491182 | H30: =G30*(1+$G$2) -> 3.0135829 | I30: =TRUNC(F30*H30,2) -> 29115.75 | J30: =I30/$H$50 -> 0.016051224
A31: 3.2.7 | B31: 102330 | C31: SINAPI | D31: TRANSPORTE COM CAMINHÃO TANQUE DE TRANSPORTE DE MATERIAL ASFÁLTICO DE 30000 L, EM VIA URBANA PAVIMENTADA, DMT ATÉ 30KM (UNIDADE: TXKM). AF_07/2020 | E31: TXKM | F31: =VLOOKUP(A31,'OBRA 02 - MEMÓRIA'!$A:$O,15,0) -> 1271.592 | G31: ='OBRA 02 - ANALÍTICA'!J301 -> 1.425548 | H31: =G31*(1+$G$2) -> 1.7244854 | I31: =TRUNC(F31*H31,2) -> 2192.84 | J31: =I31/$H$50 -> 0.001208891
A32: 3.2.8 | B32: 102331 | C32: SINAPI | D32: TRANSPORTE COM CAMINHÃO TANQUE DE TRANSPORTE DE MATERIAL ASFÁLTICO DE 30000 L, EM VIA URBANA PAVIMENTADA, ADICIONAL PARA DMT EXCEDENTE A 30 KM (UNIDADE: TXKM). AF_07/2020 | E32: TXKM | F32: =VLOOKUP(A32,'OBRA 02 - MEMÓRIA'!$A:$O,15,0) -> 19921.608 | G32: ='OBRA 02 - ANALÍTICA'!J309 -> 0.562725 | H32: =G32*(1+$G$2) -> 0.68072843 | I32: =TRUNC(F32*H32,2) -> 13561.2 | J32: =I32/$H$50 -> 0.0074761551
A33: 3.2.9 | B33: CPU 02 | C33: Próprio | D33: LIMPEZA DE SUPERFICIE (VARRIÇÃO E REMOÇÃO DE ENTULHOS) | E33: m² | F33: =VLOOKUP(A33,'OBRA 02 - MEMÓRIA'!$A:$O,15,0) -> 8421.8116 | G33: ='OBRA 02 - ANALÍTICA'!J317 -> 0.58519 | H33: =G33*(1+$G$2) -> 0.70790434 | I33: =TRUNC(F33*H33,2) -> 5961.83 | J33: =I33/$H$50 -> 0.0032866978
A34: 3.2.10 | B34: ANP | C34: ANP | D34: EMULSÕES ASFÁLTICAS RR-2C | E34: T | F34: =VLOOKUP(A34,'OBRA 02 - MEMÓRIA'!$A:$O,15,0) -> 3.7898152 | G34: ='OBRA 02 - ANALÍTICA'!J324 -> 3037.47 | H34: =G34*(1+$H$2) -> 3463.3233 | I34: =TRUNC(F34*H34,2) -> 13125.35 | J34: =I34/$H$50 -> 0.0072358753
A35: 3.2.11 | B35: ANP | C35: ANP | D35: EMULSÃO ASFÁLTICA PARA SERVIÇO DE IMPRIMAÇÃO - EAI | E35: T | F35: =VLOOKUP(A35,'OBRA 02 - MEMÓRIA'!$A:$O,15,0) -> 5.3661504 | G35: ='OBRA 02 - ANALÍTICA'!J330 -> 2554.84 | H35: =G35*(1+$H$2) -> 2913.0286 | I35: =TRUNC(F35*H35,2) -> 15631.74 | J35: =I35/$H$50 -> 0.0086176233
A36: 3.2.12 | B36: ANP | C36: ANP | D36: CIMENTO ASFÁLTICO DE PETRÓLEO - CAP 50/70 | E36: T | F36: =VLOOKUP(A36,'OBRA 02 - MEMÓRIA'!$A:$O,15,0) -> 33.230435 | G36: ='OBRA 02 - ANALÍTICA'!J336 -> 4028.54 | H36: =G36*(1+$H$2) -> 4593.3413 | I36: =TRUNC(F36*H36,2) -> 152638.73 | J36: =I36/$H$50 -> 0.084148219
A37: 4 | D37: MEIO FIO E SARJETA | I37: =SUM(I38:I39) -> 98220.55 | J37: =SUM(J38:J39) -> 0.054148016
A38: 4.1 | B38: 94273 | C38: SINAPI | D38: ASSENTAMENTO DE GUIA (MEIO-FIO) EM TRECHO RETO, CONFECCIONADA EM CONCRETO PRÉ-FABRICADO, DIMENSÕES 100X15X13X30 CM (COMPRIMENTO X BASE INFERIOR X BASE SUPERIOR X ALTURA). AF_01/2024 | E38: M | F38: =VLOOKUP(A38,'OBRA 02 - MEMÓRIA'!$A:$O,15,0) -> 885.87 | G38: ='OBRA 02 - ANALÍTICA'!J343 -> 50.003388 | H38: =G38*(1+$G$2) -> 60.489098 | I38: =TRUNC(F38*H38,2) -> 53585.47 | J38: =I38/$H$50 -> 0.029541138
A39: 4.2 | B39: 94289 | C39: SINAPI | D39: EXECUÇÃO DE SARJETA DE CONCRETO USINADO, MOLDADA IN LOCO EM TRECHO RETO, 45 CM BASE X 10 CM ALTURA. AF_01/2024 | E39: M | F39: =VLOOKUP(A39,'OBRA 02 - MEMÓRIA'!$A:$O,15,0) -> 885.87 | G39: ='OBRA 02 - ANALÍTICA'!J354 -> 41.651311 | H39: =G39*(1+$G$2) -> 50.385591 | I39: =TRUNC(F39*H39,2) -> 44635.08 | J39: =I39/$H$50 -> 0.024606877
A40: 5 | D40: PASSEIO | I40: =SUM(I41:I44) -> 109844.35 | J40: =SUM(J41:J44) -> 0.060556101
A41: 5.1 | B41: 93679 | C41: SINAPI | D41: EXECUÇÃO DE PASSEIO EM PISO INTERTRAVADO, COM BLOCO RETANGULAR COLORIDO DE 20 X 10 CM, ESPESSURA 6 CM. AF_10/2022 | E41: m² | F41: =VLOOKUP(A41,'OBRA 02 - MEMÓRIA'!$A:$O,15,0) -> 191.62 | G41: ='OBRA 02 - ANALÍTICA'!J367 -> 81.545006 | H41: =G41*(1+$G$2) -> 98.644994 | I41: =TRUNC(F41*H41,2) -> 18902.35 | J41: =I41/$H$50 -> 0.010420678
A42: 5.2 | B42: 94992 | C42: SINAPI | D42: EXECUÇÃO DE PASSEIO (CALÇADA) OU PISO DE CONCRETO COM CONCRETO MOLDADO IN LOCO, FEITO EM OBRA, ACABAMENTO CONVENCIONAL, ESPESSURA 6 CM, ARMADO. AF_08/2022 | E42: m² | F42: =VLOOKUP(A42,'OBRA 02 - MEMÓRIA'!$A:$O,15,0) -> 927.05 | G42: ='OBRA 02 - ANALÍTICA'!J382 -> 79.95677 | H42: =G42*(1+$G$2) -> 96.723705 | I42: =TRUNC(F42*H42,2) -> 89667.71 | J42: =I42/$H$50 -> 0.04943292
A43: 5.3 | B43: 100977 | C43: SINAPI | D43: CARGA, MANOBRA E DESCARGA DE SOLOS E MATERIAIS GRANULARES EM CAMINHÃO BASCULANTE 6 M³ - CARGA COM ESCAVADEIRA HIDRÁULICA (CAÇAMBA DE 1,20 M³ / 155 HP) E DESCARGA LIVRE (UNIDADE: M3). AF_07/2020 - AREIA E PÓ DE PEDRA | E43: m³ | F43: =VLOOKUP(A43,'OBRA 02 - MEMÓRIA'!$A:$O,15,0) -> 12.761892 | G43: ='OBRA 02 - ANALÍTICA'!J395 -> 7.807302 | H43: =G43*(1+$G$2) -> 9.4444932 | I43: =TRUNC(F43*H43,2) -> 120.52 | J43: =I43/$H$50 -> 6.6441481e-05
A44: 5.4 | B44: 95875 | C44: SINAPI | D44: TRANSPORTE COM CAMINHÃO BASCULANTE DE 10 M³, EM VIA URBANA PAVIMENTADA, DMT ATÉ 30 KM (UNIDADE: M3XKM). AF_07/2020 - AREIA E PÓ DE PEDRA | E44: M3XKM | F44: =VLOOKUP(A44,'OBRA 02 - MEMÓRIA'!$A:$O,15,0) -> 382.85676 | G44: ='OBRA 02 - ANALÍTICA'!J405 -> 2.491182 | H44: =G44*(1+$G$2) -> 3.0135829 | I44: =TRUNC(F44*H44,2) -> 1153.77 | J44: =I44/$H$50 -> 0.00063606196
A45: 6 | D45: SINALIZAÇÃO | I45: =I46 -> 20992.07 | J45: =J46 -> 0.01157272
A46: 6.1 | B46: 102512 | C46: SINAPI | D46: PINTURA DE EIXO VIÁRIO SOBRE ASFALTO COM TINTA RETRORREFLETIVA A BASE DE RESINA ACRÍLICA COM MICROESFERAS DE VIDRO, APLICAÇÃO MECÂNICA COM DEMARCADORA AUTOPROPELIDA. AF_05/2021 | E46: M | F46: =VLOOKUP(A46,'OBRA 02 - MEMÓRIA'!$A:$O,15,0) -> 2716.65 | G46: ='OBRA 02 - ANALÍTICA'!J414 -> 6.387693 | H46: =G46*(1+$G$2) -> 7.7271922 | I46: =TRUNC(F46*H46,2) -> 20992.07 | J46: =I46/$H$50 -> 0.01157272
A47: 7 | D47: ADMINISTRAÇÃO | I47: =I48 -> 98595.19 | J47: =J48 -> 0.054354551
A48: 7.1 | B48: CPU 03 | C48: Próprio | D48: ADMINISTRAÇÃO LOCAL | E48: MÊS | F48: ='OBRA 02 - MEMÓRIA'!O89 -> 1.6 | G48: ='OBRA 02 - ANALÍTICA'!J429 -> 50939.9 | H48: =G48*(1+$G$2) -> 61621.997 | I48: =TRUNC(F48*H48,2) -> 98595.19 | J48: =I48/$H$50 -> 0.054354551
F50: Total: | H50: =I47+I40+I37+I16+I12+I7+I45 -> 1813927
A51: LEGENDA
B53: Utilizado o BDI principal
B54: Utilizado o BDI diferenciado

Sheet OBRA 02 - MEMÓRIA
D1: MEMORIAL DE CÁLCULO PARA A OBRA 02 | G1: BDI PRINCIPAL | H1: BDI DIFERENCIADO
D2: SINAPI - 06/2024 - Pernambuco SICRO3 - 04/2024 - Pernambuco ORSE - 05/2024 - Sergipe SEINFRA - 028 - Ceará | G2: 0.2097 | H2: 0.1402
A3: LOCAL | E3: ENCARGOS SOCIAIS
A4: Av. 18 / Av. Donizete Lopes Santos | E4: Não Desonerado: embutido nos preços unitário dos insumos de mão de obra, de acordo com as bases.
A5: Memória de Cálculo
A6: Item | B6: Código | C6: Banco | D6: Descrição | E6: Und | F6: Comp. (m) | G6: Larg. (m) | H6: Esp. (m) | I6: Área (m2) | J6: Vol. (m3) | K6: Massa (t) | L6: Taxa (%) | M6: Quant. (Und) | N6: Distância (km) | O6: Total
A7: 1 | D7: SERVIÇOS PRELIMINARES
A8: 1.1 | B8: CPU 01 | C8: Próprio | D8: PLACA DE OBRA EM CHAPA DE AÇO GALVANIZADA | E8: m² | O8: =O9 -> 6
I9: 6 | O9: =I9 -> 6
A10: 1.2 | B10: 21 | C10: ORSE | D10: DEMOLIÇÃO DE MEIO-FIO GRANÍTICO OU PRÉ-MOLDADO | E10: m | O10: =SUM(O11:O13) -> 533.35
D11: FAIXA LADO ESQUERDO | F11: 447.81 | O11: =F11 -> 447.81
D12: FAIXA LADO DIREITO | F12: 0 | O12: =F12 -> 0
D13: ROTATÓRIA | F13: 85.54 | O13: =F13 -> 85.54
A14: 1.3 | B14: 100977 | C14: SINAPI | D14: CARGA, MANOBRA E DESCARGA DE SOLOS E MATERIAIS GRANULARES EM CAMINHÃO BASCULANTE 6 M³ - CARGA COM ESCAVADEIRA HIDRÁULICA (CAÇAMBA DE 1,20 M³ / 155 HP) E DESCARGA LIVRE (UNIDADE: M3). AF_07/2020 - ENTULHO | E14: m³ | O14: =SUM(O15:O15) -> 24.00075
D15: MEIO FIO | F15: =F11+F12+F13 -> 533.35 | G15: 0.15 | H15: 0.3 | O15: =F15*G15*H15 -> 24.00075
A16: 1.4 | B16: 97914 | C16: SINAPI | D16: TRANSPORTE COM CAMINHÃO BASCULANTE DE 6 M³, EM VIA URBANA PAVIMENTADA, DMT ATÉ 30 KM (UNIDADE: M3XKM). AF_07/2020 - ENTULHO | E16: M3XKM | O16: =O17 -> 720.0225
J17: =O14 -> 24.00075 | N17: 30 | O17: =J17*N17 -> 720.0225
A18: 2 | D18: TERRAPLENAGEM
A19: 2.1 | B19: 101124 | C19: SINAPI | D19: ESCAVAÇÃO HORIZONTAL, INCLUINDO CARGA E DESCARGA EM SOLO DE 1A CATEGORIA COM TRATOR DE ESTEIRAS (100HP/LÂMINA: 2,19M3). AF_07/2020 | E19: m³ | O19: =O20 -> 1524.1255
H20: 0.4 | I20: 3810.3137 | L20: 1 | O20: =H20*I20*L20 -> 1524.1255
A21: 2.2 | B21: 5502978 | C21: SICRO3 | D21: COMPACTAÇÃO DE ATERRO A 100% DO PROCTOR NORMAL | E21: m³ | O21: =O22 -> 1524.1255
H22: 0.4 | I22: 3810.3137 | O22: =H22*I22 -> 1524.1255
A23: 2.3 | B23: 97914 | C23: SINAPI | D23: TRANSPORTE COM CAMINHÃO BASCULANTE DE 6 M³, EM VIA URBANA PAVIMENTADA, DMT ATÉ 30 KM (UNIDADE: M3XKM). AF_07/2020 - SOLO | E23: M3XKM | O23: =O24 -> 57154.706
J24: =O20 -> 1524.1255 | L24: 1.25 | N24: 30 | O24: =J24*L24*N24 -> 57154.706
A25: 3 | D25: PAVIMENTO
A26: 3.1 | D26: BASE
A27: 3.1.1 | B27: 100577 | C27: SINAPI | D27: REGULARIZAÇÃO E COMPACTAÇÃO DE SUBLEITO DE SOLO PREDOMINANTEMENTE ARENOSO. AF_11/2019 | E27: m² | O27: =SUM(O28:O28) -> 3810.3137
I28: =I20 -> 3810.3137 | O28: =I28 -> 3810.3137
A29: 3.1.2 | B29: 100565 | C29: SINAPI | D29: EXECUÇÃO E COMPACTAÇÃO DE BASE E OU SUB-BASE PARA PAVIMENTAÇÃO DE SOLO (PREDOMINANTEMENTE ARENOSO) BRITA - 50/50 - EXCLUSIVE SOLO, ESCAVAÇÃO, CARGA E TRANSPORTE. AF_11/2019 | E29: m³ | O29: =SUM(O30:O30) -> 762.06274
H30: 0.2 | I30: =I28 -> 3810.3137 | O30: =I30*H30 -> 762.06274
A31: 3.1.3 | B31: 00004743 | C31: SINAPI | D31: CASCALHO DE CAVA | E31: m³ | O31: =O32 -> 476.28921
I32: =O29*0.5 -> 381.03137 | L32: 1.25 | O32: =I32*L32 -> 476.28921
